Workbook
Name CorpTax: '[1]IP1'!$F$155
Name CorpTax: '[1]IP1'!$F$155
Name CorpTax: '[2]IP1'!$F$155
Name CorpTax2: '[1]IP1'!$G$155
Name CorpTax2: '[1]IP1'!$G$155
Name CorpTax2: '[2]IP1'!$G$155
Name Mths: '[1]IP2'!$E$4:$AB$4
Name Mths: '[1]IP2'!$E$4:$AB$4
Name Mths: '[2]IP2'!$E$4:$AB$4
Name Pattern: [1]Patterns!$A$2:$N$28
Name Pattern: [1]Patterns!$A$2:$N$28
Name Pattern: [2]Patterns!$A$2:$N$28
Name Patterns: [1]Patterns!$A$2:$A$28
Name Patterns: [1]Patterns!$A$2:$A$28
Name Patterns: [2]Patterns!$A$2:$A$28
Name Sales_Vol: '[1]IP1'!#REF!
Name Sales_Vol: '[1]IP1'!#REF!
Name Sales_Vol: '[2]IP1'!#REF!
Name VAT: '[1]IP1'!$B$158:$B$163
Name VAT: '[1]IP1'!$B$158:$B$163
Name VAT: '[2]IP1'!$B$158:$B$163
Name VATrates: '[1]IP1'!$B$158:$G$163
Name VATrates: '[1]IP1'!$B$158:$G$163
Name VATrates: '[2]IP1'!$B$158:$G$163

Sheet СводныйДуб
A1: Начальное число клиентов | B1: 5 | E1: зп налоги, % | H1: 0.43 | J1: Ставка дисконтирования, % | M1: 0.2
A2: Средний чек Фонтан, мес/$ | E2: налог на прибыль, % | H2: 0.2 | J2: Темп роста через 3 года, % в год | M2: 0.1
A3: Доп.услуги, % рекламы | B3: 0.05 | E3: IT, % от выручки | H3: 0.025 | J3: DCF, $ | M3: =SUM(СводныйДуб!C54:AN54)+SUM(СводныйДуб!AC54:AN54)/(M1-M2) -> 1.041899e+08
A4: Инфляция, % год | B4: 0.1 | E4: Представительские, % от выручки | H4: 0.01 | J4: ROS | M4: =(O53+AB53+AO53)/(AO13+AB13+O13) -> 0.54479298
A5: Затраты на маркетинг, руб/$ | B5: 1500 | E5: РКО, % от выручки | H5: 0.005 | J5: NPV, $ (3 года) | M5: =SUM(СводныйДуб!C54:AN54) -> 28972296
A6: Заполняемость рекламы | B6: 0.85 | E6: Хозяйственные расходы, % от выручки | H6: 0.02 | J6: ROI, $ (3 года) | M6: =(L53+M53+N53+AB53+AO53)/-SUM(C53:K53) -> 3.7185795
A7: Агентские, % рекламы | B7: 0.2 | E7: Прочие расходы, % от выручки | H7: 0.005 | J7: PP, $/мес | M7: 13
E8: Подготовка Фонтан 1, мес | H8: 9
A10: Период | C10: 1 | D10: 2 | E10: 3 | F10: 4 | G10: 5 | H10: 6 | I10: 7 | J10: 8 | K10: 9 | L10: 10 | M10: 11 | N10: 12 | O10: - | P10: 13 | Q10: 14 | R10: 15 | S10: 16 | T10: 17 | U10: 18 | V10: 19 | W10: 20 | X10: 21 | Y10: 22 | Z10: 23 | AA10: 24 | AB10: - | AC10: =AA10+1 -> 25 | AD10: =AC10+1 -> 26 | AE10: =AD10+1 -> 27 | AF10: =AE10+1 -> 28 | AG10: =AF10+1 -> 29 | AH10: =AG10+1 -> 30 | AI10: =AH10+1 -> 31 | AJ10: =AI10+1 -> 32 | AK10: =AJ10+1 -> 33 | ... AN10: =AM10+1 -> 36 | AO10: -
A11: Клиенты на рекламу | C11: =IF(C10<$H8+1,0,IF(C10=$H8+1,$B1,20)) -> 0 | D11: =IF(D10<$H8+1,0,IF(D10=$H8+1,$B1,20)) -> 0 | E11: =IF(E10<$H8+1,0,IF(E10=$H8+1,$B1,20)) -> 0 | F11: =IF(F10<$H8+1,0,IF(F10=$H8+1,$B1,20)) -> 0 | G11: =IF(G10<$H8+1,0,IF(G10=$H8+1,$B1,20)) -> 0 | H11: =IF(H10<$H8+1,0,IF(H10=$H8+1,$B1,20)) -> 0 | I11: =IF(I10<$H8+1,0,IF(I10=$H8+1,$B1,20)) -> 0 | J11: =IF(J10<$H8+1,0,IF(J10=$H8+1,$B1,20)) -> 0 | ... N11: =IF(N10<$H8+1,0,IF(N10=$H8+1,$B1,20)) -> 20 | O11: =N11 -> 20 | P11: =IF(P10<$H8+1,0,IF(P10=$H8+1,$B1,20)) -> 20 | Q11: =IF(Q10<$H8+1,0,IF(Q10=$H8+1,$B1,20)) -> 20 | R11: =IF(R10<$H8+1,0,IF(R10=$H8+1,$B1,20)) -> 20 | S11: =IF(S10<$H8+1,0,IF(S10=$H8+1,$B1,20)) -> 20 | T11: =IF(T10<$H8+1,0,IF(T10=$H8+1,$B1,20)) -> 20 | U11: =IF(U10<$H8+1,0,IF(U10=$H8+1,$B1,20)) -> 20 | V11: =IF(V10<$H8+1,0,IF(V10=$H8+1,$B1,20)) -> 20 | W11: =IF(W10<$H8+1,0,IF(W10=$H8+1,$B1,20)) -> 20 | ... AA11: =IF(AA10<$H8+1,0,IF(AA10=$H8+1,$B1,20)) -> 20 | AB11: =AA11 -> 20 | AC11: =IF(AC10<$H8+1,0,IF(AC10=$H8+1,$B1,20)) -> 20 | AD11: =IF(AD10<$H8+1,0,IF(AD10=$H8+1,$B1,20)) -> 20 | AE11: =IF(AE10<$H8+1,0,IF(AE10=$H8+1,$B1,20)) -> 20 | AF11: =IF(AF10<$H8+1,0,IF(AF10=$H8+1,$B1,20)) -> 20 | AG11: =IF(AG10<$H8+1,0,IF(AG10=$H8+1,$B1,20)) -> 20 | AH11: =IF(AH10<$H8+1,0,IF(AH10=$H8+1,$B1,20)) -> 20 | AI11: =IF(AI10<$H8+1,0,IF(AI10=$H8+1,$B1,20)) -> 20 | AJ11: =IF(AJ10<$H8+1,0,IF(AJ10=$H8+1,$B1,20)) -> 20 | ... AN11: =IF(AN10<$H8+1,0,IF(AN10=$H8+1,$B1,20)) -> 20 | AO11: =AN11 -> 20
A12: Клиенты на франшизу | C12: 0 | D12: 0 | E12: 0 | F12: 0 | G12: 0 | H12: 0 | I12: 0 | J12: 0 | K12: 0 | L12: 0 | M12: 0 | N12: 1 | O12: =N12 -> 1 | P12: 1 | Q12: 2 | R12: 2 | S12: 2 | T12: 3 | U12: 3 | V12: 3 | W12: 3 | X12: 4 | Y12: 4 | Z12: 4 | AA12: 4 | AB12: =AA12 -> 4 | AC12: 4 | AD12: 5 | AE12: 5 | AF12: 5 | AG12: 5 | AH12: 5 | AI12: 5 | AJ12: 5 | AK12: 5 | AL12: 5 | AM12: 5 | AN12: 5 | AO12: =AN12 -> 5
A13: Выручка | C13: =SUM(C14:C17) -> 0 | D13: =SUM(D14:D17) -> 0 | E13: =SUM(E14:E17) -> 0 | F13: =SUM(F14:F17) -> 0 | G13: =SUM(G14:G17) -> 0 | H13: =SUM(H14:H17) -> 0 | I13: =SUM(I14:I17) -> 0 | J13: =SUM(J14:J17) -> 0 | ... N13: =SUM(N14:N17) -> 0 | O13: =SUM(C13:N13) -> 15000000 | P13: =SUM(P14:P17) -> 15000000 | Q13: =SUM(Q14:Q17) -> 0 | R13: =SUM(R14:R17) -> 0 | S13: =SUM(S14:S17) -> 15000000 | T13: =SUM(T14:T17) -> 0 | U13: =SUM(U14:U17) -> 0 | V13: =SUM(V14:V17) -> 0 | W13: =SUM(W14:W17) -> 15000000 | ... AA13: =SUM(AA14:AA17) -> 0 | AB13: =SUM(P13:AA13) -> 45000000 | AC13: =SUM(AC14:AC17) -> 15000000 | AD13: =SUM(AD14:AD17) -> 0 | AE13: =SUM(AE14:AE17) -> 0 | AF13: =SUM(AF14:AF17) -> 0 | AG13: =SUM(AG14:AG17) -> 0 | AH13: =SUM(AH14:AH17) -> 0 | AI13: =SUM(AI14:AI17) -> 0 | AJ13: =SUM(AJ14:AJ17) -> 0 | ... AN13: =SUM(AN14:AN17) -> 0 | AO13: =SUM(AC13:AN13) -> 15000000
A14: Фонтан 1 | C14: =IF(C51=0,C11*$B2,0)*$B6 -> 0 | D14: =IF(D51=0,D11*$B2,0)*$B6 -> 0 | E14: =IF(E51=0,E11*$B2,0)*$B6 -> 0 | F14: =IF(F51=0,F11*$B2,0)*$B6 -> 0 | G14: =IF(G51=0,G11*$B2,0)*$B6 -> 0 | H14: =IF(H51=0,H11*$B2,0)*$B6 -> 0 | I14: =IF(I51=0,I11*$B2,0)*$B6 -> 0 | J14: =IF(J51=0,J11*$B2,0)*$B6 -> 0 | ... N14: =IF(N51=0,N11*$B2,0)*$B6 -> 0 | O14: =SUM(C14:N14) -> 0 | P14: =IF(P51=0,P11*$B2*(1+$B4),0)*$B6 -> 0 | Q14: =IF(Q51=0,Q11*$B2*(1+$B4),0)*$B6 -> 0 | R14: =IF(R51=0,R11*$B2*(1+$B4),0)*$B6 -> 0 | S14: =IF(S51=0,S11*$B2*(1+$B4),0)*$B6 -> 0 | T14: =IF(T51=0,T11*$B2*(1+$B4),0)*$B6 -> 0 | U14: =IF(U51=0,U11*$B2*(1+$B4),0)*$B6 -> 0 | V14: =IF(V51=0,V11*$B2*(1+$B4),0)*$B6 -> 0 | W14: =IF(W51=0,W11*$B2*(1+$B4),0)*$B6 -> 0 | ... AA14: =IF(AA51=0,AA11*$B2*(1+$B4),0)*$B6 -> 0 | AB14: =SUM(P14:AA14) -> 0 | AC14: =IF(AC51=0,AC11*$B2*(1+$B4*2),0)*$B6 -> 0 | AD14: =IF(AD51=0,AD11*$B2*(1+$B4*2),0)*$B6 -> 0 | AE14: =IF(AE51=0,AE11*$B2*(1+$B4*2),0)*$B6 -> 0 | AF14: =IF(AF51=0,AF11*$B2*(1+$B4*2),0)*$B6 -> 0 | AG14: =IF(AG51=0,AG11*$B2*(1+$B4*2),0)*$B6 -> 0 | AH14: =IF(AH51=0,AH11*$B2*(1+$B4*2),0)*$B6 -> 0 | AI14: =IF(AI51=0,AI11*$B2*(1+$B4*2),0)*$B6 -> 0 | AJ14: =IF(AJ51=0,AJ11*$B2*(1+$B4*2),0)*$B6 -> 0 | ... AN14: =IF(AN51=0,AN11*$B2*(1+$B4*2),0)*$B6 -> 0 | AO14: =SUM(AC14:AN14) -> 0
A15: Паушальный взнос | B15: 15000000 | C15: =(D12-C12)*$B15 -> 0 | D15: =(E12-D12)*$B15 -> 0 | E15: =(F12-E12)*$B15 -> 0 | F15: =(G12-F12)*$B15 -> 0 | G15: =(H12-G12)*$B15 -> 0 | H15: =(I12-H12)*$B15 -> 0 | I15: =(J12-I12)*$B15 -> 0 | J15: =(K12-J12)*$B15 -> 0 | ... N15: =(O12-N12)*$B15 -> 0 | O15: =SUM(C15:N15) -> 15000000 | P15: =(Q12-P12)*$B15 -> 15000000 | Q15: =(R12-Q12)*$B15 -> 0 | R15: =(S12-R12)*$B15 -> 0 | S15: =(T12-S12)*$B15 -> 15000000 | T15: =(U12-T12)*$B15 -> 0 | U15: =(V12-U12)*$B15 -> 0 | V15: =(W12-V12)*$B15 -> 0 | W15: =(X12-W12)*$B15 -> 15000000 | ... AA15: =(AB12-AA12)*$B15 -> 0 | AB15: =SUM(P15:AA15) -> 45000000 | AC15: =(AD12-AC12)*$B15 -> 15000000 | AD15: =(AE12-AD12)*$B15 -> 0 | AE15: =(AF12-AE12)*$B15 -> 0 | AF15: =(AG12-AF12)*$B15 -> 0 | AG15: =(AH12-AG12)*$B15 -> 0 | AH15: =(AI12-AH12)*$B15 -> 0 | AI15: =(AJ12-AI12)*$B15 -> 0 | AJ15: =(AK12-AJ12)*$B15 -> 0 | ... AN15: =(AO12-AN12)*$B15 -> 0 | AO15: =SUM(AC15:AN15) -> 15000000
A16: Роялти | B16: 0.25 | D16: =IF(C12=0,0,D14*C12*$B16) -> 0 | E16: =IF(D12=0,0,E14*D12*$B16) -> 0 | F16: =IF(E12=0,0,F14*E12*$B16) -> 0 | G16: =IF(F12=0,0,G14*F12*$B16) -> 0 | H16: =IF(G12=0,0,H14*G12*$B16) -> 0 | I16: =IF(H12=0,0,I14*H12*$B16) -> 0 | J16: =IF(I12=0,0,J14*I12*$B16) -> 0 | K16: =IF(J12=0,0,K14*J12*$B16) -> 0 | ... N16: =IF(M12=0,0,N14*M12*$B16) -> 0 | O16: =SUM(C16:N16) -> 0 | P16: =IF(N12=0,0,P14*N12*$B16) -> 0 | Q16: =IF(P12=0,0,Q14*P12*$B16) -> 0 | R16: =IF(Q12=0,0,R14*Q12*$B16) -> 0 | S16: =IF(R12=0,0,S14*R12*$B16) -> 0 | T16: =IF(S12=0,0,T14*S12*$B16) -> 0 | U16: =IF(T12=0,0,U14*T12*$B16) -> 0 | V16: =IF(U12=0,0,V14*U12*$B16) -> 0 | W16: =IF(V12=0,0,W14*V12*$B16) -> 0 | X16: =IF(W12=0,0,X14*W12*$B16) -> 0 | ... AA16: =IF(Z12=0,0,AA14*Z12*$B16) -> 0 | AB16: =SUM(P16:AA16) -> 0 | AC16: =IF(AA12=0,0,AC14*AA12*$B16) -> 0 | AD16: =IF(AC12=0,0,AD14*AC12*$B16) -> 0 | AE16: =IF(AD12=0,0,AE14*AD12*$B16) -> 0 | AF16: =IF(AE12=0,0,AF14*AE12*$B16) -> 0 | AG16: =IF(AF12=0,0,AG14*AF12*$B16) -> 0 | AH16: =IF(AG12=0,0,AH14*AG12*$B16) -> 0 | AI16: =IF(AH12=0,0,AI14*AH12*$B16) -> 0 | AJ16: =IF(AI12=0,0,AJ14*AI12*$B16) -> 0 | AK16: =IF(AJ12=0,0,AK14*AJ12*$B16) -> 0 | ... AN16: =IF(AM12=0,0,AN14*AM12*$B16) -> 0 | AO16: =SUM(AC16:AN16) -> 0
A17: Доп.услуги | C17: =C14*$B3 -> 0 | D17: =D14*$B3 -> 0 | E17: =E14*$B3 -> 0 | F17: =F14*$B3 -> 0 | G17: =G14*$B3 -> 0 | H17: =H14*$B3 -> 0 | I17: =I14*$B3 -> 0 | J17: =J14*$B3 -> 0 | ... N17: =N14*$B3 -> 0 | O17: =SUM(C17:N17) -> 0 | P17: =P14*$B3 -> 0 | Q17: =Q14*$B3 -> 0 | R17: =R14*$B3 -> 0 | S17: =S14*$B3 -> 0 | T17: =T14*$B3 -> 0 | U17: =U14*$B3 -> 0 | V17: =V14*$B3 -> 0 | W17: =W14*$B3 -> 0 | ... AA17: =AA14*$B3 -> 0 | AB17: =SUM(P17:AA17) -> 0 | AC17: =AC14*$B3 -> 0 | AD17: =AD14*$B3 -> 0 | AE17: =AE14*$B3 -> 0 | AF17: =AF14*$B3 -> 0 | AG17: =AG14*$B3 -> 0 | AH17: =AH14*$B3 -> 0 | AI17: =AI14*$B3 -> 0 | AJ17: =AJ14*$B3 -> 0 | ... AN17: =AN14*$B3 -> 0 | AO17: =SUM(AC17:AN17) -> 0
A18: Операционные затраты | C18: =SUM(C19:C21,C32:C35,C40:C45) -> 0 | D18: =SUM(D19:D21,D32:D35,D40:D45) -> 0 | E18: =SUM(E19:E21,E32:E35,E40:E45) -> 0 | F18: =SUM(F19:F21,F32:F35,F40:F45) -> 0 | G18: =SUM(G19:G21,G32:G35,G40:G45) -> 0 | H18: =SUM(H19:H21,H32:H35,H40:H45) -> 0 | I18: =SUM(I19:I21,I32:I35,I40:I45) -> 0 | J18: =SUM(J19:J21,J32:J35,J40:J45) -> 0 | ... N18: =SUM(N19:N21,N32:N35,N40:N45) -> 19200 | O18: =SUM(C18:N18) -> 951420 | P18: =SUM(P19:P21,P32:P35,P40:P45) -> 914322 | Q18: =SUM(Q19:Q21,Q32:Q35,Q40:Q45) -> 0 | R18: =SUM(R19:R21,R32:R35,R40:R45) -> 17930 | S18: =SUM(S19:S21,S32:S35,S40:S45) -> 914322 | T18: =SUM(T19:T21,T32:T35,T40:T45) -> 0 | U18: =SUM(U19:U21,U32:U35,U40:U45) -> 0 | V18: =SUM(V19:V21,V32:V35,V40:V45) -> 17930 | W18: =SUM(W19:W21,W32:W35,W40:W45) -> 914322 | ... AA18: =SUM(AA19:AA21,AA32:AA35,AA40:AA45) -> 17930 | AB18: =SUM(P18:AA18) -> 2796756 | AC18: =SUM(AC19:AC21,AC32:AC35,AC40:AC45) -> 915624 | AD18: =SUM(AD19:AD21,AD32:AD35,AD40:AD45) -> 0 | AE18: =SUM(AE19:AE21,AE32:AE35,AE40:AE45) -> 0 | AF18: =SUM(AF19:AF21,AF32:AF35,AF40:AF45) -> 0 | AG18: =SUM(AG19:AG21,AG32:AG35,AG40:AG45) -> 0 | AH18: =SUM(AH19:AH21,AH32:AH35,AH40:AH45) -> 0 | AI18: =SUM(AI19:AI21,AI32:AI35,AI40:AI45) -> 0 | AJ18: =SUM(AJ19:AJ21,AJ32:AJ35,AJ40:AJ45) -> 0 | ... AN18: =SUM(AN19:AN21,AN32:AN35,AN40:AN45) -> 19560 | AO18: =SUM(AC18:AN18) -> 935184
A19: Маркетинг | C19: =IF(D$13=0,0,$B5) -> 0 | D19: =IF(E$13=0,0,$B5) -> 0 | E19: =IF(F$13=0,0,$B5) -> 0 | F19: =IF(G$13=0,0,$B5) -> 0 | G19: =IF(H$13=0,0,$B5) -> 0 | H19: =IF(I$13=0,0,$B5) -> 0 | I19: =IF(J$13=0,0,$B5) -> 0 | J19: =IF(K$13=0,0,$B5) -> 0 | ... N19: =IF(O$13=0,0,$B5) -> 1500 | O19: =SUM(C19:N19) -> 3000 | P19: =IF(Q$13=0,0,$B5*(1+$B$4)) -> 0 | Q19: =IF(R$13=0,0,$B5*(1+$B$4)) -> 0 | R19: =IF(S$13=0,0,$B5*(1+$B$4)) -> 1650 | S19: =IF(T$13=0,0,$B5*(1+$B$4)) -> 0 | T19: =IF(U$13=0,0,$B5*(1+$B$4)) -> 0 | U19: =IF(V$13=0,0,$B5*(1+$B$4)) -> 0 | V19: =IF(W$13=0,0,$B5*(1+$B$4)) -> 1650 | W19: =IF(X$13=0,0,$B5*(1+$B$4)) -> 0 | ... AA19: =IF(AB$13=0,0,$B5*(1+$B$4)) -> 1650 | AB19: =SUM(P19:AA19) -> 4950 | AC19: =IF(AD$13=0,0,$B5*(1+$B$4*2)) -> 0 | AD19: =IF(AE$13=0,0,$B5*(1+$B$4*2)) -> 0 | AE19: =IF(AF$13=0,0,$B5*(1+$B$4*2)) -> 0 | AF19: =IF(AG$13=0,0,$B5*(1+$B$4*2)) -> 0 | AG19: =IF(AH$13=0,0,$B5*(1+$B$4*2)) -> 0 | AH19: =IF(AI$13=0,0,$B5*(1+$B$4*2)) -> 0 | AI19: =IF(AJ$13=0,0,$B5*(1+$B$4*2)) -> 0 | AJ19: =IF(AK$13=0,0,$B5*(1+$B$4*2)) -> 0 | ... AN19: =IF(AO$13=0,0,$B5*(1+$B$4*2)) -> 1800 | AO19: =SUM(AC19:AN19) -> 1800
A20: Агентсткие | C20: =SUM(C14:C14)*$B7 -> 0 | D20: =SUM(D14:D14)*$B7 -> 0 | E20: =SUM(E14:E14)*$B7 -> 0 | F20: =SUM(F14:F14)*$B7 -> 0 | G20: =SUM(G14:G14)*$B7 -> 0 | H20: =SUM(H14:H14)*$B7 -> 0 | I20: =SUM(I14:I14)*$B7 -> 0 | J20: =SUM(J14:J14)*$B7 -> 0 | ... N20: =SUM(N14:N14)*$B7 -> 0 | O20: =SUM(C20:N20) -> 0 | P20: =SUM(P14:P14)*$B7 -> 0 | Q20: =SUM(Q14:Q14)*$B7 -> 0 | R20: =SUM(R14:R14)*$B7 -> 0 | S20: =SUM(S14:S14)*$B7 -> 0 | T20: =SUM(T14:T14)*$B7 -> 0 | U20: =SUM(U14:U14)*$B7 -> 0 | V20: =SUM(V14:V14)*$B7 -> 0 | W20: =SUM(W14:W14)*$B7 -> 0 | ... AA20: =SUM(AA14:AA14)*$B7 -> 0 | AB20: =SUM(P20:AA20) -> 0 | AC20: =SUM(AC14:AC14)*$B7 -> 0 | AD20: =SUM(AD14:AD14)*$B7 -> 0 | AE20: =SUM(AE14:AE14)*$B7 -> 0 | AF20: =SUM(AF14:AF14)*$B7 -> 0 | AG20: =SUM(AG14:AG14)*$B7 -> 0 | AH20: =SUM(AH14:AH14)*$B7 -> 0 | AI20: =SUM(AI14:AI14)*$B7 -> 0 | AJ20: =SUM(AJ14:AJ14)*$B7 -> 0 | ... AN20: =SUM(AN14:AN14)*$B7 -> 0 | AO20: =SUM(AC20:AN20) -> 0
A21: ФОТ | C21: =SUM(C22:C31) -> 0 | D21: =SUM(D22:D31) -> 0 | E21: =SUM(E22:E31) -> 0 | F21: =SUM(F22:F31) -> 0 | G21: =SUM(G22:G31) -> 0 | H21: =SUM(H22:H31) -> 0 | I21: =SUM(I22:I31) -> 0 | J21: =SUM(J22:J31) -> 0 | ... N21: =SUM(N22:N31) -> 11900 | O21: =SUM(C21:N21) -> 28300 | P21: =SUM(P22:P31) -> 4950 | Q21: =SUM(Q22:Q31) -> 0 | R21: =SUM(R22:R31) -> 13090 | S21: =SUM(S22:S31) -> 4950 | T21: =SUM(T22:T31) -> 0 | U21: =SUM(U22:U31) -> 0 | V21: =SUM(V22:V31) -> 13090 | W21: =SUM(W22:W31) -> 4950 | ... AA21: =SUM(AA22:AA31) -> 13090 | AB21: =SUM(P21:AA21) -> 54120 | AC21: =SUM(AC22:AC31) -> 5400 | AD21: =SUM(AD22:AD31) -> 0 | AE21: =SUM(AE22:AE31) -> 0 | AF21: =SUM(AF22:AF31) -> 0 | AG21: =SUM(AG22:AG31) -> 0 | AH21: =SUM(AH22:AH31) -> 0 | AI21: =SUM(AI22:AI31) -> 0 | AJ21: =SUM(AJ22:AJ31) -> 0 | ... AN21: =SUM(AN22:AN31) -> 14280 | AO21: =SUM(AC21:AN21) -> 19680
A22: директор | B22: 2200 | C22: =IF(D$13=0,0,$B22) -> 0 | D22: =IF(E$13=0,0,$B22) -> 0 | E22: =IF(F$13=0,0,$B22) -> 0 | F22: =IF(G$13=0,0,$B22) -> 0 | G22: =IF(H$13=0,0,$B22) -> 0 | H22: =IF(I$13=0,0,$B22) -> 0 | I22: =IF(J$13=0,0,$B22) -> 0 | J22: =IF(K$13=0,0,$B22) -> 0 | ... N22: =IF(O$13=0,0,$B22) -> 2200 | O22: =SUM(C22:N22) -> 4400 | P22: =IF(Q$13=0,0,$B22*(1+$B$4)) -> 0 | Q22: =IF(R$13=0,0,$B22*(1+$B$4)) -> 0 | R22: =IF(S$13=0,0,$B22*(1+$B$4)) -> 2420 | S22: =IF(T$13=0,0,$B22*(1+$B$4)) -> 0 | T22: =IF(U$13=0,0,$B22*(1+$B$4)) -> 0 | U22: =IF(V$13=0,0,$B22*(1+$B$4)) -> 0 | V22: =IF(W$13=0,0,$B22*(1+$B$4)) -> 2420 | W22: =IF(X$13=0,0,$B22*(1+$B$4)) -> 0 | ... AA22: =IF(AB$13=0,0,$B22*(1+$B$4)) -> 2420 | AB22: =SUM(P22:AA22) -> 7260 | AC22: =IF(AD$13=0,0,$B22*(1+$B$4*2)) -> 0 | AD22: =IF(AE$13=0,0,$B22*(1+$B$4*2)) -> 0 | AE22: =IF(AF$13=0,0,$B22*(1+$B$4*2)) -> 0 | AF22: =IF(AG$13=0,0,$B22*(1+$B$4*2)) -> 0 | AG22: =IF(AH$13=0,0,$B22*(1+$B$4*2)) -> 0 | AH22: =IF(AI$13=0,0,$B22*(1+$B$4*2)) -> 0 | AI22: =IF(AJ$13=0,0,$B22*(1+$B$4*2)) -> 0 | AJ22: =IF(AK$13=0,0,$B22*(1+$B$4*2)) -> 0 | ... AN22: =IF(AO$13=0,0,$B22*(1+$B$4*2)) -> 2640 | AO22: =SUM(AC22:AN22) -> 2640
A23: советник | B23: 1500 | C23: =IF(D$13=0,0,$B23) -> 0 | D23: =IF(E$13=0,0,$B23) -> 0 | E23: =IF(F$13=0,0,$B23) -> 0 | F23: =IF(G$13=0,0,$B23) -> 0 | G23: =IF(H$13=0,0,$B23) -> 0 | H23: =IF(I$13=0,0,$B23) -> 0 | I23: =IF(J$13=0,0,$B23) -> 0 | J23: =IF(K$13=0,0,$B23) -> 0 | ... N23: =IF(O$13=0,0,$B23) -> 1500 | O23: =SUM(C23:N23) -> 3000 | P23: =IF(Q$13=0,0,$B23*(1+$B$4)) -> 0 | Q23: =IF(R$13=0,0,$B23*(1+$B$4)) -> 0 | R23: =IF(S$13=0,0,$B23*(1+$B$4)) -> 1650 | S23: =IF(T$13=0,0,$B23*(1+$B$4)) -> 0 | T23: =IF(U$13=0,0,$B23*(1+$B$4)) -> 0 | U23: =IF(V$13=0,0,$B23*(1+$B$4)) -> 0 | V23: =IF(W$13=0,0,$B23*(1+$B$4)) -> 1650 | W23: =IF(X$13=0,0,$B23*(1+$B$4)) -> 0 | ... AA23: =IF(AB$13=0,0,$B23*(1+$B$4)) -> 1650 | AB23: =SUM(P23:AA23) -> 4950 | AC23: =IF(AD$13=0,0,$B23*(1+$B$4*2)) -> 0 | AD23: =IF(AE$13=0,0,$B23*(1+$B$4*2)) -> 0 | AE23: =IF(AF$13=0,0,$B23*(1+$B$4*2)) -> 0 | AF23: =IF(AG$13=0,0,$B23*(1+$B$4*2)) -> 0 | AG23: =IF(AH$13=0,0,$B23*(1+$B$4*2)) -> 0 | AH23: =IF(AI$13=0,0,$B23*(1+$B$4*2)) -> 0 | AI23: =IF(AJ$13=0,0,$B23*(1+$B$4*2)) -> 0 | AJ23: =IF(AK$13=0,0,$B23*(1+$B$4*2)) -> 0 | ... AN23: =IF(AO$13=0,0,$B23*(1+$B$4*2)) -> 1800 | AO23: =SUM(AC23:AN23) -> 1800
A24: зам.по флоту | B24: 1400 | C24: =IF(D$13=0,0,$B24) -> 0 | D24: =IF(E$13=0,0,$B24) -> 0 | E24: =IF(F$13=0,0,$B24) -> 0 | F24: =IF(G$13=0,0,$B24) -> 0 | G24: =IF(H$13=0,0,$B24) -> 0 | H24: =IF(I$13=0,0,$B24) -> 0 | I24: =IF(J$13=0,0,$B24) -> 0 | J24: =IF(K$13=0,0,$B24) -> 0 | ... N24: =IF(O$13=0,0,$B24) -> 1400 | O24: =SUM(C24:N24) -> 2800 | P24: =IF(Q$13=0,0,$B24*(1+$B$4)) -> 0 | Q24: =IF(R$13=0,0,$B24*(1+$B$4)) -> 0 | R24: =IF(S$13=0,0,$B24*(1+$B$4)) -> 1540 | S24: =IF(T$13=0,0,$B24*(1+$B$4)) -> 0 | T24: =IF(U$13=0,0,$B24*(1+$B$4)) -> 0 | U24: =IF(V$13=0,0,$B24*(1+$B$4)) -> 0 | V24: =IF(W$13=0,0,$B24*(1+$B$4)) -> 1540 | W24: =IF(X$13=0,0,$B24*(1+$B$4)) -> 0 | ... AA24: =IF(AB$13=0,0,$B24*(1+$B$4)) -> 1540 | AB24: =SUM(P24:AA24) -> 4620 | AC24: =IF(AD$13=0,0,$B24*(1+$B$4*2)) -> 0 | AD24: =IF(AE$13=0,0,$B24*(1+$B$4*2)) -> 0 | AE24: =IF(AF$13=0,0,$B24*(1+$B$4*2)) -> 0 | AF24: =IF(AG$13=0,0,$B24*(1+$B$4*2)) -> 0 | AG24: =IF(AH$13=0,0,$B24*(1+$B$4*2)) -> 0 | AH24: =IF(AI$13=0,0,$B24*(1+$B$4*2)) -> 0 | AI24: =IF(AJ$13=0,0,$B24*(1+$B$4*2)) -> 0 | AJ24: =IF(AK$13=0,0,$B24*(1+$B$4*2)) -> 0 | ... AN24: =IF(AO$13=0,0,$B24*(1+$B$4*2)) -> 1680 | AO24: =SUM(AC24:AN24) -> 1680
A25: коммерческий | B25: 2000 | C25: =IF(D$13=0,0,$B25) -> 0 | D25: =IF(E$13=0,0,$B25) -> 0 | E25: =IF(F$13=0,0,$B25) -> 0 | F25: =IF(G$13=0,0,$B25) -> 0 | G25: =IF(H$13=0,0,$B25) -> 0 | H25: =IF(I$13=0,0,$B25) -> 0 | I25: =IF(J$13=0,0,$B25) -> 0 | J25: =IF(K$13=0,0,$B25) -> 0 | ... N25: =IF(O$13=0,0,$B25) -> 2000 | O25: =SUM(C25:N25) -> 4000 | P25: =IF(Q$13=0,0,$B25*(1+$B$4)) -> 0 | Q25: =IF(R$13=0,0,$B25*(1+$B$4)) -> 0 | R25: =IF(S$13=0,0,$B25*(1+$B$4)) -> 2200 | S25: =IF(T$13=0,0,$B25*(1+$B$4)) -> 0 | T25: =IF(U$13=0,0,$B25*(1+$B$4)) -> 0 | U25: =IF(V$13=0,0,$B25*(1+$B$4)) -> 0 | V25: =IF(W$13=0,0,$B25*(1+$B$4)) -> 2200 | W25: =IF(X$13=0,0,$B25*(1+$B$4)) -> 0 | ... AA25: =IF(AB$13=0,0,$B25*(1+$B$4)) -> 2200 | AB25: =SUM(P25:AA25) -> 6600 | AC25: =IF(AD$13=0,0,$B25*(1+$B$4*2)) -> 0 | AD25: =IF(AE$13=0,0,$B25*(1+$B$4*2)) -> 0 | AE25: =IF(AF$13=0,0,$B25*(1+$B$4*2)) -> 0 | AF25: =IF(AG$13=0,0,$B25*(1+$B$4*2)) -> 0 | AG25: =IF(AH$13=0,0,$B25*(1+$B$4*2)) -> 0 | AH25: =IF(AI$13=0,0,$B25*(1+$B$4*2)) -> 0 | AI25: =IF(AJ$13=0,0,$B25*(1+$B$4*2)) -> 0 | AJ25: =IF(AK$13=0,0,$B25*(1+$B$4*2)) -> 0 | ... AN25: =IF(AO$13=0,0,$B25*(1+$B$4*2)) -> 2400 | AO25: =SUM(AC25:AN25) -> 2400
A26: менеджер | B26: 1000 | C26: =IF(D$13=0,0,$B26) -> 0 | D26: =IF(E$13=0,0,$B26) -> 0 | E26: =IF(F$13=0,0,$B26) -> 0 | F26: =IF(G$13=0,0,$B26) -> 0 | G26: =IF(H$13=0,0,$B26) -> 0 | H26: =IF(I$13=0,0,$B26) -> 0 | I26: =IF(J$13=0,0,$B26) -> 0 | J26: =IF(K$13=0,0,$B26) -> 0 | ... N26: =IF(O$13=0,0,$B26) -> 1000 | O26: =SUM(C26:N26) -> 2000 | P26: =IF(Q$13=0,0,$B26*(1+$B$4)) -> 0 | Q26: =IF(R$13=0,0,$B26*(1+$B$4)) -> 0 | R26: =IF(S$13=0,0,$B26*(1+$B$4)) -> 1100 | S26: =IF(T$13=0,0,$B26*(1+$B$4)) -> 0 | T26: =IF(U$13=0,0,$B26*(1+$B$4)) -> 0 | U26: =IF(V$13=0,0,$B26*(1+$B$4)) -> 0 | V26: =IF(W$13=0,0,$B26*(1+$B$4)) -> 1100 | W26: =IF(X$13=0,0,$B26*(1+$B$4)) -> 0 | ... AA26: =IF(AB$13=0,0,$B26*(1+$B$4)) -> 1100 | AB26: =SUM(P26:AA26) -> 3300 | AC26: =IF(AD$13=0,0,$B26*(1+$B$4*2)) -> 0 | AD26: =IF(AE$13=0,0,$B26*(1+$B$4*2)) -> 0 | AE26: =IF(AF$13=0,0,$B26*(1+$B$4*2)) -> 0 | AF26: =IF(AG$13=0,0,$B26*(1+$B$4*2)) -> 0 | AG26: =IF(AH$13=0,0,$B26*(1+$B$4*2)) -> 0 | AH26: =IF(AI$13=0,0,$B26*(1+$B$4*2)) -> 0 | AI26: =IF(AJ$13=0,0,$B26*(1+$B$4*2)) -> 0 | AJ26: =IF(AK$13=0,0,$B26*(1+$B$4*2)) -> 0 | ... AN26: =IF(AO$13=0,0,$B26*(1+$B$4*2)) -> 1200 | AO26: =SUM(AC26:AN26) -> 1200
A27: бухгалтер | B27: 1700 | C27: =IF(D$13=0,0,$B27) -> 0 | D27: =IF(E$13=0,0,$B27) -> 0 | E27: =IF(F$13=0,0,$B27) -> 0 | F27: =IF(G$13=0,0,$B27) -> 0 | G27: =IF(H$13=0,0,$B27) -> 0 | H27: =IF(I$13=0,0,$B27) -> 0 | I27: =IF(J$13=0,0,$B27) -> 0 | J27: =IF(K$13=0,0,$B27) -> 0 | ... N27: =IF(O$13=0,0,$B27) -> 1700 | O27: =SUM(C27:N27) -> 3400 | P27: =IF(Q$13=0,0,$B27*(1+$B$4)) -> 0 | Q27: =IF(R$13=0,0,$B27*(1+$B$4)) -> 0 | R27: =IF(S$13=0,0,$B27*(1+$B$4)) -> 1870 | S27: =IF(T$13=0,0,$B27*(1+$B$4)) -> 0 | T27: =IF(U$13=0,0,$B27*(1+$B$4)) -> 0 | U27: =IF(V$13=0,0,$B27*(1+$B$4)) -> 0 | V27: =IF(W$13=0,0,$B27*(1+$B$4)) -> 1870 | W27: =IF(X$13=0,0,$B27*(1+$B$4)) -> 0 | ... AA27: =IF(AB$13=0,0,$B27*(1+$B$4)) -> 1870 | AB27: =SUM(P27:AA27) -> 5610 | AC27: =IF(AD$13=0,0,$B27*(1+$B$4*2)) -> 0 | AD27: =IF(AE$13=0,0,$B27*(1+$B$4*2)) -> 0 | AE27: =IF(AF$13=0,0,$B27*(1+$B$4*2)) -> 0 | AF27: =IF(AG$13=0,0,$B27*(1+$B$4*2)) -> 0 | AG27: =IF(AH$13=0,0,$B27*(1+$B$4*2)) -> 0 | AH27: =IF(AI$13=0,0,$B27*(1+$B$4*2)) -> 0 | AI27: =IF(AJ$13=0,0,$B27*(1+$B$4*2)) -> 0 | AJ27: =IF(AK$13=0,0,$B27*(1+$B$4*2)) -> 0 | ... AN27: =IF(AO$13=0,0,$B27*(1+$B$4*2)) -> 2040 | AO27: =SUM(AC27:AN27) -> 2040
A28: юрист | B28: 1400 | C28: =IF(D$13=0,0,$B28) -> 0 | D28: =IF(E$13=0,0,$B28) -> 0 | E28: =IF(F$13=0,0,$B28) -> 0 | F28: =IF(G$13=0,0,$B28) -> 0 | G28: =IF(H$13=0,0,$B28) -> 0 | H28: =IF(I$13=0,0,$B28) -> 0 | I28: =IF(J$13=0,0,$B28) -> 0 | J28: =IF(K$13=0,0,$B28) -> 0 | ... N28: =IF(O$13=0,0,$B28) -> 1400 | O28: =SUM(C28:N28) -> 2800 | P28: =IF(Q$13=0,0,$B28*(1+$B$4)) -> 0 | Q28: =IF(R$13=0,0,$B28*(1+$B$4)) -> 0 | R28: =IF(S$13=0,0,$B28*(1+$B$4)) -> 1540 | S28: =IF(T$13=0,0,$B28*(1+$B$4)) -> 0 | T28: =IF(U$13=0,0,$B28*(1+$B$4)) -> 0 | U28: =IF(V$13=0,0,$B28*(1+$B$4)) -> 0 | V28: =IF(W$13=0,0,$B28*(1+$B$4)) -> 1540 | W28: =IF(X$13=0,0,$B28*(1+$B$4)) -> 0 | ... AA28: =IF(AB$13=0,0,$B28*(1+$B$4)) -> 1540 | AB28: =SUM(P28:AA28) -> 4620 | AC28: =IF(AD$13=0,0,$B28*(1+$B$4*2)) -> 0 | AD28: =IF(AE$13=0,0,$B28*(1+$B$4*2)) -> 0 | AE28: =IF(AF$13=0,0,$B28*(1+$B$4*2)) -> 0 | AF28: =IF(AG$13=0,0,$B28*(1+$B$4*2)) -> 0 | AG28: =IF(AH$13=0,0,$B28*(1+$B$4*2)) -> 0 | AH28: =IF(AI$13=0,0,$B28*(1+$B$4*2)) -> 0 | AI28: =IF(AJ$13=0,0,$B28*(1+$B$4*2)) -> 0 | AJ28: =IF(AK$13=0,0,$B28*(1+$B$4*2)) -> 0 | ... AN28: =IF(AO$13=0,0,$B28*(1+$B$4*2)) -> 1680 | AO28: =SUM(AC28:AN28) -> 1680
A29: секретарь | B29: 700 | C29: =IF(D$13=0,0,$B29) -> 0 | D29: =IF(E$13=0,0,$B29) -> 0 | E29: =IF(F$13=0,0,$B29) -> 0 | F29: =IF(G$13=0,0,$B29) -> 0 | G29: =IF(H$13=0,0,$B29) -> 0 | H29: =IF(I$13=0,0,$B29) -> 0 | I29: =IF(J$13=0,0,$B29) -> 0 | J29: =IF(K$13=0,0,$B29) -> 0 | ... N29: =IF(O$13=0,0,$B29) -> 700 | O29: =SUM(C29:N29) -> 1400 | P29: =IF(Q$13=0,0,$B29*(1+$B$4)) -> 0 | Q29: =IF(R$13=0,0,$B29*(1+$B$4)) -> 0 | R29: =IF(S$13=0,0,$B29*(1+$B$4)) -> 770 | S29: =IF(T$13=0,0,$B29*(1+$B$4)) -> 0 | T29: =IF(U$13=0,0,$B29*(1+$B$4)) -> 0 | U29: =IF(V$13=0,0,$B29*(1+$B$4)) -> 0 | V29: =IF(W$13=0,0,$B29*(1+$B$4)) -> 770 | W29: =IF(X$13=0,0,$B29*(1+$B$4)) -> 0 | ... AA29: =IF(AB$13=0,0,$B29*(1+$B$4)) -> 770 | AB29: =SUM(P29:AA29) -> 2310 | AC29: =IF(AD$13=0,0,$B29*(1+$B$4*2)) -> 0 | AD29: =IF(AE$13=0,0,$B29*(1+$B$4*2)) -> 0 | AE29: =IF(AF$13=0,0,$B29*(1+$B$4*2)) -> 0 | AF29: =IF(AG$13=0,0,$B29*(1+$B$4*2)) -> 0 | AG29: =IF(AH$13=0,0,$B29*(1+$B$4*2)) -> 0 | AH29: =IF(AI$13=0,0,$B29*(1+$B$4*2)) -> 0 | AI29: =IF(AJ$13=0,0,$B29*(1+$B$4*2)) -> 0 | AJ29: =IF(AK$13=0,0,$B29*(1+$B$4*2)) -> 0 | ... AN29: =IF(AO$13=0,0,$B29*(1+$B$4*2)) -> 840 | AO29: =SUM(AC29:AN29) -> 840
A30: капитаны | B30: 1400 | C30: =IF(C$13=0,0,$B30*2) -> 0 | D30: =IF(D$13=0,0,$B30*2) -> 0 | E30: =IF(E$13=0,0,$B30*2) -> 0 | F30: =IF(F$13=0,0,$B30*2) -> 0 | G30: =IF(G$13=0,0,$B30*2) -> 0 | H30: =IF(H$13=0,0,$B30*2) -> 0 | I30: =IF(I$13=0,0,$B30*2) -> 0 | J30: =IF(J$13=0,0,$B30*2) -> 0 | ... N30: =IF(N$13=0,0,$B30*2) -> 0 | O30: =SUM(C30:N30) -> 2800 | P30: =IF(P$13=0,0,$B30*2*(1+$B$4)) -> 3080 | Q30: =IF(Q$13=0,0,$B30*2*(1+$B$4)) -> 0 | R30: =IF(R$13=0,0,$B30*2*(1+$B$4)) -> 0 | S30: =IF(S$13=0,0,$B30*2*(1+$B$4)) -> 3080 | T30: =IF(T$13=0,0,$B30*2*(1+$B$4)) -> 0 | U30: =IF(U$13=0,0,$B30*2*(1+$B$4)) -> 0 | V30: =IF(V$13=0,0,$B30*2*(1+$B$4)) -> 0 | W30: =IF(W$13=0,0,$B30*2*(1+$B$4)) -> 3080 | ... AA30: =IF(AA$13=0,0,$B30*2*(1+$B$4)) -> 0 | AB30: =SUM(P30:AA30) -> 9240 | AC30: =IF(AC$13=0,0,$B30*2*(1+$B$4*2)) -> 3360 | AD30: =IF(AD$13=0,0,$B30*2*(1+$B$4*2)) -> 0 | AE30: =IF(AE$13=0,0,$B30*2*(1+$B$4*2)) -> 0 | AF30: =IF(AF$13=0,0,$B30*2*(1+$B$4*2)) -> 0 | AG30: =IF(AG$13=0,0,$B30*2*(1+$B$4*2)) -> 0 | AH30: =IF(AH$13=0,0,$B30*2*(1+$B$4*2)) -> 0 | AI30: =IF(AI$13=0,0,$B30*2*(1+$B$4*2)) -> 0 | AJ30: =IF(AJ$13=0,0,$B30*2*(1+$B$4*2)) -> 0 | ... AN30: =IF(AN$13=0,0,$B30*2*(1+$B$4*2)) -> 0 | AO30: =SUM(AC30:AN30) -> 3360
A31: мотористы | B31: 850 | C31: =IF(C$13=0,0,$B31*2) -> 0 | D31: =IF(D$13=0,0,$B31*2) -> 0 | E31: =IF(E$13=0,0,$B31*2) -> 0 | F31: =IF(F$13=0,0,$B31*2) -> 0 | G31: =IF(G$13=0,0,$B31*2) -> 0 | H31: =IF(H$13=0,0,$B31*2) -> 0 | I31: =IF(I$13=0,0,$B31*2) -> 0 | J31: =IF(J$13=0,0,$B31*2) -> 0 | ... N31: =IF(N$13=0,0,$B31*2) -> 0 | O31: =SUM(C31:N31) -> 1700 | P31: =IF(P$13=0,0,$B31*2*(1+$B$4)) -> 1870 | Q31: =IF(Q$13=0,0,$B31*2*(1+$B$4)) -> 0 | R31: =IF(R$13=0,0,$B31*2*(1+$B$4)) -> 0 | S31: =IF(S$13=0,0,$B31*2*(1+$B$4)) -> 1870 | T31: =IF(T$13=0,0,$B31*2*(1+$B$4)) -> 0 | U31: =IF(U$13=0,0,$B31*2*(1+$B$4)) -> 0 | V31: =IF(V$13=0,0,$B31*2*(1+$B$4)) -> 0 | W31: =IF(W$13=0,0,$B31*2*(1+$B$4)) -> 1870 | ... AA31: =IF(AA$13=0,0,$B31*2*(1+$B$4)) -> 0 | AB31: =SUM(P31:AA31) -> 5610 | AC31: =IF(AC$13=0,0,$B31*2*(1+$B$4*2)) -> 2040 | AD31: =IF(AD$13=0,0,$B31*2*(1+$B$4*2)) -> 0 | AE31: =IF(AE$13=0,0,$B31*2*(1+$B$4*2)) -> 0 | AF31: =IF(AF$13=0,0,$B31*2*(1+$B$4*2)) -> 0 | AG31: =IF(AG$13=0,0,$B31*2*(1+$B$4*2)) -> 0 | AH31: =IF(AH$13=0,0,$B31*2*(1+$B$4*2)) -> 0 | AI31: =IF(AI$13=0,0,$B31*2*(1+$B$4*2)) -> 0 | AJ31: =IF(AJ$13=0,0,$B31*2*(1+$B$4*2)) -> 0 | ... AN31: =IF(AN$13=0,0,$B31*2*(1+$B$4*2)) -> 0 | AO31: =SUM(AC31:AN31) -> 2040
A32: Топливо, масло | B32: 4500 | C32: =IF(C$13=0,0,$B32) -> 0 | D32: =IF(D$13=0,0,$B32) -> 0 | E32: =IF(E$13=0,0,$B32) -> 0 | F32: =IF(F$13=0,0,$B32) -> 0 | G32: =IF(G$13=0,0,$B32) -> 0 | H32: =IF(H$13=0,0,$B32) -> 0 | I32: =IF(I$13=0,0,$B32) -> 0 | J32: =IF(J$13=0,0,$B32) -> 0 | ... N32: =IF(N$13=0,0,$B32) -> 0 | O32: =SUM(C32:N32) -> 4500 | P32: =IF(P$13=0,0,$B32*(1+$B$4)) -> 4950 | Q32: =IF(Q$13=0,0,$B32*(1+$B$4)) -> 0 | R32: =IF(R$13=0,0,$B32*(1+$B$4)) -> 0 | S32: =IF(S$13=0,0,$B32*(1+$B$4)) -> 4950 | T32: =IF(T$13=0,0,$B32*(1+$B$4)) -> 0 | U32: =IF(U$13=0,0,$B32*(1+$B$4)) -> 0 | V32: =IF(V$13=0,0,$B32*(1+$B$4)) -> 0 | W32: =IF(W$13=0,0,$B32*(1+$B$4)) -> 4950 | ... AA32: =IF(AA$13=0,0,$B32*(1+$B$4)) -> 0 | AB32: =SUM(P32:AA32) -> 14850 | AC32: =IF(AC$13=0,0,$B32*(1+$B$4*2)) -> 5400 | AD32: =IF(AD$13=0,0,$B32*(1+$B$4*2)) -> 0 | AE32: =IF(AE$13=0,0,$B32*(1+$B$4*2)) -> 0 | AF32: =IF(AF$13=0,0,$B32*(1+$B$4*2)) -> 0 | AG32: =IF(AG$13=0,0,$B32*(1+$B$4*2)) -> 0 | AH32: =IF(AH$13=0,0,$B32*(1+$B$4*2)) -> 0 | AI32: =IF(AI$13=0,0,$B32*(1+$B$4*2)) -> 0 | AJ32: =IF(AJ$13=0,0,$B32*(1+$B$4*2)) -> 0 | ... AN32: =IF(AN$13=0,0,$B32*(1+$B$4*2)) -> 0 | AO32: =SUM(AC32:AN32) -> 5400
A33: Текущий ремонт | B33: 1500 | C33: =IF(C$13=0,0,$B33) -> 0 | D33: =IF(D$13=0,0,$B33) -> 0 | E33: =IF(E$13=0,0,$B33) -> 0 | F33: =IF(F$13=0,0,$B33) -> 0 | G33: =IF(G$13=0,0,$B33) -> 0 | H33: =IF(H$13=0,0,$B33) -> 0 | I33: =IF(I$13=0,0,$B33) -> 0 | J33: =IF(J$13=0,0,$B33) -> 0 | ... N33: =IF(N$13=0,0,$B33) -> 0 | O33: =SUM(C33:N33) -> 1500 | P33: =IF(P$13=0,0,$B33*(1+$B$4)) -> 1650 | Q33: =IF(Q$13=0,0,$B33*(1+$B$4)) -> 0 | R33: =IF(R$13=0,0,$B33*(1+$B$4)) -> 0 | S33: =IF(S$13=0,0,$B33*(1+$B$4)) -> 1650 | T33: =IF(T$13=0,0,$B33*(1+$B$4)) -> 0 | U33: =IF(U$13=0,0,$B33*(1+$B$4)) -> 0 | V33: =IF(V$13=0,0,$B33*(1+$B$4)) -> 0 | W33: =IF(W$13=0,0,$B33*(1+$B$4)) -> 1650 | ... AA33: =IF(AA$13=0,0,$B33*(1+$B$4)) -> 0 | AB33: =SUM(P33:AA33) -> 4950 | AC33: =IF(AC$13=0,0,$B33*(1+$B$4*2)) -> 1800 | AD33: =IF(AD$13=0,0,$B33*(1+$B$4*2)) -> 0 | AE33: =IF(AE$13=0,0,$B33*(1+$B$4*2)) -> 0 | AF33: =IF(AF$13=0,0,$B33*(1+$B$4*2)) -> 0 | AG33: =IF(AG$13=0,0,$B33*(1+$B$4*2)) -> 0 | AH33: =IF(AH$13=0,0,$B33*(1+$B$4*2)) -> 0 | AI33: =IF(AI$13=0,0,$B33*(1+$B$4*2)) -> 0 | AJ33: =IF(AJ$13=0,0,$B33*(1+$B$4*2)) -> 0 | ... AN33: =IF(AN$13=0,0,$B33*(1+$B$4*2)) -> 0 | AO33: =SUM(AC33:AN33) -> 1800
A34: Обслуживание экранов | B34: 720 | C34: =IF(C$13=0,0,$B34) -> 0 | D34: =IF(D$13=0,0,$B34) -> 0 | E34: =IF(E$13=0,0,$B34) -> 0 | F34: =IF(F$13=0,0,$B34) -> 0 | G34: =IF(G$13=0,0,$B34) -> 0 | H34: =IF(H$13=0,0,$B34) -> 0 | I34: =IF(I$13=0,0,$B34) -> 0 | J34: =IF(J$13=0,0,$B34) -> 0 | ... N34: =IF(N$13=0,0,$B34) -> 0 | O34: =SUM(C34:N34) -> 720 | P34: =IF(P$13=0,0,$B34*(1+$B$4)) -> 792 | Q34: =IF(Q$13=0,0,$B34*(1+$B$4)) -> 0 | R34: =IF(R$13=0,0,$B34*(1+$B$4)) -> 0 | S34: =IF(S$13=0,0,$B34*(1+$B$4)) -> 792 | T34: =IF(T$13=0,0,$B34*(1+$B$4)) -> 0 | U34: =IF(U$13=0,0,$B34*(1+$B$4)) -> 0 | V34: =IF(V$13=0,0,$B34*(1+$B$4)) -> 0 | W34: =IF(W$13=0,0,$B34*(1+$B$4)) -> 792 | ... AA34: =IF(AA$13=0,0,$B34*(1+$B$4)) -> 0 | AB34: =SUM(P34:AA34) -> 2376 | AC34: =IF(AC$13=0,0,$B34*(1+$B$4*2)) -> 864 | AD34: =IF(AD$13=0,0,$B34*(1+$B$4*2)) -> 0 | AE34: =IF(AE$13=0,0,$B34*(1+$B$4*2)) -> 0 | AF34: =IF(AF$13=0,0,$B34*(1+$B$4*2)) -> 0 | AG34: =IF(AG$13=0,0,$B34*(1+$B$4*2)) -> 0 | AH34: =IF(AH$13=0,0,$B34*(1+$B$4*2)) -> 0 | AI34: =IF(AI$13=0,0,$B34*(1+$B$4*2)) -> 0 | AJ34: =IF(AJ$13=0,0,$B34*(1+$B$4*2)) -> 0 | ... AN34: =IF(AN$13=0,0,$B34*(1+$B$4*2)) -> 0 | AO34: =SUM(AC34:AN34) -> 864
A35: Береговое обеспечение | C35: =SUM(C36:C39) -> 0 | D35: =SUM(D36:D39) -> 0 | E35: =SUM(E36:E39) -> 0 | F35: =SUM(F36:F39) -> 0 | G35: =SUM(G36:G39) -> 0 | H35: =SUM(H36:H39) -> 0 | I35: =SUM(I36:I39) -> 0 | J35: =SUM(J36:J39) -> 0 | ... N35: =SUM(N36:N39) -> 0 | O35: =SUM(C35:N35) -> 1800 | P35: =SUM(P36:P39) -> 1980 | Q35: =SUM(Q36:Q39) -> 0 | R35: =SUM(R36:R39) -> 0 | S35: =SUM(S36:S39) -> 1980 | T35: =SUM(T36:T39) -> 0 | U35: =SUM(U36:U39) -> 0 | V35: =SUM(V36:V39) -> 0 | W35: =SUM(W36:W39) -> 1980 | ... AA35: =SUM(AA36:AA39) -> 0 | AB35: =SUM(P35:AA35) -> 5940 | AC35: =SUM(AC36:AC39) -> 2160 | AD35: =SUM(AD36:AD39) -> 0 | AE35: =SUM(AE36:AE39) -> 0 | AF35: =SUM(AF36:AF39) -> 0 | AG35: =SUM(AG36:AG39) -> 0 | AH35: =SUM(AH36:AH39) -> 0 | AI35: =SUM(AI36:AI39) -> 0 | AJ35: =SUM(AJ36:AJ39) -> 0 | ... AN35: =SUM(AN36:AN39) -> 0 | AO35: =SUM(AC35:AN35) -> 2160
A36: электричество | B36: 570 | C36: =IF(C$13=0,0,$B36) -> 0 | D36: =IF(D$13=0,0,$B36) -> 0 | E36: =IF(E$13=0,0,$B36) -> 0 | F36: =IF(F$13=0,0,$B36) -> 0 | G36: =IF(G$13=0,0,$B36) -> 0 | H36: =IF(H$13=0,0,$B36) -> 0 | I36: =IF(I$13=0,0,$B36) -> 0 | J36: =IF(J$13=0,0,$B36) -> 0 | ... N36: =IF(N$13=0,0,$B36) -> 0 | O36: =SUM(C36:N36) -> 570 | P36: =IF(P$13=0,0,$B36*(1+$B$4)) -> 627 | Q36: =IF(Q$13=0,0,$B36*(1+$B$4)) -> 0 | R36: =IF(R$13=0,0,$B36*(1+$B$4)) -> 0 | S36: =IF(S$13=0,0,$B36*(1+$B$4)) -> 627 | T36: =IF(T$13=0,0,$B36*(1+$B$4)) -> 0 | U36: =IF(U$13=0,0,$B36*(1+$B$4)) -> 0 | V36: =IF(V$13=0,0,$B36*(1+$B$4)) -> 0 | W36: =IF(W$13=0,0,$B36*(1+$B$4)) -> 627 | ... AA36: =IF(AA$13=0,0,$B36*(1+$B$4)) -> 0 | AB36: =SUM(P36:AA36) -> 1881 | AC36: =IF(AC$13=0,0,$B36*(1+$B$4*2)) -> 684 | AD36: =IF(AD$13=0,0,$B36*(1+$B$4*2)) -> 0 | AE36: =IF(AE$13=0,0,$B36*(1+$B$4*2)) -> 0 | AF36: =IF(AF$13=0,0,$B36*(1+$B$4*2)) -> 0 | AG36: =IF(AG$13=0,0,$B36*(1+$B$4*2)) -> 0 | AH36: =IF(AH$13=0,0,$B36*(1+$B$4*2)) -> 0 | AI36: =IF(AI$13=0,0,$B36*(1+$B$4*2)) -> 0 | AJ36: =IF(AJ$13=0,0,$B36*(1+$B$4*2)) -> 0 | ... AN36: =IF(AN$13=0,0,$B36*(1+$B$4*2)) -> 0 | AO36: =SUM(AC36:AN36) -> 684
A37: причаливание | B37: 360 | C37: =IF(C$13=0,0,$B37) -> 0 | D37: =IF(D$13=0,0,$B37) -> 0 | E37: =IF(E$13=0,0,$B37) -> 0 | F37: =IF(F$13=0,0,$B37) -> 0 | G37: =IF(G$13=0,0,$B37) -> 0 | H37: =IF(H$13=0,0,$B37) -> 0 | I37: =IF(I$13=0,0,$B37) -> 0 | J37: =IF(J$13=0,0,$B37) -> 0 | ... N37: =IF(N$13=0,0,$B37) -> 0 | O37: =SUM(C37:N37) -> 360 | P37: =IF(P$13=0,0,$B37*(1+$B$4)) -> 396 | Q37: =IF(Q$13=0,0,$B37*(1+$B$4)) -> 0 | R37: =IF(R$13=0,0,$B37*(1+$B$4)) -> 0 | S37: =IF(S$13=0,0,$B37*(1+$B$4)) -> 396 | T37: =IF(T$13=0,0,$B37*(1+$B$4)) -> 0 | U37: =IF(U$13=0,0,$B37*(1+$B$4)) -> 0 | V37: =IF(V$13=0,0,$B37*(1+$B$4)) -> 0 | W37: =IF(W$13=0,0,$B37*(1+$B$4)) -> 396 | ... AA37: =IF(AA$13=0,0,$B37*(1+$B$4)) -> 0 | AB37: =SUM(P37:AA37) -> 1188 | AC37: =IF(AC$13=0,0,$B37*(1+$B$4*2)) -> 432 | AD37: =IF(AD$13=0,0,$B37*(1+$B$4*2)) -> 0 | AE37: =IF(AE$13=0,0,$B37*(1+$B$4*2)) -> 0 | AF37: =IF(AF$13=0,0,$B37*(1+$B$4*2)) -> 0 | AG37: =IF(AG$13=0,0,$B37*(1+$B$4*2)) -> 0 | AH37: =IF(AH$13=0,0,$B37*(1+$B$4*2)) -> 0 | AI37: =IF(AI$13=0,0,$B37*(1+$B$4*2)) -> 0 | AJ37: =IF(AJ$13=0,0,$B37*(1+$B$4*2)) -> 0 | ... AN37: =IF(AN$13=0,0,$B37*(1+$B$4*2)) -> 0 | AO37: =SUM(AC37:AN37) -> 432
A38: отстой | B38: 720 | C38: =IF(C$13=0,0,$B38) -> 0 | D38: =IF(D$13=0,0,$B38) -> 0 | E38: =IF(E$13=0,0,$B38) -> 0 | F38: =IF(F$13=0,0,$B38) -> 0 | G38: =IF(G$13=0,0,$B38) -> 0 | H38: =IF(H$13=0,0,$B38) -> 0 | I38: =IF(I$13=0,0,$B38) -> 0 | J38: =IF(J$13=0,0,$B38) -> 0 | ... N38: =IF(N$13=0,0,$B38) -> 0 | O38: =SUM(C38:N38) -> 720 | P38: =IF(P$13=0,0,$B38*(1+$B$4)) -> 792 | Q38: =IF(Q$13=0,0,$B38*(1+$B$4)) -> 0 | R38: =IF(R$13=0,0,$B38*(1+$B$4)) -> 0 | S38: =IF(S$13=0,0,$B38*(1+$B$4)) -> 792 | T38: =IF(T$13=0,0,$B38*(1+$B$4)) -> 0 | U38: =IF(U$13=0,0,$B38*(1+$B$4)) -> 0 | V38: =IF(V$13=0,0,$B38*(1+$B$4)) -> 0 | W38: =IF(W$13=0,0,$B38*(1+$B$4)) -> 792 | ... AA38: =IF(AA$13=0,0,$B38*(1+$B$4)) -> 0 | AB38: =SUM(P38:AA38) -> 2376 | AC38: =IF(AC$13=0,0,$B38*(1+$B$4*2)) -> 864 | AD38: =IF(AD$13=0,0,$B38*(1+$B$4*2)) -> 0 | AE38: =IF(AE$13=0,0,$B38*(1+$B$4*2)) -> 0 | AF38: =IF(AF$13=0,0,$B38*(1+$B$4*2)) -> 0 | AG38: =IF(AG$13=0,0,$B38*(1+$B$4*2)) -> 0 | AH38: =IF(AH$13=0,0,$B38*(1+$B$4*2)) -> 0 | AI38: =IF(AI$13=0,0,$B38*(1+$B$4*2)) -> 0 | AJ38: =IF(AJ$13=0,0,$B38*(1+$B$4*2)) -> 0 | ... AN38: =IF(AN$13=0,0,$B38*(1+$B$4*2)) -> 0 | AO38: =SUM(AC38:AN38) -> 864
A39: прочее | B39: 150 | C39: =IF(C$13=0,0,$B39) -> 0 | D39: =IF(D$13=0,0,$B39) -> 0 | E39: =IF(E$13=0,0,$B39) -> 0 | F39: =IF(F$13=0,0,$B39) -> 0 | G39: =IF(G$13=0,0,$B39) -> 0 | H39: =IF(H$13=0,0,$B39) -> 0 | I39: =IF(I$13=0,0,$B39) -> 0 | J39: =IF(J$13=0,0,$B39) -> 0 | ... N39: =IF(N$13=0,0,$B39) -> 0 | O39: =SUM(C39:N39) -> 150 | P39: =IF(P$13=0,0,$B39*(1+$B$4)) -> 165 | Q39: =IF(Q$13=0,0,$B39*(1+$B$4)) -> 0 | R39: =IF(R$13=0,0,$B39*(1+$B$4)) -> 0 | S39: =IF(S$13=0,0,$B39*(1+$B$4)) -> 165 | T39: =IF(T$13=0,0,$B39*(1+$B$4)) -> 0 | U39: =IF(U$13=0,0,$B39*(1+$B$4)) -> 0 | V39: =IF(V$13=0,0,$B39*(1+$B$4)) -> 0 | W39: =IF(W$13=0,0,$B39*(1+$B$4)) -> 165 | ... AA39: =IF(AA$13=0,0,$B39*(1+$B$4)) -> 0 | AB39: =SUM(P39:AA39) -> 495 | AC39: =IF(AC$13=0,0,$B39*(1+$B$4*2)) -> 180 | AD39: =IF(AD$13=0,0,$B39*(1+$B$4*2)) -> 0 | AE39: =IF(AE$13=0,0,$B39*(1+$B$4*2)) -> 0 | AF39: =IF(AF$13=0,0,$B39*(1+$B$4*2)) -> 0 | AG39: =IF(AG$13=0,0,$B39*(1+$B$4*2)) -> 0 | AH39: =IF(AH$13=0,0,$B39*(1+$B$4*2)) -> 0 | AI39: =IF(AI$13=0,0,$B39*(1+$B$4*2)) -> 0 | AJ39: =IF(AJ$13=0,0,$B39*(1+$B$4*2)) -> 0 | ... AN39: =IF(AN$13=0,0,$B39*(1+$B$4*2)) -> 0 | AO39: =SUM(AC39:AN39) -> 180
A40: IT | C40: =C13*$H3 -> 0 | D40: =D13*$H3 -> 0 | E40: =E13*$H3 -> 0 | F40: =F13*$H3 -> 0 | G40: =G13*$H3 -> 0 | H40: =H13*$H3 -> 0 | I40: =I13*$H3 -> 0 | J40: =J13*$H3 -> 0 | ... N40: =N13*$H3 -> 0 | O40: =SUM(C40:N40) -> 375000 | P40: =P13*$H3 -> 375000 | Q40: =Q13*$H3 -> 0 | R40: =R13*$H3 -> 0 | S40: =S13*$H3 -> 375000 | T40: =T13*$H3 -> 0 | U40: =U13*$H3 -> 0 | V40: =V13*$H3 -> 0 | W40: =W13*$H3 -> 375000 | ... AA40: =AA13*$H3 -> 0 | AB40: =SUM(P40:AA40) -> 1125000 | AC40: =AC13*$H3 -> 375000 | AD40: =AD13*$H3 -> 0 | AE40: =AE13*$H3 -> 0 | AF40: =AF13*$H3 -> 0 | AG40: =AG13*$H3 -> 0 | AH40: =AH13*$H3 -> 0 | AI40: =AI13*$H3 -> 0 | AJ40: =AJ13*$H3 -> 0 | ... AN40: =AN13*$H3 -> 0 | AO40: =SUM(AC40:AN40) -> 375000
A41: представительские | C41: =C13*$H4 -> 0 | D41: =D13*$H4 -> 0 | E41: =E13*$H4 -> 0 | F41: =F13*$H4 -> 0 | G41: =G13*$H4 -> 0 | H41: =H13*$H4 -> 0 | I41: =I13*$H4 -> 0 | J41: =J13*$H4 -> 0 | ... N41: =N13*$H4 -> 0 | O41: =SUM(C41:N41) -> 150000 | P41: =P13*$H4 -> 150000 | Q41: =Q13*$H4 -> 0 | R41: =R13*$H4 -> 0 | S41: =S13*$H4 -> 150000 | T41: =T13*$H4 -> 0 | U41: =U13*$H4 -> 0 | V41: =V13*$H4 -> 0 | W41: =W13*$H4 -> 150000 | ... AA41: =AA13*$H4 -> 0 | AB41: =SUM(P41:AA41) -> 450000 | AC41: =AC13*$H4 -> 150000 | AD41: =AD13*$H4 -> 0 | AE41: =AE13*$H4 -> 0 | AF41: =AF13*$H4 -> 0 | AG41: =AG13*$H4 -> 0 | AH41: =AH13*$H4 -> 0 | AI41: =AI13*$H4 -> 0 | AJ41: =AJ13*$H4 -> 0 | ... AN41: =AN13*$H4 -> 0 | AO41: =SUM(AC41:AN41) -> 150000
A42: Офис | B42: 2900 | C42: =IF(D13=0,0,$B$42) -> 0 | D42: =IF(E13=0,0,$B$42) -> 0 | E42: =IF(F13=0,0,$B$42) -> 0 | F42: =IF(G13=0,0,$B$42) -> 0 | G42: =IF(H13=0,0,$B$42) -> 0 | H42: =IF(I13=0,0,$B$42) -> 0 | I42: =IF(J13=0,0,$B$42) -> 0 | J42: =IF(K13=0,0,$B$42) -> 0 | ... N42: =IF(O13=0,0,$B$42) -> 2900 | O42: =SUM(C42:N42) -> 5800 | P42: =IF(Q13=0,0,$B$42*(1+$B$4)) -> 0 | Q42: =IF(R13=0,0,$B$42*(1+$B$4)) -> 0 | R42: =IF(S13=0,0,$B$42*(1+$B$4)) -> 3190 | S42: =IF(T13=0,0,$B$42*(1+$B$4)) -> 0 | T42: =IF(U13=0,0,$B$42*(1+$B$4)) -> 0 | U42: =IF(V13=0,0,$B$42*(1+$B$4)) -> 0 | V42: =IF(W13=0,0,$B$42*(1+$B$4)) -> 3190 | W42: =IF(X13=0,0,$B$42*(1+$B$4)) -> 0 | ... AA42: =IF(AB13=0,0,$B$42*(1+$B$4)) -> 3190 | AB42: =SUM(P42:AA42) -> 9570 | AC42: =IF(AD13=0,0,$B$42*(1+$B$4*2)) -> 0 | AD42: =IF(AE13=0,0,$B$42*(1+$B$4*2)) -> 0 | AE42: =IF(AF13=0,0,$B$42*(1+$B$4*2)) -> 0 | AF42: =IF(AG13=0,0,$B$42*(1+$B$4*2)) -> 0 | AG42: =IF(AH13=0,0,$B$42*(1+$B$4*2)) -> 0 | AH42: =IF(AI13=0,0,$B$42*(1+$B$4*2)) -> 0 | AI42: =IF(AJ13=0,0,$B$42*(1+$B$4*2)) -> 0 | AJ42: =IF(AK13=0,0,$B$42*(1+$B$4*2)) -> 0 | ... AN42: =IF(AO13=0,0,$B$42*(1+$B$4*2)) -> 3480 | AO42: =SUM(AC42:AN42) -> 3480
A43: Коллцентр | B43: 360 | C43: =IF(D13=0,0,$B$42) -> 0 | D43: =IF(E13=0,0,$B$42) -> 0 | E43: =IF(F13=0,0,$B$42) -> 0 | F43: =IF(G13=0,0,$B$42) -> 0 | G43: =IF(H13=0,0,$B$42) -> 0 | H43: =IF(I13=0,0,$B$42) -> 0 | I43: =IF(J13=0,0,$B$42) -> 0 | J43: =IF(K13=0,0,$B$42) -> 0 | ... N43: =IF(O13=0,0,$B$42) -> 2900 | O43: =SUM(C43:N43) -> 5800 | P43: =IF(Q14=0,0,$B$42*(1+$B$4)) -> 0 | Q43: =IF(R14=0,0,$B$42*(1+$B$4)) -> 0 | R43: =IF(S14=0,0,$B$42*(1+$B$4)) -> 0 | S43: =IF(T14=0,0,$B$42*(1+$B$4)) -> 0 | T43: =IF(U14=0,0,$B$42*(1+$B$4)) -> 0 | U43: =IF(V14=0,0,$B$42*(1+$B$4)) -> 0 | V43: =IF(W14=0,0,$B$42*(1+$B$4)) -> 0 | W43: =IF(X14=0,0,$B$42*(1+$B$4)) -> 0 | ... AA43: =IF(AB14=0,0,$B$42*(1+$B$4)) -> 0 | AB43: =SUM(P43:AA43) -> 0 | AC43: =IF(AD14=0,0,$B$42*(1+$B$4*2)) -> 0 | AD43: =IF(AE14=0,0,$B$42*(1+$B$4*2)) -> 0 | AE43: =IF(AF14=0,0,$B$42*(1+$B$4*2)) -> 0 | AF43: =IF(AG14=0,0,$B$42*(1+$B$4*2)) -> 0 | AG43: =IF(AH14=0,0,$B$42*(1+$B$4*2)) -> 0 | AH43: =IF(AI14=0,0,$B$42*(1+$B$4*2)) -> 0 | AI43: =IF(AJ14=0,0,$B$42*(1+$B$4*2)) -> 0 | AJ43: =IF(AK14=0,0,$B$42*(1+$B$4*2)) -> 0 | ... AN43: =IF(AO14=0,0,$B$42*(1+$B$4*2)) -> 0 | AO43: =SUM(AC43:AN43) -> 0
A44: хозяйственные | C44: =C13*$H6 -> 0 | D44: =D13*$H6 -> 0 | E44: =E13*$H6 -> 0 | F44: =F13*$H6 -> 0 | G44: =G13*$H6 -> 0 | H44: =H13*$H6 -> 0 | I44: =I13*$H6 -> 0 | J44: =J13*$H6 -> 0 | ... N44: =N13*$H6 -> 0 | O44: =SUM(C44:N44) -> 300000 | P44: =P13*$H6 -> 300000 | Q44: =Q13*$H6 -> 0 | R44: =R13*$H6 -> 0 | S44: =S13*$H6 -> 300000 | T44: =T13*$H6 -> 0 | U44: =U13*$H6 -> 0 | V44: =V13*$H6 -> 0 | W44: =W13*$H6 -> 300000 | ... AA44: =AA13*$H6 -> 0 | AB44: =SUM(P44:AA44) -> 900000 | AC44: =AC13*$H6 -> 300000 | AD44: =AD13*$H6 -> 0 | AE44: =AE13*$H6 -> 0 | AF44: =AF13*$H6 -> 0 | AG44: =AG13*$H6 -> 0 | AH44: =AH13*$H6 -> 0 | AI44: =AI13*$H6 -> 0 | AJ44: =AJ13*$H6 -> 0 | ... AN44: =AN13*$H6 -> 0 | AO44: =SUM(AC44:AN44) -> 300000
A45: прочие | C45: =C13*$H7 -> 0 | D45: =D13*$H7 -> 0 | E45: =E13*$H7 -> 0 | F45: =F13*$H7 -> 0 | G45: =G13*$H7 -> 0 | H45: =H13*$H7 -> 0 | I45: =I13*$H7 -> 0 | J45: =J13*$H7 -> 0 | ... N45: =N13*$H7 -> 0 | O45: =SUM(C45:N45) -> 75000 | P45: =P13*$H7 -> 75000 | Q45: =Q13*$H7 -> 0 | R45: =R13*$H7 -> 0 | S45: =S13*$H7 -> 75000 | T45: =T13*$H7 -> 0 | U45: =U13*$H7 -> 0 | V45: =V13*$H7 -> 0 | W45: =W13*$H7 -> 75000 | ... AA45: =AA13*$H7 -> 0 | AB45: =SUM(P45:AA45) -> 225000 | AC45: =AC13*$H7 -> 75000 | AD45: =AD13*$H7 -> 0 | AE45: =AE13*$H7 -> 0 | AF45: =AF13*$H7 -> 0 | AG45: =AG13*$H7 -> 0 | AH45: =AH13*$H7 -> 0 | AI45: =AI13*$H7 -> 0 | AJ45: =AJ13*$H7 -> 0 | ... AN45: =AN13*$H7 -> 0 | AO45: =SUM(AC45:AN45) -> 75000
A46: Финансовые расходы | C46: =SUM(C47:C49) -> 0 | D46: =SUM(D47:D49) -> 0 | E46: =SUM(E47:E49) -> 0 | F46: =SUM(F47:F49) -> 0 | G46: =SUM(G47:G49) -> 0 | H46: =SUM(H47:H49) -> 0 | I46: =SUM(I47:I49) -> 0 | J46: =SUM(J47:J49) -> 0 | ... N46: =SUM(N47:N49) -> 5117 | O46: =SUM(C46:N46) -> 2889178 | P46: =SUM(P47:P49) -> 2878838.4 | Q46: =SUM(Q47:Q49) -> 0 | R46: =SUM(R47:R49) -> 5628.7 | S46: =SUM(S47:S49) -> 2878838.4 | T46: =SUM(T47:T49) -> 0 | U46: =SUM(U47:U49) -> 0 | V46: =SUM(V47:V49) -> 5628.7 | W46: =SUM(W47:W49) -> 2878838.4 | ... AA46: =SUM(AA47:AA49) -> 5628.7 | AB46: =SUM(P46:AA46) -> 8653401.3 | AC46: =SUM(AC47:AC49) -> 2878732.8 | AD46: =SUM(AD47:AD49) -> 0 | AE46: =SUM(AE47:AE49) -> 0 | AF46: =SUM(AF47:AF49) -> 0 | AG46: =SUM(AG47:AG49) -> 0 | AH46: =SUM(AH47:AH49) -> 0 | AI46: =SUM(AI47:AI49) -> 0 | AJ46: =SUM(AJ47:AJ49) -> 0 | ... AN46: =SUM(AN47:AN49) -> 6140.4 | AO46: =SUM(AC46:AN46) -> 2884873.2
A47: РКО | C47: =C13*$H5 -> 0 | D47: =D13*$H5 -> 0 | E47: =E13*$H5 -> 0 | F47: =F13*$H5 -> 0 | G47: =G13*$H5 -> 0 | H47: =H13*$H5 -> 0 | I47: =I13*$H5 -> 0 | J47: =J13*$H5 -> 0 | ... N47: =N13*$H5 -> 0 | O47: =SUM(C47:N47) -> 75000 | P47: =P13*$H5 -> 75000 | Q47: =Q13*$H5 -> 0 | R47: =R13*$H5 -> 0 | S47: =S13*$H5 -> 75000 | T47: =T13*$H5 -> 0 | U47: =U13*$H5 -> 0 | V47: =V13*$H5 -> 0 | W47: =W13*$H5 -> 75000 | ... AA47: =AA13*$H5 -> 0 | AB47: =SUM(P47:AA47) -> 225000 | AC47: =AC13*$H5 -> 75000 | AD47: =AD13*$H5 -> 0 | AE47: =AE13*$H5 -> 0 | AF47: =AF13*$H5 -> 0 | AG47: =AG13*$H5 -> 0 | AH47: =AH13*$H5 -> 0 | AI47: =AI13*$H5 -> 0 | AJ47: =AJ13*$H5 -> 0 | ... AN47: =AN13*$H5 -> 0 | AO47: =SUM(AC47:AN47) -> 75000
A48: зарплатные налоги | C48: =C21*$H1 -> 0 | D48: =D21*$H1 -> 0 | E48: =E21*$H1 -> 0 | F48: =F21*$H1 -> 0 | G48: =G21*$H1 -> 0 | H48: =H21*$H1 -> 0 | I48: =I21*$H1 -> 0 | J48: =J21*$H1 -> 0 | ... N48: =N21*$H1 -> 5117 | O48: =SUM(C48:N48) -> 12169 | P48: =P21*$H1 -> 2128.5 | Q48: =Q21*$H1 -> 0 | R48: =R21*$H1 -> 5628.7 | S48: =S21*$H1 -> 2128.5 | T48: =T21*$H1 -> 0 | U48: =U21*$H1 -> 0 | V48: =V21*$H1 -> 5628.7 | W48: =W21*$H1 -> 2128.5 | ... AA48: =AA21*$H1 -> 5628.7 | AB48: =SUM(P48:AA48) -> 23271.6 | AC48: =AC21*$H1 -> 2322 | AD48: =AD21*$H1 -> 0 | AE48: =AE21*$H1 -> 0 | AF48: =AF21*$H1 -> 0 | AG48: =AG21*$H1 -> 0 | AH48: =AH21*$H1 -> 0 | AI48: =AI21*$H1 -> 0 | AJ48: =AJ21*$H1 -> 0 | ... AN48: =AN21*$H1 -> 6140.4 | AO48: =SUM(AC48:AN48) -> 8462.4
A49: налог на прибыль | C49: =IF((C13-C18-C47-C48)>0,(C13-C18-C47-C48)*$H2,0) -> 0 | D49: =IF((D13-D18-D47-D48)>0,(D13-D18-D47-D48)*$H2,0) -> 0 | E49: =IF((E13-E18-E47-E48)>0,(E13-E18-E47-E48)*$H2,0) -> 0 | F49: =IF((F13-F18-F47-F48)>0,(F13-F18-F47-F48)*$H2,0) -> 0 | G49: =IF((G13-G18-G47-G48)>0,(G13-G18-G47-G48)*$H2,0) -> 0 | H49: =IF((H13-H18-H47-H48)>0,(H13-H18-H47-H48)*$H2,0) -> 0 | I49: =IF((I13-I18-I47-I48)>0,(I13-I18-I47-I48)*$H2,0) -> 0 | J49: =IF((J13-J18-J47-J48)>0,(J13-J18-J47-J48)*$H2,0) -> 0 | ... N49: =IF((N13-N18-N47-N48)>0,(N13-N18-N47-N48)*$H2,0) -> 0 | O49: =SUM(C49:N49) -> 2802009 | P49: =IF((P13-P18-P47-P48)>0,(P13-P18-P47-P48)*$H2,0) -> 2801709.9 | Q49: =IF((Q13-Q18-Q47-Q48)>0,(Q13-Q18-Q47-Q48)*$H2,0) -> 0 | R49: =IF((R13-R18-R47-R48)>0,(R13-R18-R47-R48)*$H2,0) -> 0 | S49: =IF((S13-S18-S47-S48)>0,(S13-S18-S47-S48)*$H2,0) -> 2801709.9 | T49: =IF((T13-T18-T47-T48)>0,(T13-T18-T47-T48)*$H2,0) -> 0 | U49: =IF((U13-U18-U47-U48)>0,(U13-U18-U47-U48)*$H2,0) -> 0 | V49: =IF((V13-V18-V47-V48)>0,(V13-V18-V47-V48)*$H2,0) -> 0 | W49: =IF((W13-W18-W47-W48)>0,(W13-W18-W47-W48)*$H2,0) -> 2801709.9 | ... AA49: =IF((AA13-AA18-AA47-AA48)>0,(AA13-AA18-AA47-AA48)*$H2,0) -> 0 | AB49: =SUM(P49:AA49) -> 8405129.7 | AC49: =IF((AC13-AC18-AC47-AC48)>0,(AC13-AC18-AC47-AC48)*$H2,0) -> 2801410.8 | AD49: =IF((AD13-AD18-AD47-AD48)>0,(AD13-AD18-AD47-AD48)*$H2,0) -> 0 | AE49: =IF((AE13-AE18-AE47-AE48)>0,(AE13-AE18-AE47-AE48)*$H2,0) -> 0 | AF49: =IF((AF13-AF18-AF47-AF48)>0,(AF13-AF18-AF47-AF48)*$H2,0) -> 0 | AG49: =IF((AG13-AG18-AG47-AG48)>0,(AG13-AG18-AG47-AG48)*$H2,0) -> 0 | AH49: =IF((AH13-AH18-AH47-AH48)>0,(AH13-AH18-AH47-AH48)*$H2,0) -> 0 | AI49: =IF((AI13-AI18-AI47-AI48)>0,(AI13-AI18-AI47-AI48)*$H2,0) -> 0 | AJ49: =IF((AJ13-AJ18-AJ47-AJ48)>0,(AJ13-AJ18-AJ47-AJ48)*$H2,0) -> 0 | ... AN49: =IF((AN13-AN18-AN47-AN48)>0,(AN13-AN18-AN47-AN48)*$H2,0) -> 0 | AO49: =SUM(AC49:AN49) -> 2801410.8
A50: Инвестиции | C50: =SUM(C51:C52) -> 1666666.7 | D50: =SUM(D51:D52) -> 1666666.7 | E50: =SUM(E51:E52) -> 1666666.7 | F50: =SUM(F51:F52) -> 1666666.7 | G50: =SUM(G51:G52) -> 1666666.7 | H50: =SUM(H51:H52) -> 1666666.7 | I50: =SUM(I51:I52) -> 1666666.7 | J50: =SUM(J51:J52) -> 1666666.7 | ... N50: =SUM(N51:N52) -> 0 | O50: =SUM(C50:N50) -> 15029714 | P50: =SUM(P51:P52) -> 0 | Q50: =SUM(Q51:Q52) -> 0 | R50: =SUM(R51:R52) -> 0 | S50: =SUM(S51:S52) -> 0 | T50: =SUM(T51:T52) -> 0 | U50: =SUM(U51:U52) -> 0 | V50: =SUM(V51:V52) -> 0 | W50: =SUM(W51:W52) -> 0 | ... AA50: =SUM(AA51:AA52) -> 0 | AB50: =SUM(P50:AA50) -> 0 | AC50: =SUM(AC51:AC52) -> 0 | AD50: =SUM(AD51:AD52) -> 0 | AE50: =SUM(AE51:AE52) -> 0 | AF50: =SUM(AF51:AF52) -> 0 | AG50: =SUM(AG51:AG52) -> 0 | AH50: =SUM(AH51:AH52) -> 0 | AI50: =SUM(AI51:AI52) -> 0 | AJ50: =SUM(AJ51:AJ52) -> 0 | ... AN50: =SUM(AN51:AN52) -> 0 | AO50: =SUM(AC50:AN50) -> 0
A51: Фонтант 1 | B51: 15000000 | C51: =IF(C10<=$H8,$B51/$H8,0) -> 1666666.7 | D51: =IF(D10<=$H8,$B51/$H8,0) -> 1666666.7 | E51: =IF(E10<=$H8,$B51/$H8,0) -> 1666666.7 | F51: =IF(F10<=$H8,$B51/$H8,0) -> 1666666.7 | G51: =IF(G10<=$H8,$B51/$H8,0) -> 1666666.7 | H51: =IF(H10<=$H8,$B51/$H8,0) -> 1666666.7 | I51: =IF(I10<=$H8,$B51/$H8,0) -> 1666666.7 | J51: =IF(J10<=$H8,$B51/$H8,0) -> 1666666.7 | ... N51: =IF(N10<=$H8,$B51/$H8,0) -> 0 | O51: =SUM(C51:N51) -> 15000000 | P51: =IF(P10<=$H8,$B51/$H8,0) -> 0 | Q51: =IF(Q10<=$H8,$B51/$H8,0) -> 0 | R51: =IF(R10<=$H8,$B51/$H8,0) -> 0 | S51: =IF(S10<=$H8,$B51/$H8,0) -> 0 | T51: =IF(T10<=$H8,$B51/$H8,0) -> 0 | U51: =IF(U10<=$H8,$B51/$H8,0) -> 0 | V51: =IF(V10<=$H8,$B51/$H8,0) -> 0 | W51: =IF(W10<=$H8,$B51/$H8,0) -> 0 | ... AA51: =IF(AA10<=$H8,$B51/$H8,0) -> 0 | AB51: =SUM(P51:AA51) -> 0 | AC51: =IF(AC10<=$H8,$B51/$H8,0) -> 0 | AD51: =IF(AD10<=$H8,$B51/$H8,0) -> 0 | AE51: =IF(AE10<=$H8,$B51/$H8,0) -> 0 | AF51: =IF(AF10<=$H8,$B51/$H8,0) -> 0 | AG51: =IF(AG10<=$H8,$B51/$H8,0) -> 0 | AH51: =IF(AH10<=$H8,$B51/$H8,0) -> 0 | AI51: =IF(AI10<=$H8,$B51/$H8,0) -> 0 | AJ51: =IF(AJ10<=$H8,$B51/$H8,0) -> 0 | ... AN51: =IF(AN10<=$H8,$B51/$H8,0) -> 0 | AO51: =SUM(AC51:AN51) -> 0
A52: Разовые | C52: =IF(D10=$H8+1,'Разовые расходы'!$B21,0) -> 0 | D52: =IF(E10=$H8+1,'Разовые расходы'!$B21,0) -> 0 | E52: =IF(F10=$H8+1,'Разовые расходы'!$B21,0) -> 0 | F52: =IF(G10=$H8+1,'Разовые расходы'!$B21,0) -> 0 | G52: =IF(H10=$H8+1,'Разовые расходы'!$B21,0) -> 0 | H52: =IF(I10=$H8+1,'Разовые расходы'!$B21,0) -> 0 | I52: =IF(J10=$H8+1,'Разовые расходы'!$B21,0) -> 0 | J52: =IF(K10=$H8+1,'Разовые расходы'!$B21,0) -> 0 | ... N52: =IF(O10=$H8+1,'Разовые расходы'!$B21,0) -> 0 | O52: =SUM(C52:N52) -> 29714.286 | P52: =IF(Q10=$H8+1,'Разовые расходы'!$B21,0) -> 0 | Q52: =IF(R10=$H8+1,'Разовые расходы'!$B21,0) -> 0 | R52: =IF(S10=$H8+1,'Разовые расходы'!$B21,0) -> 0 | S52: =IF(T10=$H8+1,'Разовые расходы'!$B21,0) -> 0 | T52: =IF(U10=$H8+1,'Разовые расходы'!$B21,0) -> 0 | U52: =IF(V10=$H8+1,'Разовые расходы'!$B21,0) -> 0 | V52: =IF(W10=$H8+1,'Разовые расходы'!$B21,0) -> 0 | W52: =IF(X10=$H8+1,'Разовые расходы'!$B21,0) -> 0 | ... AA52: =IF(AB10=$H8+1,'Разовые расходы'!$B21,0) -> 0 | AB52: =SUM(P52:AA52) -> 0 | AC52: =IF(AD10=$H8+1,'Разовые расходы'!$B21,0) -> 0 | AD52: =IF(AE10=$H8+1,'Разовые расходы'!$B21,0) -> 0 | AE52: =IF(AF10=$H8+1,'Разовые расходы'!$B21,0) -> 0 | AF52: =IF(AG10=$H8+1,'Разовые расходы'!$B21,0) -> 0 | AG52: =IF(AH10=$H8+1,'Разовые расходы'!$B21,0) -> 0 | AH52: =IF(AI10=$H8+1,'Разовые расходы'!$B21,0) -> 0 | AI52: =IF(AJ10=$H8+1,'Разовые расходы'!$B21,0) -> 0 | AJ52: =IF(AK10=$H8+1,'Разовые расходы'!$B21,0) -> 0 | ... AN52: =IF(AO10=$H8+1,'Разовые расходы'!$B21,0) -> 0 | AO52: =SUM(AC52:AN52) -> 0
A53: Cash Flow | C53: =C13-C18-C46-C50 -> -1666666.7 | D53: =D13-D18-D46-D50 -> -1666666.7 | E53: =E13-E18-E46-E50 -> -1666666.7 | F53: =F13-F18-F46-F50 -> -1666666.7 | G53: =G13-G18-G46-G50 -> -1666666.7 | H53: =H13-H18-H46-H50 -> -1666666.7 | I53: =I13-I18-I46-I50 -> -1666666.7 | J53: =J13-J18-J46-J50 -> -1666666.7 | ... N53: =N13-N18-N46-N50 -> -24317 | O53: =SUM(C53:N53) -> -3870312.3 | P53: =P13-P18-P46-P50 -> 11206840 | Q53: =Q13-Q18-Q46-Q50 -> 0 | R53: =R13-R18-R46-R50 -> -23558.7 | S53: =S13-S18-S46-S50 -> 11206840 | T53: =T13-T18-T46-T50 -> 0 | U53: =U13-U18-U46-U50 -> 0 | V53: =V13-V18-V46-V50 -> -23558.7 | W53: =W13-W18-W46-W50 -> 11206840 | ... AA53: =AA13-AA18-AA46-AA50 -> -23558.7 | AB53: =SUM(P53:AA53) -> 33549843 | AC53: =AC13-AC18-AC46-AC50 -> 11205643 | AD53: =AD13-AD18-AD46-AD50 -> 0 | AE53: =AE13-AE18-AE46-AE50 -> 0 | AF53: =AF13-AF18-AF46-AF50 -> 0 | AG53: =AG13-AG18-AG46-AG50 -> 0 | AH53: =AH13-AH18-AH46-AH50 -> 0 | AI53: =AI13-AI18-AI46-AI50 -> 0 | AJ53: =AJ13-AJ18-AJ46-AJ50 -> 0 | ... AN53: =AN13-AN18-AN46-AN50 -> -25700.4 | AO53: =SUM(AC53:AN53) -> 11179943
C54: =C53/(1+$M1/12)^(C10-1) -> -1666666.7 | D54: =D53/(1+$M1/12)^(D10-1) -> -1639344.3 | E54: =E53/(1+$M1/12)^(E10-1) -> -1612469.8 | F54: =F53/(1+$M1/12)^(F10-1) -> -1586035.8 | G54: =G53/(1+$M1/12)^(G10-1) -> -1560035.2 | H54: =H53/(1+$M1/12)^(H10-1) -> -1534460.9 | I54: =I53/(1+$M1/12)^(I10-1) -> -1509305.8 | J54: =J53/(1+$M1/12)^(J10-1) -> -1484563.1 | ... N54: =N53/(1+$M1/12)^(N10-1) -> -20274.286 | P54: =P53/(1+$M1/12)^(P10-1) -> 9190521.2 | Q54: =Q53/(1+$M1/12)^(Q10-1) -> 0 | R54: =R53/(1+$M1/12)^(R10-1) -> -18691.8 | S54: =S53/(1+$M1/12)^(S10-1) -> 8745897.6 | T54: =T53/(1+$M1/12)^(T10-1) -> 0 | U54: =U53/(1+$M1/12)^(U10-1) -> 0 | V54: =V53/(1+$M1/12)^(V10-1) -> -17495.921 | W54: =W53/(1+$M1/12)^(W10-1) -> 8186345.1 | ... AA54: =AA53/(1+$M1/12)^(AA10-1) -> -16108.084 | AC54: =AC53/(1+$M1/12)^(AC10-1) -> 7536171.3 | AD54: =AD53/(1+$M1/12)^(AD10-1) -> 0 | AE54: =AE53/(1+$M1/12)^(AE10-1) -> 0 | AF54: =AF53/(1+$M1/12)^(AF10-1) -> 0 | AG54: =AG53/(1+$M1/12)^(AG10-1) -> 0 | AH54: =AH53/(1+$M1/12)^(AH10-1) -> 0 | AI54: =AI53/(1+$M1/12)^(AI10-1) -> 0 | AJ54: =AJ53/(1+$M1/12)^(AJ10-1) -> 0 | ... AN54: =AN53/(1+$M1/12)^(AN10-1) -> -14410.844

Sheet СводныйМск
A1: Начальное число клиентов | B1: 10 | E1: зп налоги, % | H1: 0.43 | J1: Ставка дисконтирования, % | M1: 0.2
A2: Средний чек Фонтан, мес/руб | B2: 1334000 | E2: налог на прибыль, % | H2: 0.2 | J2: Темп роста через 3 года, % в год | M2: 0.1
A3: Средний чек ЖюльВерн до, мес/руб | B3: 800000 | E3: IT, % от выручки | H3: 0.025 | J3: DCF, руб | M3: =SUM(СводныйМск!C55:AN55)+SUM(СводныйМск!AC55:AN55)/(M1-M2) -> 1.4546539e+10
A4: Средний чек Сильвер , мес/руб | B4: 1000000 | E4: Представительские, % от выручки | H4: 0.01 | J4: ROS | M4: =(O54+AB54+AO54)/(AO13+AB13+O13) -> 0.5797071
A5: Доп.услуги, % рекламы | B5: 0.05 | E5: РКО, % от выручки | H5: 0.005 | J5: NPV, руб (3 года) | M5: =SUM(СводныйМск!C55:AN55) -> 2.5534764e+09
A6: Инфляция, % год | B6: 0.1 | E6: Хозяйственные расходы, % от выручки | H6: 0.01 | J6: ROI, руб (3 года) | M6: =(E54+F54+G54+H54+I54+J54+K54+L54+M54+N54+AB54+AO54)/-SUM(C54:D54) -> 38.660501
A7: Затраты на маркетинг, руб/мес | B7: 500000 | E7: Прочие расходы, % от выручки | H7: 0.005 | J7: PP, руб/мес | M7: 7
A8: Заполняемость рекламы | B8: 1 | E8: Подготовка ЖюльВерн 2, мес | H8: 3
A9: Агентские, % рекламы | B9: 0.1 | E9: Подготовка Фонтан 1, мес | H9: 12
A11: Период | C11: 1 | D11: 2 | E11: 3 | F11: 4 | G11: 5 | H11: 6 | I11: 7 | J11: 8 | K11: 9 | L11: 10 | M11: 11 | N11: 12 | O11: - | P11: 13 | Q11: 14 | R11: 15 | S11: 16 | T11: 17 | U11: 18 | V11: 19 | W11: 20 | X11: 21 | Y11: 22 | Z11: 23 | AA11: 24 | AB11: - | AC11: =AA11+1 -> 25 | AD11: =AC11+1 -> 26 | AE11: =AD11+1 -> 27 | AF11: =AE11+1 -> 28 | AG11: =AF11+1 -> 29 | AH11: =AG11+1 -> 30 | AI11: =AH11+1 -> 31 | AJ11: =AI11+1 -> 32 | AK11: =AJ11+1 -> 33 | ... AN11: =AM11+1 -> 36 | AO11: -
A12: Клиенты | C12: 10 | D12: 15 | E12: 20 | F12: 25 | G12: 30 | H12: 35 | I12: 40 | J12: 45 | K12: 50 | L12: 55 | M12: 60 | N12: 60 | O12: =N12 -> 60 | P12: =N12 -> 60 | Q12: =P12 -> 60 | R12: =Q12 -> 60 | S12: =R12 -> 60 | T12: =S12 -> 60 | U12: =T12 -> 60 | V12: =U12 -> 60 | W12: =V12 -> 60 | X12: =W12 -> 60 | ... AB12: =AA12 -> 60 | AC12: =AA12 -> 60 | AD12: =AC12 -> 60 | AE12: =AD12 -> 60 | AF12: =AE12 -> 60 | AG12: =AF12 -> 60 | AH12: =AG12 -> 60 | AI12: =AH12 -> 60 | AJ12: =AI12 -> 60 | AK12: =AJ12 -> 60 | ... AO12: =AN12 -> 60
A13: Выручка | C13: =SUM(C14:C17) -> 9450000 | D13: =SUM(D14:D17) -> 12600000 | E13: =SUM(E14:E17) -> 16800000 | F13: =SUM(F14:F17) -> 42000000 | G13: =SUM(G14:G17) -> 50400000 | H13: =SUM(H14:H17) -> 58800000 | I13: =SUM(I14:I17) -> 67200000 | J13: =SUM(J14:J17) -> 75600000 | ... N13: =SUM(N14:N17) -> 100800000 | O13: =SUM(C13:N13) -> 710850000 | P13: =SUM(P14:P17) -> 231046200 | Q13: =SUM(Q14:Q17) -> 231046200 | R13: =SUM(R14:R17) -> 231046200 | S13: =SUM(S14:S17) -> 231046200 | T13: =SUM(T14:T17) -> 231046200 | U13: =SUM(U14:U17) -> 231046200 | V13: =SUM(V14:V17) -> 231046200 | W13: =SUM(W14:W17) -> 231046200 | ... AA13: =SUM(AA14:AA17) -> 231046200 | AB13: =SUM(P13:AA13) -> 2772554400 | AC13: =SUM(AC14:AC17) -> 252050400 | AD13: =SUM(AD14:AD17) -> 252050400 | AE13: =SUM(AE14:AE17) -> 252050400 | AF13: =SUM(AF14:AF17) -> 252050400 | AG13: =SUM(AG14:AG17) -> 252050400 | AH13: =SUM(AH14:AH17) -> 252050400 | AI13: =SUM(AI14:AI17) -> 252050400 | AJ13: =SUM(AJ14:AJ17) -> 252050400 | ... AN13: =SUM(AN14:AN17) -> 252050400 | AO13: =SUM(AC13:AN13) -> 3024604800
A14: ЖюльВерн | C14: =IF(C16=0,C12*$B3,C12*$B4)*$B8 -> 8000000 | D14: =IF(D16=0,D12*$B3,D12*$B4)*$B8 -> 12000000 | E14: =IF(E16=0,E12*$B3,E12*$B4)*$B8 -> 16000000 | F14: =IF(F16=0,F12*$B3,F12*$B4)*$B8 -> 20000000 | G14: =IF(G16=0,G12*$B3,G12*$B4)*$B8 -> 24000000 | H14: =IF(H16=0,H12*$B3,H12*$B4)*$B8 -> 28000000 | I14: =IF(I16=0,I12*$B3,I12*$B4)*$B8 -> 32000000 | J14: =IF(J16=0,J12*$B3,J12*$B4)*$B8 -> 36000000 | ... N14: =IF(N16=0,N12*$B3,N12*$B4)*$B8 -> 48000000 | O14: =SUM(C14:N14) -> 356000000 | P14: =IF(P16=0,P12*$B3*(1+$B6),P12*$B4*(1+$B6))*$B8 -> 66000000 | Q14: =IF(Q16=0,Q12*$B3*(1+$B6),Q12*$B4*(1+$B6))*$B8 -> 66000000 | R14: =IF(R16=0,R12*$B3*(1+$B6),R12*$B4*(1+$B6))*$B8 -> 66000000 | S14: =IF(S16=0,S12*$B3*(1+$B6),S12*$B4*(1+$B6))*$B8 -> 66000000 | T14: =IF(T16=0,T12*$B3*(1+$B6),T12*$B4*(1+$B6))*$B8 -> 66000000 | U14: =IF(U16=0,U12*$B3*(1+$B6),U12*$B4*(1+$B6))*$B8 -> 66000000 | V14: =IF(V16=0,V12*$B3*(1+$B6),V12*$B4*(1+$B6))*$B8 -> 66000000 | W14: =IF(W16=0,W12*$B3*(1+$B6),W12*$B4*(1+$B6))*$B8 -> 66000000 | ... AA14: =IF(AA16=0,AA12*$B3*(1+$B6),AA12*$B4*(1+$B6))*$B8 -> 66000000 | AB14: =SUM(P14:AA14) -> 792000000 | AC14: =IF(AC16=0,AC12*$B3*(1+$B6*2),AC12*$B4*(1+$B6*2))*$B8 -> 72000000 | AD14: =IF(AD16=0,AD12*$B3*(1+$B6*2),AD12*$B4*(1+$B6*2))*$B8 -> 72000000 | AE14: =IF(AE16=0,AE12*$B3*(1+$B6*2),AE12*$B4*(1+$B6*2))*$B8 -> 72000000 | AF14: =IF(AF16=0,AF12*$B3*(1+$B6*2),AF12*$B4*(1+$B6*2))*$B8 -> 72000000 | AG14: =IF(AG16=0,AG12*$B3*(1+$B6*2),AG12*$B4*(1+$B6*2))*$B8 -> 72000000 | AH14: =IF(AH16=0,AH12*$B3*(1+$B6*2),AH12*$B4*(1+$B6*2))*$B8 -> 72000000 | AI14: =IF(AI16=0,AI12*$B3*(1+$B6*2),AI12*$B4*(1+$B6*2))*$B8 -> 72000000 | AJ14: =IF(AJ16=0,AJ12*$B3*(1+$B6*2),AJ12*$B4*(1+$B6*2))*$B8 -> 72000000 | ... AN14: =IF(AN16=0,AN12*$B3*(1+$B6*2),AN12*$B4*(1+$B6*2))*$B8 -> 72000000 | AO14: =SUM(AC14:AN14) -> 864000000
A15: Сильвер | C15: 1000000 | D15: =IF(D51=0,D14,0) -> 0 | E15: =IF(E51=0,E14,0) -> 0 | F15: =IF(F51=0,F14,0) -> 20000000 | G15: =IF(G51=0,G14,0) -> 24000000 | H15: =IF(H51=0,H14,0) -> 28000000 | I15: =IF(I51=0,I14,0) -> 32000000 | J15: =IF(J51=0,J14,0) -> 36000000 | K15: =IF(K51=0,K14,0) -> 40000000 | ... N15: =IF(N51=0,N14,0) -> 48000000 | O15: =SUM(C15:N15) -> 321000000 | P15: =IF(P51=0,P14,0) -> 66000000 | Q15: =IF(Q51=0,Q14,0) -> 66000000 | R15: =IF(R51=0,R14,0) -> 66000000 | S15: =IF(S51=0,S14,0) -> 66000000 | T15: =IF(T51=0,T14,0) -> 66000000 | U15: =IF(U51=0,U14,0) -> 66000000 | V15: =IF(V51=0,V14,0) -> 66000000 | W15: =IF(W51=0,W14,0) -> 66000000 | ... AA15: =IF(AA51=0,AA14,0) -> 66000000 | AB15: =SUM(P15:AA15) -> 792000000 | AC15: =IF(AC51=0,AC14,0) -> 72000000 | AD15: =IF(AD51=0,AD14,0) -> 72000000 | AE15: =IF(AE51=0,AE14,0) -> 72000000 | AF15: =IF(AF51=0,AF14,0) -> 72000000 | AG15: =IF(AG51=0,AG14,0) -> 72000000 | AH15: =IF(AH51=0,AH14,0) -> 72000000 | AI15: =IF(AI51=0,AI14,0) -> 72000000 | AJ15: =IF(AJ51=0,AJ14,0) -> 72000000 | ... AN15: =IF(AN51=0,AN14,0) -> 72000000 | AO15: =SUM(AC15:AN15) -> 864000000
A16: Фонтан Москва | C16: =IF(C52=0,C12*$B2,0)*$B8 -> 0 | D16: =IF(D52=0,D12*$B2,0)*$B8 -> 0 | E16: =IF(E52=0,E12*$B2,0)*$B8 -> 0 | F16: =IF(F52=0,F12*$B2,0)*$B8 -> 0 | G16: =IF(G52=0,G12*$B2,0)*$B8 -> 0 | H16: =IF(H52=0,H12*$B2,0)*$B8 -> 0 | I16: =IF(I52=0,I12*$B2,0)*$B8 -> 0 | J16: =IF(J52=0,J12*$B2,0)*$B8 -> 0 | ... N16: =IF(N52=0,N12*$B2,0)*$B8 -> 0 | O16: =SUM(C16:N16) -> 0 | P16: =IF(P52=0,P12*$B2*(1+$B6),0)*$B8 -> 88044000 | Q16: =IF(Q52=0,Q12*$B2*(1+$B6),0)*$B8 -> 88044000 | R16: =IF(R52=0,R12*$B2*(1+$B6),0)*$B8 -> 88044000 | S16: =IF(S52=0,S12*$B2*(1+$B6),0)*$B8 -> 88044000 | T16: =IF(T52=0,T12*$B2*(1+$B6),0)*$B8 -> 88044000 | U16: =IF(U52=0,U12*$B2*(1+$B6),0)*$B8 -> 88044000 | V16: =IF(V52=0,V12*$B2*(1+$B6),0)*$B8 -> 88044000 | W16: =IF(W52=0,W12*$B2*(1+$B6),0)*$B8 -> 88044000 | ... AA16: =IF(AA52=0,AA12*$B2*(1+$B6),0)*$B8 -> 88044000 | AB16: =SUM(P16:AA16) -> 1056528000 | AC16: =IF(AC52=0,AC12*$B2*(1+$B6*2),0)*$B8 -> 96048000 | AD16: =IF(AD52=0,AD12*$B2*(1+$B6*2),0)*$B8 -> 96048000 | AE16: =IF(AE52=0,AE12*$B2*(1+$B6*2),0)*$B8 -> 96048000 | AF16: =IF(AF52=0,AF12*$B2*(1+$B6*2),0)*$B8 -> 96048000 | AG16: =IF(AG52=0,AG12*$B2*(1+$B6*2),0)*$B8 -> 96048000 | AH16: =IF(AH52=0,AH12*$B2*(1+$B6*2),0)*$B8 -> 96048000 | AI16: =IF(AI52=0,AI12*$B2*(1+$B6*2),0)*$B8 -> 96048000 | AJ16: =IF(AJ52=0,AJ12*$B2*(1+$B6*2),0)*$B8 -> 96048000 | ... AN16: =IF(AN52=0,AN12*$B2*(1+$B6*2),0)*$B8 -> 96048000 | AO16: =SUM(AC16:AN16) -> 1152576000
A17: Доп.услуги | C17: =(C14+C15+C16)*$B5 -> 450000 | D17: =(D14+D15+D16)*$B5 -> 600000 | E17: =(E14+E15+E16)*$B5 -> 800000 | F17: =(F14+F15+F16)*$B5 -> 2000000 | G17: =(G14+G15+G16)*$B5 -> 2400000 | H17: =(H14+H15+H16)*$B5 -> 2800000 | I17: =(I14+I15+I16)*$B5 -> 3200000 | J17: =(J14+J15+J16)*$B5 -> 3600000 | ... N17: =(N14+N15+N16)*$B5 -> 4800000 | O17: =SUM(C17:N17) -> 33850000 | P17: =(P14+P15+P16)*$B5 -> 11002200 | Q17: =(Q14+Q15+Q16)*$B5 -> 11002200 | R17: =(R14+R15+R16)*$B5 -> 11002200 | S17: =(S14+S15+S16)*$B5 -> 11002200 | T17: =(T14+T15+T16)*$B5 -> 11002200 | U17: =(U14+U15+U16)*$B5 -> 11002200 | V17: =(V14+V15+V16)*$B5 -> 11002200 | W17: =(W14+W15+W16)*$B5 -> 11002200 | ... AA17: =(AA14+AA15+AA16)*$B5 -> 11002200 | AB17: =SUM(P17:AA17) -> 132026400 | AC17: =(AC14+AC15+AC16)*$B5 -> 12002400 | AD17: =(AD14+AD15+AD16)*$B5 -> 12002400 | AE17: =(AE14+AE15+AE16)*$B5 -> 12002400 | AF17: =(AF14+AF15+AF16)*$B5 -> 12002400 | AG17: =(AG14+AG15+AG16)*$B5 -> 12002400 | AH17: =(AH14+AH15+AH16)*$B5 -> 12002400 | AI17: =(AI14+AI15+AI16)*$B5 -> 12002400 | AJ17: =(AJ14+AJ15+AJ16)*$B5 -> 12002400 | ... AN17: =(AN14+AN15+AN16)*$B5 -> 12002400 | AO17: =SUM(AC17:AN17) -> 144028800
A18: Операционные затраты | C18: =SUM(C19:C21,C32:C35,C40:C45) -> 7612500 | D18: =SUM(D19:D21,D32:D35,D40:D45) -> 6140000 | E18: =SUM(E19:E21,E32:E35,E40:E45) -> 6750000 | F18: =SUM(F19:F21,F32:F35,F40:F45) -> 12340000 | G18: =SUM(G19:G21,G32:G35,G40:G45) -> 13560000 | H18: =SUM(H19:H21,H32:H35,H40:H45) -> 14780000 | I18: =SUM(I19:I21,I32:I35,I40:I45) -> 16000000 | J18: =SUM(J19:J21,J32:J35,J40:J45) -> 17220000 | ... N18: =SUM(N19:N21,N32:N35,N40:N45) -> 20880000 | O18: =SUM(C18:N18) -> 174262500 | P18: =SUM(P19:P21,P32:P35,P40:P45) -> 42538710 | Q18: =SUM(Q19:Q21,Q32:Q35,Q40:Q45) -> 42538710 | R18: =SUM(R19:R21,R32:R35,R40:R45) -> 42538710 | S18: =SUM(S19:S21,S32:S35,S40:S45) -> 42538710 | T18: =SUM(T19:T21,T32:T35,T40:T45) -> 42538710 | U18: =SUM(U19:U21,U32:U35,U40:U45) -> 42538710 | V18: =SUM(V19:V21,V32:V35,V40:V45) -> 42538710 | W18: =SUM(W19:W21,W32:W35,W40:W45) -> 42538710 | ... AA18: =SUM(AA19:AA21,AA32:AA35,AA40:AA45) -> 42538710 | AB18: =SUM(P18:AA18) -> 510464520 | AC18: =SUM(AC19:AC21,AC32:AC35,AC40:AC45) -> 46369120 | AD18: =SUM(AD19:AD21,AD32:AD35,AD40:AD45) -> 46369120 | AE18: =SUM(AE19:AE21,AE32:AE35,AE40:AE45) -> 46369120 | AF18: =SUM(AF19:AF21,AF32:AF35,AF40:AF45) -> 46369120 | AG18: =SUM(AG19:AG21,AG32:AG35,AG40:AG45) -> 46369120 | AH18: =SUM(AH19:AH21,AH32:AH35,AH40:AH45) -> 46369120 | AI18: =SUM(AI19:AI21,AI32:AI35,AI40:AI45) -> 46369120 | AJ18: =SUM(AJ19:AJ21,AJ32:AJ35,AJ40:AJ45) -> 46369120 | ... AN18: =SUM(AN19:AN21,AN32:AN35,AN40:AN45) -> 46369120 | AO18: =SUM(AC18:AN18) -> 556429440
A19: Маркетинг | C19: =$B7 -> 500000 | D19: =$B7 -> 500000 | E19: =$B7 -> 500000 | F19: =$B7 -> 500000 | G19: =$B7 -> 500000 | H19: =$B7 -> 500000 | I19: =$B7 -> 500000 | J19: =$B7 -> 500000 | ... N19: =$B7 -> 500000 | O19: =SUM(C19:N19) -> 6000000 | P19: =C19*(1+$B6) -> 550000 | Q19: =D19*(1+$B6) -> 550000 | R19: =E19*(1+$B6) -> 550000 | S19: =F19*(1+$B6) -> 550000 | T19: =G19*(1+$B6) -> 550000 | U19: =H19*(1+$B6) -> 550000 | V19: =I19*(1+$B6) -> 550000 | W19: =J19*(1+$B6) -> 550000 | ... AA19: =N19*(1+$B6) -> 550000 | AB19: =SUM(P19:AA19) -> 6600000 | AC19: =P19*(1+$B6) -> 605000 | AD19: =Q19*(1+$B6) -> 605000 | AE19: =R19*(1+$B6) -> 605000 | AF19: =S19*(1+$B6) -> 605000 | AG19: =T19*(1+$B6) -> 605000 | AH19: =U19*(1+$B6) -> 605000 | AI19: =V19*(1+$B6) -> 605000 | AJ19: =W19*(1+$B6) -> 605000 | ... AN19: =AA19*(1+$B6) -> 605000 | AO19: =SUM(AC19:AN19) -> 7260000
A20: Агентсткие | C20: =SUM(C14:C16)*$B9 -> 900000 | D20: =SUM(D14:D16)*$B9 -> 1200000 | E20: =SUM(E14:E16)*$B9 -> 1600000 | F20: =SUM(F14:F16)*$B9 -> 4000000 | G20: =SUM(G14:G16)*$B9 -> 4800000 | H20: =SUM(H14:H16)*$B9 -> 5600000 | I20: =SUM(I14:I16)*$B9 -> 6400000 | J20: =SUM(J14:J16)*$B9 -> 7200000 | ... N20: =SUM(N14:N16)*$B9 -> 9600000 | O20: =SUM(C20:N20) -> 67700000 | P20: =SUM(P14:P16)*$B9 -> 22004400 | Q20: =SUM(Q14:Q16)*$B9 -> 22004400 | R20: =SUM(R14:R16)*$B9 -> 22004400 | S20: =SUM(S14:S16)*$B9 -> 22004400 | T20: =SUM(T14:T16)*$B9 -> 22004400 | U20: =SUM(U14:U16)*$B9 -> 22004400 | V20: =SUM(V14:V16)*$B9 -> 22004400 | W20: =SUM(W14:W16)*$B9 -> 22004400 | ... AA20: =SUM(AA14:AA16)*$B9 -> 22004400 | AB20: =SUM(P20:AA20) -> 264052800 | AC20: =SUM(AC14:AC16)*$B9 -> 24004800 | AD20: =SUM(AD14:AD16)*$B9 -> 24004800 | AE20: =SUM(AE14:AE16)*$B9 -> 24004800 | AF20: =SUM(AF14:AF16)*$B9 -> 24004800 | AG20: =SUM(AG14:AG16)*$B9 -> 24004800 | AH20: =SUM(AH14:AH16)*$B9 -> 24004800 | AI20: =SUM(AI14:AI16)*$B9 -> 24004800 | AJ20: =SUM(AJ14:AJ16)*$B9 -> 24004800 | ... AN20: =SUM(AN14:AN16)*$B9 -> 24004800 | AO20: =SUM(AC20:AN20) -> 288057600
A21: ФОТ | C21: =SUM(C22:C31) -> 2120000 | D21: =SUM(D22:D31) -> 1700000 | E21: =SUM(E22:E31) -> 1700000 | F21: =SUM(F22:F31) -> 2120000 | G21: =SUM(G22:G31) -> 2120000 | H21: =SUM(H22:H31) -> 2120000 | I21: =SUM(I22:I31) -> 2120000 | J21: =SUM(J22:J31) -> 2120000 | ... N21: =SUM(N22:N31) -> 2120000 | O21: =SUM(C21:N21) -> 24600000 | P21: =SUM(P22:P31) -> 2794000 | Q21: =SUM(Q22:Q31) -> 2794000 | R21: =SUM(R22:R31) -> 2794000 | S21: =SUM(S22:S31) -> 2794000 | T21: =SUM(T22:T31) -> 2794000 | U21: =SUM(U22:U31) -> 2794000 | V21: =SUM(V22:V31) -> 2794000 | W21: =SUM(W22:W31) -> 2794000 | ... AA21: =SUM(AA22:AA31) -> 2794000 | AB21: =SUM(P21:AA21) -> 33528000 | AC21: =SUM(AC22:AC31) -> 3060800 | AD21: =SUM(AD22:AD31) -> 3060800 | AE21: =SUM(AE22:AE31) -> 3060800 | AF21: =SUM(AF22:AF31) -> 3060800 | AG21: =SUM(AG22:AG31) -> 3060800 | AH21: =SUM(AH22:AH31) -> 3060800 | AI21: =SUM(AI22:AI31) -> 3060800 | AJ21: =SUM(AJ22:AJ31) -> 3060800 | ... AN21: =SUM(AN22:AN31) -> 3060800 | AO21: =SUM(AC21:AN21) -> 36729600
A22: директор | B22: 450000 | C22: =B22 -> 450000 | D22: =C22 -> 450000 | E22: =D22 -> 450000 | F22: =E22 -> 450000 | G22: =F22 -> 450000 | H22: =G22 -> 450000 | I22: =H22 -> 450000 | J22: =I22 -> 450000 | ... N22: =M22 -> 450000 | O22: =SUM(C22:N22) -> 5400000 | P22: =C22*(1+$B$6) -> 495000 | Q22: =D22*(1+$B$6) -> 495000 | R22: =E22*(1+$B$6) -> 495000 | S22: =F22*(1+$B$6) -> 495000 | T22: =G22*(1+$B$6) -> 495000 | U22: =H22*(1+$B$6) -> 495000 | V22: =I22*(1+$B$6) -> 495000 | W22: =J22*(1+$B$6) -> 495000 | ... AA22: =N22*(1+$B$6) -> 495000 | AB22: =SUM(P22:AA22) -> 5940000 | AC22: =P22*(1+$B$6) -> 544500 | AD22: =Q22*(1+$B$6) -> 544500 | AE22: =R22*(1+$B$6) -> 544500 | AF22: =S22*(1+$B$6) -> 544500 | AG22: =T22*(1+$B$6) -> 544500 | AH22: =U22*(1+$B$6) -> 544500 | AI22: =V22*(1+$B$6) -> 544500 | AJ22: =W22*(1+$B$6) -> 544500 | ... AN22: =AA22*(1+$B$6) -> 544500 | AO22: =SUM(AC22:AN22) -> 6534000
A23: советник | B23: 200000 | C23: =B23 -> 200000 | D23: =C23 -> 200000 | E23: =D23 -> 200000 | F23: =E23 -> 200000 | G23: =F23 -> 200000 | H23: =G23 -> 200000 | I23: =H23 -> 200000 | J23: =I23 -> 200000 | ... N23: =M23 -> 200000 | O23: =SUM(C23:N23) -> 2400000 | P23: =C23*(1+$B$6) -> 220000 | Q23: =D23*(1+$B$6) -> 220000 | R23: =E23*(1+$B$6) -> 220000 | S23: =F23*(1+$B$6) -> 220000 | T23: =G23*(1+$B$6) -> 220000 | U23: =H23*(1+$B$6) -> 220000 | V23: =I23*(1+$B$6) -> 220000 | W23: =J23*(1+$B$6) -> 220000 | ... AA23: =N23*(1+$B$6) -> 220000 | AB23: =SUM(P23:AA23) -> 2640000 | AC23: =P23*(1+$B$6) -> 242000 | AD23: =Q23*(1+$B$6) -> 242000 | AE23: =R23*(1+$B$6) -> 242000 | AF23: =S23*(1+$B$6) -> 242000 | AG23: =T23*(1+$B$6) -> 242000 | AH23: =U23*(1+$B$6) -> 242000 | AI23: =V23*(1+$B$6) -> 242000 | AJ23: =W23*(1+$B$6) -> 242000 | ... AN23: =AA23*(1+$B$6) -> 242000 | AO23: =SUM(AC23:AN23) -> 2904000
A24: зам.по флоту | B24: 150000 | C24: =B24 -> 150000 | D24: =C24 -> 150000 | E24: =D24 -> 150000 | F24: =E24 -> 150000 | G24: =F24 -> 150000 | H24: =G24 -> 150000 | I24: =H24 -> 150000 | J24: =I24 -> 150000 | ... N24: =M24 -> 150000 | O24: =SUM(C24:N24) -> 1800000 | P24: =C24*(1+$B$6) -> 165000 | Q24: =D24*(1+$B$6) -> 165000 | R24: =E24*(1+$B$6) -> 165000 | S24: =F24*(1+$B$6) -> 165000 | T24: =G24*(1+$B$6) -> 165000 | U24: =H24*(1+$B$6) -> 165000 | V24: =I24*(1+$B$6) -> 165000 | W24: =J24*(1+$B$6) -> 165000 | ... AA24: =N24*(1+$B$6) -> 165000 | AB24: =SUM(P24:AA24) -> 1980000 | AC24: =P24*(1+$B$6) -> 181500 | AD24: =Q24*(1+$B$6) -> 181500 | AE24: =R24*(1+$B$6) -> 181500 | AF24: =S24*(1+$B$6) -> 181500 | AG24: =T24*(1+$B$6) -> 181500 | AH24: =U24*(1+$B$6) -> 181500 | AI24: =V24*(1+$B$6) -> 181500 | AJ24: =W24*(1+$B$6) -> 181500 | ... AN24: =AA24*(1+$B$6) -> 181500 | AO24: =SUM(AC24:AN24) -> 2178000
A25: коммерческий | B25: 140000 | C25: =B25 -> 140000 | D25: =C25 -> 140000 | E25: =D25 -> 140000 | F25: =E25 -> 140000 | G25: =F25 -> 140000 | H25: =G25 -> 140000 | I25: =H25 -> 140000 | J25: =I25 -> 140000 | ... N25: =M25 -> 140000 | O25: =SUM(C25:N25) -> 1680000 | P25: =C25*(1+$B$6) -> 154000 | Q25: =D25*(1+$B$6) -> 154000 | R25: =E25*(1+$B$6) -> 154000 | S25: =F25*(1+$B$6) -> 154000 | T25: =G25*(1+$B$6) -> 154000 | U25: =H25*(1+$B$6) -> 154000 | V25: =I25*(1+$B$6) -> 154000 | W25: =J25*(1+$B$6) -> 154000 | ... AA25: =N25*(1+$B$6) -> 154000 | AB25: =SUM(P25:AA25) -> 1848000 | AC25: =P25*(1+$B$6) -> 169400 | AD25: =Q25*(1+$B$6) -> 169400 | AE25: =R25*(1+$B$6) -> 169400 | AF25: =S25*(1+$B$6) -> 169400 | AG25: =T25*(1+$B$6) -> 169400 | AH25: =U25*(1+$B$6) -> 169400 | AI25: =V25*(1+$B$6) -> 169400 | AJ25: =W25*(1+$B$6) -> 169400 | ... AN25: =AA25*(1+$B$6) -> 169400 | AO25: =SUM(AC25:AN25) -> 2032800
A26: менеджер | B26: 70000 | C26: =B26 -> 70000 | D26: =C26 -> 70000 | E26: =D26 -> 70000 | F26: =E26 -> 70000 | G26: =F26 -> 70000 | H26: =G26 -> 70000 | I26: =H26 -> 70000 | J26: =I26 -> 70000 | ... N26: =M26 -> 70000 | O26: =SUM(C26:N26) -> 840000 | P26: =C26*(1+$B$6) -> 77000 | Q26: =D26*(1+$B$6) -> 77000 | R26: =E26*(1+$B$6) -> 77000 | S26: =F26*(1+$B$6) -> 77000 | T26: =G26*(1+$B$6) -> 77000 | U26: =H26*(1+$B$6) -> 77000 | V26: =I26*(1+$B$6) -> 77000 | W26: =J26*(1+$B$6) -> 77000 | ... AA26: =N26*(1+$B$6) -> 77000 | AB26: =SUM(P26:AA26) -> 924000 | AC26: =P26*(1+$B$6) -> 84700 | AD26: =Q26*(1+$B$6) -> 84700 | AE26: =R26*(1+$B$6) -> 84700 | AF26: =S26*(1+$B$6) -> 84700 | AG26: =T26*(1+$B$6) -> 84700 | AH26: =U26*(1+$B$6) -> 84700 | AI26: =V26*(1+$B$6) -> 84700 | AJ26: =W26*(1+$B$6) -> 84700 | ... AN26: =AA26*(1+$B$6) -> 84700 | AO26: =SUM(AC26:AN26) -> 1016400
A27: бухгалтер | B27: 120000 | C27: =B27 -> 120000 | D27: =C27 -> 120000 | E27: =D27 -> 120000 | F27: =E27 -> 120000 | G27: =F27 -> 120000 | H27: =G27 -> 120000 | I27: =H27 -> 120000 | J27: =I27 -> 120000 | ... N27: =M27 -> 120000 | O27: =SUM(C27:N27) -> 1440000 | P27: =C27*(1+$B$6) -> 132000 | Q27: =D27*(1+$B$6) -> 132000 | R27: =E27*(1+$B$6) -> 132000 | S27: =F27*(1+$B$6) -> 132000 | T27: =G27*(1+$B$6) -> 132000 | U27: =H27*(1+$B$6) -> 132000 | V27: =I27*(1+$B$6) -> 132000 | W27: =J27*(1+$B$6) -> 132000 | ... AA27: =N27*(1+$B$6) -> 132000 | AB27: =SUM(P27:AA27) -> 1584000 | AC27: =P27*(1+$B$6) -> 145200 | AD27: =Q27*(1+$B$6) -> 145200 | AE27: =R27*(1+$B$6) -> 145200 | AF27: =S27*(1+$B$6) -> 145200 | AG27: =T27*(1+$B$6) -> 145200 | AH27: =U27*(1+$B$6) -> 145200 | AI27: =V27*(1+$B$6) -> 145200 | AJ27: =W27*(1+$B$6) -> 145200 | ... AN27: =AA27*(1+$B$6) -> 145200 | AO27: =SUM(AC27:AN27) -> 1742400
A28: юрист | B28: 100000 | C28: =B28 -> 100000 | D28: =C28 -> 100000 | E28: =D28 -> 100000 | F28: =E28 -> 100000 | G28: =F28 -> 100000 | H28: =G28 -> 100000 | I28: =H28 -> 100000 | J28: =I28 -> 100000 | ... N28: =M28 -> 100000 | O28: =SUM(C28:N28) -> 1200000 | P28: =C28*(1+$B$6) -> 110000 | Q28: =D28*(1+$B$6) -> 110000 | R28: =E28*(1+$B$6) -> 110000 | S28: =F28*(1+$B$6) -> 110000 | T28: =G28*(1+$B$6) -> 110000 | U28: =H28*(1+$B$6) -> 110000 | V28: =I28*(1+$B$6) -> 110000 | W28: =J28*(1+$B$6) -> 110000 | ... AA28: =N28*(1+$B$6) -> 110000 | AB28: =SUM(P28:AA28) -> 1320000 | AC28: =P28*(1+$B$6) -> 121000 | AD28: =Q28*(1+$B$6) -> 121000 | AE28: =R28*(1+$B$6) -> 121000 | AF28: =S28*(1+$B$6) -> 121000 | AG28: =T28*(1+$B$6) -> 121000 | AH28: =U28*(1+$B$6) -> 121000 | AI28: =V28*(1+$B$6) -> 121000 | AJ28: =W28*(1+$B$6) -> 121000 | ... AN28: =AA28*(1+$B$6) -> 121000 | AO28: =SUM(AC28:AN28) -> 1452000
A29: секретарь | B29: 50000 | C29: =B29 -> 50000 | D29: =C29 -> 50000 | E29: =D29 -> 50000 | F29: =E29 -> 50000 | G29: =F29 -> 50000 | H29: =G29 -> 50000 | I29: =H29 -> 50000 | J29: =I29 -> 50000 | ... N29: =M29 -> 50000 | O29: =SUM(C29:N29) -> 600000 | P29: =C29*(1+$B$6) -> 55000 | Q29: =D29*(1+$B$6) -> 55000 | R29: =E29*(1+$B$6) -> 55000 | S29: =F29*(1+$B$6) -> 55000 | T29: =G29*(1+$B$6) -> 55000 | U29: =H29*(1+$B$6) -> 55000 | V29: =I29*(1+$B$6) -> 55000 | W29: =J29*(1+$B$6) -> 55000 | ... AA29: =N29*(1+$B$6) -> 55000 | AB29: =SUM(P29:AA29) -> 660000 | AC29: =P29*(1+$B$6) -> 60500 | AD29: =Q29*(1+$B$6) -> 60500 | AE29: =R29*(1+$B$6) -> 60500 | AF29: =S29*(1+$B$6) -> 60500 | AG29: =T29*(1+$B$6) -> 60500 | AH29: =U29*(1+$B$6) -> 60500 | AI29: =V29*(1+$B$6) -> 60500 | AJ29: =W29*(1+$B$6) -> 60500 | ... AN29: =AA29*(1+$B$6) -> 60500 | AO29: =SUM(AC29:AN29) -> 726000
A30: капитаны | B30: 150000 | C30: =IF(C14=0,0,$B30*2)+IF(C15=0,0,$B30*2)+IF(C16=0,0,$B30*2) -> 600000 | D30: =IF(D14=0,0,$B30*2)+IF(D15=0,0,$B30*2)+IF(D16=0,0,$B30*2) -> 300000 | E30: =IF(E14=0,0,$B30*2)+IF(E15=0,0,$B30*2)+IF(E16=0,0,$B30*2) -> 300000 | F30: =IF(F14=0,0,$B30*2)+IF(F15=0,0,$B30*2)+IF(F16=0,0,$B30*2) -> 600000 | G30: =IF(G14=0,0,$B30*2)+IF(G15=0,0,$B30*2)+IF(G16=0,0,$B30*2) -> 600000 | H30: =IF(H14=0,0,$B30*2)+IF(H15=0,0,$B30*2)+IF(H16=0,0,$B30*2) -> 600000 | I30: =IF(I14=0,0,$B30*2)+IF(I15=0,0,$B30*2)+IF(I16=0,0,$B30*2) -> 600000 | J30: =IF(J14=0,0,$B30*2)+IF(J15=0,0,$B30*2)+IF(J16=0,0,$B30*2) -> 600000 | ... N30: =IF(N14=0,0,$B30*2)+IF(N15=0,0,$B30*2)+IF(N16=0,0,$B30*2) -> 600000 | O30: =SUM(C30:N30) -> 6600000 | P30: =IF(P14=0,0,$B30*2*(1+$B6))+IF(P15=0,0,$B30*2*(1+$B6))+IF(P16=0,0,$B30*2*(1+$B6)) -> 990000 | Q30: =IF(Q14=0,0,$B30*2*(1+$B6))+IF(Q15=0,0,$B30*2*(1+$B6))+IF(Q16=0,0,$B30*2*(1+$B6)) -> 990000 | R30: =IF(R14=0,0,$B30*2*(1+$B6))+IF(R15=0,0,$B30*2*(1+$B6))+IF(R16=0,0,$B30*2*(1+$B6)) -> 990000 | S30: =IF(S14=0,0,$B30*2*(1+$B6))+IF(S15=0,0,$B30*2*(1+$B6))+IF(S16=0,0,$B30*2*(1+$B6)) -> 990000 | T30: =IF(T14=0,0,$B30*2*(1+$B6))+IF(T15=0,0,$B30*2*(1+$B6))+IF(T16=0,0,$B30*2*(1+$B6)) -> 990000 | U30: =IF(U14=0,0,$B30*2*(1+$B6))+IF(U15=0,0,$B30*2*(1+$B6))+IF(U16=0,0,$B30*2*(1+$B6)) -> 990000 | V30: =IF(V14=0,0,$B30*2*(1+$B6))+IF(V15=0,0,$B30*2*(1+$B6))+IF(V16=0,0,$B30*2*(1+$B6)) -> 990000 | W30: =IF(W14=0,0,$B30*2*(1+$B6))+IF(W15=0,0,$B30*2*(1+$B6))+IF(W16=0,0,$B30*2*(1+$B6)) -> 990000 | ... AA30: =IF(AA14=0,0,$B30*2*(1+$B6))+IF(AA15=0,0,$B30*2*(1+$B6))+IF(AA16=0,0,$B30*2*(1+$B6)) -> 990000 | AB30: =SUM(P30:AA30) -> 11880000 | AC30: =IF(AC14=0,0,$B30*2*(1+$B6*2))+IF(AC15=0,0,$B30*2*(1+$B6*2))+IF(AC16=0,0,$B30*2*(1+$B6*2)) -> 1080000 | AD30: =IF(AD14=0,0,$B30*2*(1+$B6*2))+IF(AD15=0,0,$B30*2*(1+$B6*2))+IF(AD16=0,0,$B30*2*(1+$B6*2)) -> 1080000 | AE30: =IF(AE14=0,0,$B30*2*(1+$B6*2))+IF(AE15=0,0,$B30*2*(1+$B6*2))+IF(AE16=0,0,$B30*2*(1+$B6*2)) -> 1080000 | AF30: =IF(AF14=0,0,$B30*2*(1+$B6*2))+IF(AF15=0,0,$B30*2*(1+$B6*2))+IF(AF16=0,0,$B30*2*(1+$B6*2)) -> 1080000 | AG30: =IF(AG14=0,0,$B30*2*(1+$B6*2))+IF(AG15=0,0,$B30*2*(1+$B6*2))+IF(AG16=0,0,$B30*2*(1+$B6*2)) -> 1080000 | AH30: =IF(AH14=0,0,$B30*2*(1+$B6*2))+IF(AH15=0,0,$B30*2*(1+$B6*2))+IF(AH16=0,0,$B30*2*(1+$B6*2)) -> 1080000 | AI30: =IF(AI14=0,0,$B30*2*(1+$B6*2))+IF(AI15=0,0,$B30*2*(1+$B6*2))+IF(AI16=0,0,$B30*2*(1+$B6*2)) -> 1080000 | AJ30: =IF(AJ14=0,0,$B30*2*(1+$B6*2))+IF(AJ15=0,0,$B30*2*(1+$B6*2))+IF(AJ16=0,0,$B30*2*(1+$B6*2)) -> 1080000 | ... AN30: =IF(AN14=0,0,$B30*2*(1+$B6*2))+IF(AN15=0,0,$B30*2*(1+$B6*2))+IF(AN16=0,0,$B30*2*(1+$B6*2)) -> 1080000 | AO30: =SUM(AC30:AN30) -> 12960000
A31: мотористы | B31: 60000 | C31: =IF(C14=0,0,$B31*2)+IF(C15=0,0,$B31*2)+IF(C16=0,0,$B31*2) -> 240000 | D31: =IF(D14=0,0,$B31*2)+IF(D15=0,0,$B31*2)+IF(D16=0,0,$B31*2) -> 120000 | E31: =IF(E14=0,0,$B31*2)+IF(E15=0,0,$B31*2)+IF(E16=0,0,$B31*2) -> 120000 | F31: =IF(F14=0,0,$B31*2)+IF(F15=0,0,$B31*2)+IF(F16=0,0,$B31*2) -> 240000 | G31: =IF(G14=0,0,$B31*2)+IF(G15=0,0,$B31*2)+IF(G16=0,0,$B31*2) -> 240000 | H31: =IF(H14=0,0,$B31*2)+IF(H15=0,0,$B31*2)+IF(H16=0,0,$B31*2) -> 240000 | I31: =IF(I14=0,0,$B31*2)+IF(I15=0,0,$B31*2)+IF(I16=0,0,$B31*2) -> 240000 | J31: =IF(J14=0,0,$B31*2)+IF(J15=0,0,$B31*2)+IF(J16=0,0,$B31*2) -> 240000 | ... N31: =IF(N14=0,0,$B31*2)+IF(N15=0,0,$B31*2)+IF(N16=0,0,$B31*2) -> 240000 | O31: =SUM(C31:N31) -> 2640000 | P31: =IF(P14=0,0,$B31*2*(1+$B6))+IF(P15=0,0,$B31*2*(1+$B6))+IF(P16=0,0,$B31*2*(1+$B6)) -> 396000 | Q31: =IF(Q14=0,0,$B31*2*(1+$B6))+IF(Q15=0,0,$B31*2*(1+$B6))+IF(Q16=0,0,$B31*2*(1+$B6)) -> 396000 | R31: =IF(R14=0,0,$B31*2*(1+$B6))+IF(R15=0,0,$B31*2*(1+$B6))+IF(R16=0,0,$B31*2*(1+$B6)) -> 396000 | S31: =IF(S14=0,0,$B31*2*(1+$B6))+IF(S15=0,0,$B31*2*(1+$B6))+IF(S16=0,0,$B31*2*(1+$B6)) -> 396000 | T31: =IF(T14=0,0,$B31*2*(1+$B6))+IF(T15=0,0,$B31*2*(1+$B6))+IF(T16=0,0,$B31*2*(1+$B6)) -> 396000 | U31: =IF(U14=0,0,$B31*2*(1+$B6))+IF(U15=0,0,$B31*2*(1+$B6))+IF(U16=0,0,$B31*2*(1+$B6)) -> 396000 | V31: =IF(V14=0,0,$B31*2*(1+$B6))+IF(V15=0,0,$B31*2*(1+$B6))+IF(V16=0,0,$B31*2*(1+$B6)) -> 396000 | W31: =IF(W14=0,0,$B31*2*(1+$B6))+IF(W15=0,0,$B31*2*(1+$B6))+IF(W16=0,0,$B31*2*(1+$B6)) -> 396000 | ... AA31: =IF(AA14=0,0,$B31*2*(1+$B6))+IF(AA15=0,0,$B31*2*(1+$B6))+IF(AA16=0,0,$B31*2*(1+$B6)) -> 396000 | AB31: =SUM(P31:AA31) -> 4752000 | AC31: =IF(AC14=0,0,$B31*2*(1+$B6*2))+IF(AC15=0,0,$B31*2*(1+$B6*2))+IF(AC16=0,0,$B31*2*(1+$B6*2)) -> 432000 | AD31: =IF(AD14=0,0,$B31*2*(1+$B6*2))+IF(AD15=0,0,$B31*2*(1+$B6*2))+IF(AD16=0,0,$B31*2*(1+$B6*2)) -> 432000 | AE31: =IF(AE14=0,0,$B31*2*(1+$B6*2))+IF(AE15=0,0,$B31*2*(1+$B6*2))+IF(AE16=0,0,$B31*2*(1+$B6*2)) -> 432000 | AF31: =IF(AF14=0,0,$B31*2*(1+$B6*2))+IF(AF15=0,0,$B31*2*(1+$B6*2))+IF(AF16=0,0,$B31*2*(1+$B6*2)) -> 432000 | AG31: =IF(AG14=0,0,$B31*2*(1+$B6*2))+IF(AG15=0,0,$B31*2*(1+$B6*2))+IF(AG16=0,0,$B31*2*(1+$B6*2)) -> 432000 | AH31: =IF(AH14=0,0,$B31*2*(1+$B6*2))+IF(AH15=0,0,$B31*2*(1+$B6*2))+IF(AH16=0,0,$B31*2*(1+$B6*2)) -> 432000 | AI31: =IF(AI14=0,0,$B31*2*(1+$B6*2))+IF(AI15=0,0,$B31*2*(1+$B6*2))+IF(AI16=0,0,$B31*2*(1+$B6*2)) -> 432000 | AJ31: =IF(AJ14=0,0,$B31*2*(1+$B6*2))+IF(AJ15=0,0,$B31*2*(1+$B6*2))+IF(AJ16=0,0,$B31*2*(1+$B6*2)) -> 432000 | ... AN31: =IF(AN14=0,0,$B31*2*(1+$B6*2))+IF(AN15=0,0,$B31*2*(1+$B6*2))+IF(AN16=0,0,$B31*2*(1+$B6*2)) -> 432000 | AO31: =SUM(AC31:AN31) -> 5184000
A32: Топливо, масло | B32: 1200000 | C32: =IF(C14=0,0,$B32)+IF(C15=0,0,$B32)+IF(C16=0,0,$B32) -> 2400000 | D32: =IF(D14=0,0,$B32)+IF(D15=0,0,$B32)+IF(D16=0,0,$B32) -> 1200000 | E32: =IF(E14=0,0,$B32)+IF(E15=0,0,$B32)+IF(E16=0,0,$B32) -> 1200000 | F32: =IF(F14=0,0,$B32)+IF(F15=0,0,$B32)+IF(F16=0,0,$B32) -> 2400000 | G32: =IF(G14=0,0,$B32)+IF(G15=0,0,$B32)+IF(G16=0,0,$B32) -> 2400000 | H32: =IF(H14=0,0,$B32)+IF(H15=0,0,$B32)+IF(H16=0,0,$B32) -> 2400000 | I32: =IF(I14=0,0,$B32)+IF(I15=0,0,$B32)+IF(I16=0,0,$B32) -> 2400000 | J32: =IF(J14=0,0,$B32)+IF(J15=0,0,$B32)+IF(J16=0,0,$B32) -> 2400000 | ... N32: =IF(N14=0,0,$B32)+IF(N15=0,0,$B32)+IF(N16=0,0,$B32) -> 2400000 | O32: =SUM(C32:N32) -> 26400000 | P32: =IF(P14=0,0,$B32*(1+$B6))+IF(P15=0,0,$B32*(1+$B6))+IF(P16=0,0,$B32*(1+$B6)) -> 3960000 | Q32: =IF(Q14=0,0,$B32*(1+$B6))+IF(Q15=0,0,$B32*(1+$B6))+IF(Q16=0,0,$B32*(1+$B6)) -> 3960000 | R32: =IF(R14=0,0,$B32*(1+$B6))+IF(R15=0,0,$B32*(1+$B6))+IF(R16=0,0,$B32*(1+$B6)) -> 3960000 | S32: =IF(S14=0,0,$B32*(1+$B6))+IF(S15=0,0,$B32*(1+$B6))+IF(S16=0,0,$B32*(1+$B6)) -> 3960000 | T32: =IF(T14=0,0,$B32*(1+$B6))+IF(T15=0,0,$B32*(1+$B6))+IF(T16=0,0,$B32*(1+$B6)) -> 3960000 | U32: =IF(U14=0,0,$B32*(1+$B6))+IF(U15=0,0,$B32*(1+$B6))+IF(U16=0,0,$B32*(1+$B6)) -> 3960000 | V32: =IF(V14=0,0,$B32*(1+$B6))+IF(V15=0,0,$B32*(1+$B6))+IF(V16=0,0,$B32*(1+$B6)) -> 3960000 | W32: =IF(W14=0,0,$B32*(1+$B6))+IF(W15=0,0,$B32*(1+$B6))+IF(W16=0,0,$B32*(1+$B6)) -> 3960000 | ... AA32: =IF(AA14=0,0,$B32*(1+$B6))+IF(AA15=0,0,$B32*(1+$B6))+IF(AA16=0,0,$B32*(1+$B6)) -> 3960000 | AB32: =SUM(P32:AA32) -> 47520000 | AC32: =IF(AC14=0,0,$B32*(1+$B6*2))+IF(AC15=0,0,$B32*(1+$B6*2))+IF(AC16=0,0,$B32*(1+$B6*2)) -> 4320000 | AD32: =IF(AD14=0,0,$B32*(1+$B6*2))+IF(AD15=0,0,$B32*(1+$B6*2))+IF(AD16=0,0,$B32*(1+$B6*2)) -> 4320000 | AE32: =IF(AE14=0,0,$B32*(1+$B6*2))+IF(AE15=0,0,$B32*(1+$B6*2))+IF(AE16=0,0,$B32*(1+$B6*2)) -> 4320000 | AF32: =IF(AF14=0,0,$B32*(1+$B6*2))+IF(AF15=0,0,$B32*(1+$B6*2))+IF(AF16=0,0,$B32*(1+$B6*2)) -> 4320000 | AG32: =IF(AG14=0,0,$B32*(1+$B6*2))+IF(AG15=0,0,$B32*(1+$B6*2))+IF(AG16=0,0,$B32*(1+$B6*2)) -> 4320000 | AH32: =IF(AH14=0,0,$B32*(1+$B6*2))+IF(AH15=0,0,$B32*(1+$B6*2))+IF(AH16=0,0,$B32*(1+$B6*2)) -> 4320000 | AI32: =IF(AI14=0,0,$B32*(1+$B6*2))+IF(AI15=0,0,$B32*(1+$B6*2))+IF(AI16=0,0,$B32*(1+$B6*2)) -> 4320000 | AJ32: =IF(AJ14=0,0,$B32*(1+$B6*2))+IF(AJ15=0,0,$B32*(1+$B6*2))+IF(AJ16=0,0,$B32*(1+$B6*2)) -> 4320000 | ... AN32: =IF(AN14=0,0,$B32*(1+$B6*2))+IF(AN15=0,0,$B32*(1+$B6*2))+IF(AN16=0,0,$B32*(1+$B6*2)) -> 4320000 | AO32: =SUM(AC32:AN32) -> 51840000
A33: Текущий ремонт | B33: 100000 | C33: =IF(C14=0,0,$B33)+IF(C15=0,0,$B33)+IF(C16=0,0,$B33) -> 200000 | D33: =IF(D14=0,0,$B33)+IF(D15=0,0,$B33)+IF(D16=0,0,$B33) -> 100000 | E33: =IF(E14=0,0,$B33)+IF(E15=0,0,$B33)+IF(E16=0,0,$B33) -> 100000 | F33: =IF(F14=0,0,$B33)+IF(F15=0,0,$B33)+IF(F16=0,0,$B33) -> 200000 | G33: =IF(G14=0,0,$B33)+IF(G15=0,0,$B33)+IF(G16=0,0,$B33) -> 200000 | H33: =IF(H14=0,0,$B33)+IF(H15=0,0,$B33)+IF(H16=0,0,$B33) -> 200000 | I33: =IF(I14=0,0,$B33)+IF(I15=0,0,$B33)+IF(I16=0,0,$B33) -> 200000 | J33: =IF(J14=0,0,$B33)+IF(J15=0,0,$B33)+IF(J16=0,0,$B33) -> 200000 | ... N33: =IF(N14=0,0,$B33)+IF(N15=0,0,$B33)+IF(N16=0,0,$B33) -> 200000 | O33: =SUM(C33:N33) -> 2200000 | P33: =IF(P14=0,0,$B33*(1+$B6))+IF(P15=0,0,$B33*(1+$B6))+IF(P16=0,0,$B33*(1+$B6)) -> 330000 | Q33: =IF(Q14=0,0,$B33*(1+$B6))+IF(Q15=0,0,$B33*(1+$B6))+IF(Q16=0,0,$B33*(1+$B6)) -> 330000 | R33: =IF(R14=0,0,$B33*(1+$B6))+IF(R15=0,0,$B33*(1+$B6))+IF(R16=0,0,$B33*(1+$B6)) -> 330000 | S33: =IF(S14=0,0,$B33*(1+$B6))+IF(S15=0,0,$B33*(1+$B6))+IF(S16=0,0,$B33*(1+$B6)) -> 330000 | T33: =IF(T14=0,0,$B33*(1+$B6))+IF(T15=0,0,$B33*(1+$B6))+IF(T16=0,0,$B33*(1+$B6)) -> 330000 | U33: =IF(U14=0,0,$B33*(1+$B6))+IF(U15=0,0,$B33*(1+$B6))+IF(U16=0,0,$B33*(1+$B6)) -> 330000 | V33: =IF(V14=0,0,$B33*(1+$B6))+IF(V15=0,0,$B33*(1+$B6))+IF(V16=0,0,$B33*(1+$B6)) -> 330000 | W33: =IF(W14=0,0,$B33*(1+$B6))+IF(W15=0,0,$B33*(1+$B6))+IF(W16=0,0,$B33*(1+$B6)) -> 330000 | ... AA33: =IF(AA14=0,0,$B33*(1+$B6))+IF(AA15=0,0,$B33*(1+$B6))+IF(AA16=0,0,$B33*(1+$B6)) -> 330000 | AB33: =SUM(P33:AA33) -> 3960000 | AC33: =IF(AC14=0,0,$B33*(1+$B6*2))+IF(AC15=0,0,$B33*(1+$B6*2))+IF(AC16=0,0,$B33*(1+$B6*2)) -> 360000 | AD33: =IF(AD14=0,0,$B33*(1+$B6*2))+IF(AD15=0,0,$B33*(1+$B6*2))+IF(AD16=0,0,$B33*(1+$B6*2)) -> 360000 | AE33: =IF(AE14=0,0,$B33*(1+$B6*2))+IF(AE15=0,0,$B33*(1+$B6*2))+IF(AE16=0,0,$B33*(1+$B6*2)) -> 360000 | AF33: =IF(AF14=0,0,$B33*(1+$B6*2))+IF(AF15=0,0,$B33*(1+$B6*2))+IF(AF16=0,0,$B33*(1+$B6*2)) -> 360000 | AG33: =IF(AG14=0,0,$B33*(1+$B6*2))+IF(AG15=0,0,$B33*(1+$B6*2))+IF(AG16=0,0,$B33*(1+$B6*2)) -> 360000 | AH33: =IF(AH14=0,0,$B33*(1+$B6*2))+IF(AH15=0,0,$B33*(1+$B6*2))+IF(AH16=0,0,$B33*(1+$B6*2)) -> 360000 | AI33: =IF(AI14=0,0,$B33*(1+$B6*2))+IF(AI15=0,0,$B33*(1+$B6*2))+IF(AI16=0,0,$B33*(1+$B6*2)) -> 360000 | AJ33: =IF(AJ14=0,0,$B33*(1+$B6*2))+IF(AJ15=0,0,$B33*(1+$B6*2))+IF(AJ16=0,0,$B33*(1+$B6*2)) -> 360000 | ... AN33: =IF(AN14=0,0,$B33*(1+$B6*2))+IF(AN15=0,0,$B33*(1+$B6*2))+IF(AN16=0,0,$B33*(1+$B6*2)) -> 360000 | AO33: =SUM(AC33:AN33) -> 4320000
A34: Обслуживание экранов | B34: 50000 | C34: =IF(C14=0,0,$B34)+IF(C15=0,0,$B34)+IF(C16=0,0,$B34*2) -> 100000 | D34: =IF(D14=0,0,$B34)+IF(D15=0,0,$B34)+IF(D16=0,0,$B34*2) -> 50000 | E34: =IF(E14=0,0,$B34)+IF(E15=0,0,$B34)+IF(E16=0,0,$B34*2) -> 50000 | F34: =IF(F14=0,0,$B34)+IF(F15=0,0,$B34)+IF(F16=0,0,$B34*2) -> 100000 | G34: =IF(G14=0,0,$B34)+IF(G15=0,0,$B34)+IF(G16=0,0,$B34*2) -> 100000 | H34: =IF(H14=0,0,$B34)+IF(H15=0,0,$B34)+IF(H16=0,0,$B34*2) -> 100000 | I34: =IF(I14=0,0,$B34)+IF(I15=0,0,$B34)+IF(I16=0,0,$B34*2) -> 100000 | J34: =IF(J14=0,0,$B34)+IF(J15=0,0,$B34)+IF(J16=0,0,$B34*2) -> 100000 | ... N34: =IF(N14=0,0,$B34)+IF(N15=0,0,$B34)+IF(N16=0,0,$B34*2) -> 100000 | O34: =SUM(C34:N34) -> 1100000 | P34: =IF(P14=0,0,$B34*(1+$B6))+IF(P15=0,0,$B34*(1+$B6))+IF(P16=0,0,$B34*2*(1+$B6)) -> 220000 | Q34: =IF(Q14=0,0,$B34*(1+$B6))+IF(Q15=0,0,$B34*(1+$B6))+IF(Q16=0,0,$B34*2*(1+$B6)) -> 220000 | R34: =IF(R14=0,0,$B34*(1+$B6))+IF(R15=0,0,$B34*(1+$B6))+IF(R16=0,0,$B34*2*(1+$B6)) -> 220000 | S34: =IF(S14=0,0,$B34*(1+$B6))+IF(S15=0,0,$B34*(1+$B6))+IF(S16=0,0,$B34*2*(1+$B6)) -> 220000 | T34: =IF(T14=0,0,$B34*(1+$B6))+IF(T15=0,0,$B34*(1+$B6))+IF(T16=0,0,$B34*2*(1+$B6)) -> 220000 | U34: =IF(U14=0,0,$B34*(1+$B6))+IF(U15=0,0,$B34*(1+$B6))+IF(U16=0,0,$B34*2*(1+$B6)) -> 220000 | V34: =IF(V14=0,0,$B34*(1+$B6))+IF(V15=0,0,$B34*(1+$B6))+IF(V16=0,0,$B34*2*(1+$B6)) -> 220000 | W34: =IF(W14=0,0,$B34*(1+$B6))+IF(W15=0,0,$B34*(1+$B6))+IF(W16=0,0,$B34*2*(1+$B6)) -> 220000 | ... AA34: =IF(AA14=0,0,$B34*(1+$B6))+IF(AA15=0,0,$B34*(1+$B6))+IF(AA16=0,0,$B34*2*(1+$B6)) -> 220000 | AB34: =SUM(P34:AA34) -> 2640000 | AC34: =IF(AC14=0,0,$B34*(1+$B6*2))+IF(AC15=0,0,$B34*(1+$B6*2))+IF(AC16=0,0,$B34*2*(1+$B6*2)) -> 240000 | AD34: =IF(AD14=0,0,$B34*(1+$B6*2))+IF(AD15=0,0,$B34*(1+$B6*2))+IF(AD16=0,0,$B34*2*(1+$B6*2)) -> 240000 | AE34: =IF(AE14=0,0,$B34*(1+$B6*2))+IF(AE15=0,0,$B34*(1+$B6*2))+IF(AE16=0,0,$B34*2*(1+$B6*2)) -> 240000 | AF34: =IF(AF14=0,0,$B34*(1+$B6*2))+IF(AF15=0,0,$B34*(1+$B6*2))+IF(AF16=0,0,$B34*2*(1+$B6*2)) -> 240000 | AG34: =IF(AG14=0,0,$B34*(1+$B6*2))+IF(AG15=0,0,$B34*(1+$B6*2))+IF(AG16=0,0,$B34*2*(1+$B6*2)) -> 240000 | AH34: =IF(AH14=0,0,$B34*(1+$B6*2))+IF(AH15=0,0,$B34*(1+$B6*2))+IF(AH16=0,0,$B34*2*(1+$B6*2)) -> 240000 | AI34: =IF(AI14=0,0,$B34*(1+$B6*2))+IF(AI15=0,0,$B34*(1+$B6*2))+IF(AI16=0,0,$B34*2*(1+$B6*2)) -> 240000 | AJ34: =IF(AJ14=0,0,$B34*(1+$B6*2))+IF(AJ15=0,0,$B34*(1+$B6*2))+IF(AJ16=0,0,$B34*2*(1+$B6*2)) -> 240000 | ... AN34: =IF(AN14=0,0,$B34*(1+$B6*2))+IF(AN15=0,0,$B34*(1+$B6*2))+IF(AN16=0,0,$B34*2*(1+$B6*2)) -> 240000 | AO34: =SUM(AC34:AN34) -> 2880000
A35: Береговое обеспечение | C35: =SUM(C36:C39) -> 320000 | D35: =SUM(D36:D39) -> 160000 | E35: =SUM(E36:E39) -> 160000 | F35: =SUM(F36:F39) -> 320000 | G35: =SUM(G36:G39) -> 320000 | H35: =SUM(H36:H39) -> 320000 | I35: =SUM(I36:I39) -> 320000 | J35: =SUM(J36:J39) -> 320000 | ... N35: =SUM(N36:N39) -> 320000 | O35: =SUM(C35:N35) -> 3520000 | P35: =SUM(P36:P39) -> 528000 | Q35: =SUM(Q36:Q39) -> 528000 | R35: =SUM(R36:R39) -> 528000 | S35: =SUM(S36:S39) -> 528000 | T35: =SUM(T36:T39) -> 528000 | U35: =SUM(U36:U39) -> 528000 | V35: =SUM(V36:V39) -> 528000 | W35: =SUM(W36:W39) -> 528000 | ... AA35: =SUM(AA36:AA39) -> 528000 | AB35: =SUM(P35:AA35) -> 6336000 | AC35: =SUM(AC36:AC39) -> 576000 | AD35: =SUM(AD36:AD39) -> 576000 | AE35: =SUM(AE36:AE39) -> 576000 | AF35: =SUM(AF36:AF39) -> 576000 | AG35: =SUM(AG36:AG39) -> 576000 | AH35: =SUM(AH36:AH39) -> 576000 | AI35: =SUM(AI36:AI39) -> 576000 | AJ35: =SUM(AJ36:AJ39) -> 576000 | ... AN35: =SUM(AN36:AN39) -> 576000 | AO35: =SUM(AC35:AN35) -> 6912000
A36: электричество | B36: 40000 | C36: =IF(C14=0,0,$B36)+IF(C15=0,0,$B36)+IF(C16=0,0,$B36) -> 80000 | D36: =IF(D14=0,0,$B36)+IF(D15=0,0,$B36)+IF(D16=0,0,$B36) -> 40000 | E36: =IF(E14=0,0,$B36)+IF(E15=0,0,$B36)+IF(E16=0,0,$B36) -> 40000 | F36: =IF(F14=0,0,$B36)+IF(F15=0,0,$B36)+IF(F16=0,0,$B36) -> 80000 | G36: =IF(G14=0,0,$B36)+IF(G15=0,0,$B36)+IF(G16=0,0,$B36) -> 80000 | H36: =IF(H14=0,0,$B36)+IF(H15=0,0,$B36)+IF(H16=0,0,$B36) -> 80000 | I36: =IF(I14=0,0,$B36)+IF(I15=0,0,$B36)+IF(I16=0,0,$B36) -> 80000 | J36: =IF(J14=0,0,$B36)+IF(J15=0,0,$B36)+IF(J16=0,0,$B36) -> 80000 | ... N36: =IF(N14=0,0,$B36)+IF(N15=0,0,$B36)+IF(N16=0,0,$B36) -> 80000 | O36: =SUM(C36:N36) -> 880000 | P36: =IF(P14=0,0,$B36*(1+$B6))+IF(P15=0,0,$B36*(1+$B6))+IF(P16=0,0,$B36*(1+$B6)) -> 132000 | Q36: =IF(Q14=0,0,$B36*(1+$B6))+IF(Q15=0,0,$B36*(1+$B6))+IF(Q16=0,0,$B36*(1+$B6)) -> 132000 | R36: =IF(R14=0,0,$B36*(1+$B6))+IF(R15=0,0,$B36*(1+$B6))+IF(R16=0,0,$B36*(1+$B6)) -> 132000 | S36: =IF(S14=0,0,$B36*(1+$B6))+IF(S15=0,0,$B36*(1+$B6))+IF(S16=0,0,$B36*(1+$B6)) -> 132000 | T36: =IF(T14=0,0,$B36*(1+$B6))+IF(T15=0,0,$B36*(1+$B6))+IF(T16=0,0,$B36*(1+$B6)) -> 132000 | U36: =IF(U14=0,0,$B36*(1+$B6))+IF(U15=0,0,$B36*(1+$B6))+IF(U16=0,0,$B36*(1+$B6)) -> 132000 | V36: =IF(V14=0,0,$B36*(1+$B6))+IF(V15=0,0,$B36*(1+$B6))+IF(V16=0,0,$B36*(1+$B6)) -> 132000 | W36: =IF(W14=0,0,$B36*(1+$B6))+IF(W15=0,0,$B36*(1+$B6))+IF(W16=0,0,$B36*(1+$B6)) -> 132000 | ... AA36: =IF(AA14=0,0,$B36*(1+$B6))+IF(AA15=0,0,$B36*(1+$B6))+IF(AA16=0,0,$B36*(1+$B6)) -> 132000 | AB36: =SUM(P36:AA36) -> 1584000 | AC36: =IF(AC14=0,0,$B36*(1+$B6*2))+IF(AC15=0,0,$B36*(1+$B6*2))+IF(AC16=0,0,$B36*(1+$B6*2)) -> 144000 | AD36: =IF(AD14=0,0,$B36*(1+$B6*2))+IF(AD15=0,0,$B36*(1+$B6*2))+IF(AD16=0,0,$B36*(1+$B6*2)) -> 144000 | AE36: =IF(AE14=0,0,$B36*(1+$B6*2))+IF(AE15=0,0,$B36*(1+$B6*2))+IF(AE16=0,0,$B36*(1+$B6*2)) -> 144000 | AF36: =IF(AF14=0,0,$B36*(1+$B6*2))+IF(AF15=0,0,$B36*(1+$B6*2))+IF(AF16=0,0,$B36*(1+$B6*2)) -> 144000 | AG36: =IF(AG14=0,0,$B36*(1+$B6*2))+IF(AG15=0,0,$B36*(1+$B6*2))+IF(AG16=0,0,$B36*(1+$B6*2)) -> 144000 | AH36: =IF(AH14=0,0,$B36*(1+$B6*2))+IF(AH15=0,0,$B36*(1+$B6*2))+IF(AH16=0,0,$B36*(1+$B6*2)) -> 144000 | AI36: =IF(AI14=0,0,$B36*(1+$B6*2))+IF(AI15=0,0,$B36*(1+$B6*2))+IF(AI16=0,0,$B36*(1+$B6*2)) -> 144000 | AJ36: =IF(AJ14=0,0,$B36*(1+$B6*2))+IF(AJ15=0,0,$B36*(1+$B6*2))+IF(AJ16=0,0,$B36*(1+$B6*2)) -> 144000 | ... AN36: =IF(AN14=0,0,$B36*(1+$B6*2))+IF(AN15=0,0,$B36*(1+$B6*2))+IF(AN16=0,0,$B36*(1+$B6*2)) -> 144000 | AO36: =SUM(AC36:AN36) -> 1728000
A37: причаливание | B37: 60000 | C37: =IF(C14=0,0,$B37)+IF(C15=0,0,$B37)+IF(C16=0,0,$B37) -> 120000 | D37: =IF(D14=0,0,$B37)+IF(D15=0,0,$B37)+IF(D16=0,0,$B37) -> 60000 | E37: =IF(E14=0,0,$B37)+IF(E15=0,0,$B37)+IF(E16=0,0,$B37) -> 60000 | F37: =IF(F14=0,0,$B37)+IF(F15=0,0,$B37)+IF(F16=0,0,$B37) -> 120000 | G37: =IF(G14=0,0,$B37)+IF(G15=0,0,$B37)+IF(G16=0,0,$B37) -> 120000 | H37: =IF(H14=0,0,$B37)+IF(H15=0,0,$B37)+IF(H16=0,0,$B37) -> 120000 | I37: =IF(I14=0,0,$B37)+IF(I15=0,0,$B37)+IF(I16=0,0,$B37) -> 120000 | J37: =IF(J14=0,0,$B37)+IF(J15=0,0,$B37)+IF(J16=0,0,$B37) -> 120000 | ... N37: =IF(N14=0,0,$B37)+IF(N15=0,0,$B37)+IF(N16=0,0,$B37) -> 120000 | O37: =SUM(C37:N37) -> 1320000 | P37: =IF(P14=0,0,$B37*(1+$B6))+IF(P15=0,0,$B37*(1+$B6))+IF(P16=0,0,$B37*(1+$B6)) -> 198000 | Q37: =IF(Q14=0,0,$B37*(1+$B6))+IF(Q15=0,0,$B37*(1+$B6))+IF(Q16=0,0,$B37*(1+$B6)) -> 198000 | R37: =IF(R14=0,0,$B37*(1+$B6))+IF(R15=0,0,$B37*(1+$B6))+IF(R16=0,0,$B37*(1+$B6)) -> 198000 | S37: =IF(S14=0,0,$B37*(1+$B6))+IF(S15=0,0,$B37*(1+$B6))+IF(S16=0,0,$B37*(1+$B6)) -> 198000 | T37: =IF(T14=0,0,$B37*(1+$B6))+IF(T15=0,0,$B37*(1+$B6))+IF(T16=0,0,$B37*(1+$B6)) -> 198000 | U37: =IF(U14=0,0,$B37*(1+$B6))+IF(U15=0,0,$B37*(1+$B6))+IF(U16=0,0,$B37*(1+$B6)) -> 198000 | V37: =IF(V14=0,0,$B37*(1+$B6))+IF(V15=0,0,$B37*(1+$B6))+IF(V16=0,0,$B37*(1+$B6)) -> 198000 | W37: =IF(W14=0,0,$B37*(1+$B6))+IF(W15=0,0,$B37*(1+$B6))+IF(W16=0,0,$B37*(1+$B6)) -> 198000 | ... AA37: =IF(AA14=0,0,$B37*(1+$B6))+IF(AA15=0,0,$B37*(1+$B6))+IF(AA16=0,0,$B37*(1+$B6)) -> 198000 | AB37: =SUM(P37:AA37) -> 2376000 | AC37: =IF(AC14=0,0,$B37*(1+$B6*2))+IF(AC15=0,0,$B37*(1+$B6*2))+IF(AC16=0,0,$B37*(1+$B6*2)) -> 216000 | AD37: =IF(AD14=0,0,$B37*(1+$B6*2))+IF(AD15=0,0,$B37*(1+$B6*2))+IF(AD16=0,0,$B37*(1+$B6*2)) -> 216000 | AE37: =IF(AE14=0,0,$B37*(1+$B6*2))+IF(AE15=0,0,$B37*(1+$B6*2))+IF(AE16=0,0,$B37*(1+$B6*2)) -> 216000 | AF37: =IF(AF14=0,0,$B37*(1+$B6*2))+IF(AF15=0,0,$B37*(1+$B6*2))+IF(AF16=0,0,$B37*(1+$B6*2)) -> 216000 | AG37: =IF(AG14=0,0,$B37*(1+$B6*2))+IF(AG15=0,0,$B37*(1+$B6*2))+IF(AG16=0,0,$B37*(1+$B6*2)) -> 216000 | AH37: =IF(AH14=0,0,$B37*(1+$B6*2))+IF(AH15=0,0,$B37*(1+$B6*2))+IF(AH16=0,0,$B37*(1+$B6*2)) -> 216000 | AI37: =IF(AI14=0,0,$B37*(1+$B6*2))+IF(AI15=0,0,$B37*(1+$B6*2))+IF(AI16=0,0,$B37*(1+$B6*2)) -> 216000 | AJ37: =IF(AJ14=0,0,$B37*(1+$B6*2))+IF(AJ15=0,0,$B37*(1+$B6*2))+IF(AJ16=0,0,$B37*(1+$B6*2)) -> 216000 | ... AN37: =IF(AN14=0,0,$B37*(1+$B6*2))+IF(AN15=0,0,$B37*(1+$B6*2))+IF(AN16=0,0,$B37*(1+$B6*2)) -> 216000 | AO37: =SUM(AC37:AN37) -> 2592000
A38: отстой | B38: 50000 | C38: =IF(C14=0,0,$B38)+IF(C15=0,0,$B38)+IF(C16=0,0,$B38) -> 100000 | D38: =IF(D14=0,0,$B38)+IF(D15=0,0,$B38)+IF(D16=0,0,$B38) -> 50000 | E38: =IF(E14=0,0,$B38)+IF(E15=0,0,$B38)+IF(E16=0,0,$B38) -> 50000 | F38: =IF(F14=0,0,$B38)+IF(F15=0,0,$B38)+IF(F16=0,0,$B38) -> 100000 | G38: =IF(G14=0,0,$B38)+IF(G15=0,0,$B38)+IF(G16=0,0,$B38) -> 100000 | H38: =IF(H14=0,0,$B38)+IF(H15=0,0,$B38)+IF(H16=0,0,$B38) -> 100000 | I38: =IF(I14=0,0,$B38)+IF(I15=0,0,$B38)+IF(I16=0,0,$B38) -> 100000 | J38: =IF(J14=0,0,$B38)+IF(J15=0,0,$B38)+IF(J16=0,0,$B38) -> 100000 | ... N38: =IF(N14=0,0,$B38)+IF(N15=0,0,$B38)+IF(N16=0,0,$B38) -> 100000 | O38: =SUM(C38:N38) -> 1100000 | P38: =IF(P14=0,0,$B38*(1+$B6))+IF(P15=0,0,$B38*(1+$B6))+IF(P16=0,0,$B38*(1+$B6)) -> 165000 | Q38: =IF(Q14=0,0,$B38*(1+$B6))+IF(Q15=0,0,$B38*(1+$B6))+IF(Q16=0,0,$B38*(1+$B6)) -> 165000 | R38: =IF(R14=0,0,$B38*(1+$B6))+IF(R15=0,0,$B38*(1+$B6))+IF(R16=0,0,$B38*(1+$B6)) -> 165000 | S38: =IF(S14=0,0,$B38*(1+$B6))+IF(S15=0,0,$B38*(1+$B6))+IF(S16=0,0,$B38*(1+$B6)) -> 165000 | T38: =IF(T14=0,0,$B38*(1+$B6))+IF(T15=0,0,$B38*(1+$B6))+IF(T16=0,0,$B38*(1+$B6)) -> 165000 | U38: =IF(U14=0,0,$B38*(1+$B6))+IF(U15=0,0,$B38*(1+$B6))+IF(U16=0,0,$B38*(1+$B6)) -> 165000 | V38: =IF(V14=0,0,$B38*(1+$B6))+IF(V15=0,0,$B38*(1+$B6))+IF(V16=0,0,$B38*(1+$B6)) -> 165000 | W38: =IF(W14=0,0,$B38*(1+$B6))+IF(W15=0,0,$B38*(1+$B6))+IF(W16=0,0,$B38*(1+$B6)) -> 165000 | ... AA38: =IF(AA14=0,0,$B38*(1+$B6))+IF(AA15=0,0,$B38*(1+$B6))+IF(AA16=0,0,$B38*(1+$B6)) -> 165000 | AB38: =SUM(P38:AA38) -> 1980000 | AC38: =IF(AC14=0,0,$B38*(1+$B6*2))+IF(AC15=0,0,$B38*(1+$B6*2))+IF(AC16=0,0,$B38*(1+$B6*2)) -> 180000 | AD38: =IF(AD14=0,0,$B38*(1+$B6*2))+IF(AD15=0,0,$B38*(1+$B6*2))+IF(AD16=0,0,$B38*(1+$B6*2)) -> 180000 | AE38: =IF(AE14=0,0,$B38*(1+$B6*2))+IF(AE15=0,0,$B38*(1+$B6*2))+IF(AE16=0,0,$B38*(1+$B6*2)) -> 180000 | AF38: =IF(AF14=0,0,$B38*(1+$B6*2))+IF(AF15=0,0,$B38*(1+$B6*2))+IF(AF16=0,0,$B38*(1+$B6*2)) -> 180000 | AG38: =IF(AG14=0,0,$B38*(1+$B6*2))+IF(AG15=0,0,$B38*(1+$B6*2))+IF(AG16=0,0,$B38*(1+$B6*2)) -> 180000 | AH38: =IF(AH14=0,0,$B38*(1+$B6*2))+IF(AH15=0,0,$B38*(1+$B6*2))+IF(AH16=0,0,$B38*(1+$B6*2)) -> 180000 | AI38: =IF(AI14=0,0,$B38*(1+$B6*2))+IF(AI15=0,0,$B38*(1+$B6*2))+IF(AI16=0,0,$B38*(1+$B6*2)) -> 180000 | AJ38: =IF(AJ14=0,0,$B38*(1+$B6*2))+IF(AJ15=0,0,$B38*(1+$B6*2))+IF(AJ16=0,0,$B38*(1+$B6*2)) -> 180000 | ... AN38: =IF(AN14=0,0,$B38*(1+$B6*2))+IF(AN15=0,0,$B38*(1+$B6*2))+IF(AN16=0,0,$B38*(1+$B6*2)) -> 180000 | AO38: =SUM(AC38:AN38) -> 2160000
A39: прочее | B39: 10000 | C39: =IF(C14=0,0,$B39)+IF(C15=0,0,$B39)+IF(C16=0,0,$B39) -> 20000 | D39: =IF(D14=0,0,$B39)+IF(D15=0,0,$B39)+IF(D16=0,0,$B39) -> 10000 | E39: =IF(E14=0,0,$B39)+IF(E15=0,0,$B39)+IF(E16=0,0,$B39) -> 10000 | F39: =IF(F14=0,0,$B39)+IF(F15=0,0,$B39)+IF(F16=0,0,$B39) -> 20000 | G39: =IF(G14=0,0,$B39)+IF(G15=0,0,$B39)+IF(G16=0,0,$B39) -> 20000 | H39: =IF(H14=0,0,$B39)+IF(H15=0,0,$B39)+IF(H16=0,0,$B39) -> 20000 | I39: =IF(I14=0,0,$B39)+IF(I15=0,0,$B39)+IF(I16=0,0,$B39) -> 20000 | J39: =IF(J14=0,0,$B39)+IF(J15=0,0,$B39)+IF(J16=0,0,$B39) -> 20000 | ... N39: =IF(N14=0,0,$B39)+IF(N15=0,0,$B39)+IF(N16=0,0,$B39) -> 20000 | O39: =SUM(C39:N39) -> 220000 | P39: =IF(P14=0,0,$B39*(1+$B6))+IF(P15=0,0,$B39*(1+$B6))+IF(P16=0,0,$B39*(1+$B6)) -> 33000 | Q39: =IF(Q14=0,0,$B39*(1+$B6))+IF(Q15=0,0,$B39*(1+$B6))+IF(Q16=0,0,$B39*(1+$B6)) -> 33000 | R39: =IF(R14=0,0,$B39*(1+$B6))+IF(R15=0,0,$B39*(1+$B6))+IF(R16=0,0,$B39*(1+$B6)) -> 33000 | S39: =IF(S14=0,0,$B39*(1+$B6))+IF(S15=0,0,$B39*(1+$B6))+IF(S16=0,0,$B39*(1+$B6)) -> 33000 | T39: =IF(T14=0,0,$B39*(1+$B6))+IF(T15=0,0,$B39*(1+$B6))+IF(T16=0,0,$B39*(1+$B6)) -> 33000 | U39: =IF(U14=0,0,$B39*(1+$B6))+IF(U15=0,0,$B39*(1+$B6))+IF(U16=0,0,$B39*(1+$B6)) -> 33000 | V39: =IF(V14=0,0,$B39*(1+$B6))+IF(V15=0,0,$B39*(1+$B6))+IF(V16=0,0,$B39*(1+$B6)) -> 33000 | W39: =IF(W14=0,0,$B39*(1+$B6))+IF(W15=0,0,$B39*(1+$B6))+IF(W16=0,0,$B39*(1+$B6)) -> 33000 | ... AA39: =IF(AA14=0,0,$B39*(1+$B6))+IF(AA15=0,0,$B39*(1+$B6))+IF(AA16=0,0,$B39*(1+$B6)) -> 33000 | AB39: =SUM(P39:AA39) -> 396000 | AC39: =IF(AC14=0,0,$B39*(1+$B6*2))+IF(AC15=0,0,$B39*(1+$B6*2))+IF(AC16=0,0,$B39*(1+$B6*2)) -> 36000 | AD39: =IF(AD14=0,0,$B39*(1+$B6*2))+IF(AD15=0,0,$B39*(1+$B6*2))+IF(AD16=0,0,$B39*(1+$B6*2)) -> 36000 | AE39: =IF(AE14=0,0,$B39*(1+$B6*2))+IF(AE15=0,0,$B39*(1+$B6*2))+IF(AE16=0,0,$B39*(1+$B6*2)) -> 36000 | AF39: =IF(AF14=0,0,$B39*(1+$B6*2))+IF(AF15=0,0,$B39*(1+$B6*2))+IF(AF16=0,0,$B39*(1+$B6*2)) -> 36000 | AG39: =IF(AG14=0,0,$B39*(1+$B6*2))+IF(AG15=0,0,$B39*(1+$B6*2))+IF(AG16=0,0,$B39*(1+$B6*2)) -> 36000 | AH39: =IF(AH14=0,0,$B39*(1+$B6*2))+IF(AH15=0,0,$B39*(1+$B6*2))+IF(AH16=0,0,$B39*(1+$B6*2)) -> 36000 | AI39: =IF(AI14=0,0,$B39*(1+$B6*2))+IF(AI15=0,0,$B39*(1+$B6*2))+IF(AI16=0,0,$B39*(1+$B6*2)) -> 36000 | AJ39: =IF(AJ14=0,0,$B39*(1+$B6*2))+IF(AJ15=0,0,$B39*(1+$B6*2))+IF(AJ16=0,0,$B39*(1+$B6*2)) -> 36000 | ... AN39: =IF(AN14=0,0,$B39*(1+$B6*2))+IF(AN15=0,0,$B39*(1+$B6*2))+IF(AN16=0,0,$B39*(1+$B6*2)) -> 36000 | AO39: =SUM(AC39:AN39) -> 432000
A40: IT | C40: =C13*$H3 -> 236250 | D40: =D13*$H3 -> 315000 | E40: =E13*$H3 -> 420000 | F40: =F13*$H3 -> 1050000 | G40: =G13*$H3 -> 1260000 | H40: =H13*$H3 -> 1470000 | I40: =I13*$H3 -> 1680000 | J40: =J13*$H3 -> 1890000 | ... N40: =N13*$H3 -> 2520000 | O40: =SUM(C40:N40) -> 17771250 | P40: =P13*$H3 -> 5776155 | Q40: =Q13*$H3 -> 5776155 | R40: =R13*$H3 -> 5776155 | S40: =S13*$H3 -> 5776155 | T40: =T13*$H3 -> 5776155 | U40: =U13*$H3 -> 5776155 | V40: =V13*$H3 -> 5776155 | W40: =W13*$H3 -> 5776155 | ... AA40: =AA13*$H3 -> 5776155 | AB40: =SUM(P40:AA40) -> 69313860 | AC40: =AC13*$H3 -> 6301260 | AD40: =AD13*$H3 -> 6301260 | AE40: =AE13*$H3 -> 6301260 | AF40: =AF13*$H3 -> 6301260 | AG40: =AG13*$H3 -> 6301260 | AH40: =AH13*$H3 -> 6301260 | AI40: =AI13*$H3 -> 6301260 | AJ40: =AJ13*$H3 -> 6301260 | ... AN40: =AN13*$H3 -> 6301260 | AO40: =SUM(AC40:AN40) -> 75615120
A41: представительские | C41: =C13*$H4 -> 94500 | D41: =D13*$H4 -> 126000 | E41: =E13*$H4 -> 168000 | F41: =F13*$H4 -> 420000 | G41: =G13*$H4 -> 504000 | H41: =H13*$H4 -> 588000 | I41: =I13*$H4 -> 672000 | J41: =J13*$H4 -> 756000 | ... N41: =N13*$H4 -> 1008000 | O41: =SUM(C41:N41) -> 7108500 | P41: =P13*$H4 -> 2310462 | Q41: =Q13*$H4 -> 2310462 | R41: =R13*$H4 -> 2310462 | S41: =S13*$H4 -> 2310462 | T41: =T13*$H4 -> 2310462 | U41: =U13*$H4 -> 2310462 | V41: =V13*$H4 -> 2310462 | W41: =W13*$H4 -> 2310462 | ... AA41: =AA13*$H4 -> 2310462 | AB41: =SUM(P41:AA41) -> 27725544 | AC41: =AC13*$H4 -> 2520504 | AD41: =AD13*$H4 -> 2520504 | AE41: =AE13*$H4 -> 2520504 | AF41: =AF13*$H4 -> 2520504 | AG41: =AG13*$H4 -> 2520504 | AH41: =AH13*$H4 -> 2520504 | AI41: =AI13*$H4 -> 2520504 | AJ41: =AJ13*$H4 -> 2520504 | ... AN41: =AN13*$H4 -> 2520504 | AO41: =SUM(AC41:AN41) -> 30246048
A42: Офис | B42: 400000 | C42: =B42 -> 400000 | D42: =C42 -> 400000 | E42: =D42 -> 400000 | F42: =E42 -> 400000 | G42: =F42 -> 400000 | H42: =G42 -> 400000 | I42: =H42 -> 400000 | J42: =I42 -> 400000 | ... N42: =M42 -> 400000 | O42: =SUM(C42:N42) -> 4800000 | P42: =C42*(1+$B12) -> 400000 | Q42: =D42*(1+$B12) -> 400000 | R42: =E42*(1+$B12) -> 400000 | S42: =F42*(1+$B12) -> 400000 | T42: =G42*(1+$B12) -> 400000 | U42: =H42*(1+$B12) -> 400000 | V42: =I42*(1+$B12) -> 400000 | W42: =J42*(1+$B12) -> 400000 | ... AA42: =N42*(1+$B12) -> 400000 | AB42: =SUM(P42:AA42) -> 4800000 | AC42: =P42*(1+$B12) -> 400000 | AD42: =Q42*(1+$B12) -> 400000 | AE42: =R42*(1+$B12) -> 400000 | AF42: =S42*(1+$B12) -> 400000 | AG42: =T42*(1+$B12) -> 400000 | AH42: =U42*(1+$B12) -> 400000 | AI42: =V42*(1+$B12) -> 400000 | AJ42: =W42*(1+$B12) -> 400000 | ... AN42: =AA42*(1+$B12) -> 400000 | AO42: =SUM(AC42:AN42) -> 4800000
A43: Коллцентр | B43: 200000 | C43: =B43 -> 200000 | D43: =C43 -> 200000 | E43: =D43 -> 200000 | F43: =E43 -> 200000 | G43: =F43 -> 200000 | H43: =G43 -> 200000 | I43: =H43 -> 200000 | J43: =I43 -> 200000 | ... N43: =M43 -> 200000 | O43: =SUM(C43:N43) -> 2400000 | P43: =C43*(1+$B13) -> 200000 | Q43: =D43*(1+$B13) -> 200000 | R43: =E43*(1+$B13) -> 200000 | S43: =F43*(1+$B13) -> 200000 | T43: =G43*(1+$B13) -> 200000 | U43: =H43*(1+$B13) -> 200000 | V43: =I43*(1+$B13) -> 200000 | W43: =J43*(1+$B13) -> 200000 | ... AA43: =N43*(1+$B13) -> 200000 | AB43: =SUM(P43:AA43) -> 2400000 | AC43: =P43*(1+$B13) -> 200000 | AD43: =Q43*(1+$B13) -> 200000 | AE43: =R43*(1+$B13) -> 200000 | AF43: =S43*(1+$B13) -> 200000 | AG43: =T43*(1+$B13) -> 200000 | AH43: =U43*(1+$B13) -> 200000 | AI43: =V43*(1+$B13) -> 200000 | AJ43: =W43*(1+$B13) -> 200000 | ... AN43: =AA43*(1+$B13) -> 200000 | AO43: =SUM(AC43:AN43) -> 2400000
A44: хозяйственные | C44: =C13*$H6 -> 94500 | D44: =D13*$H6 -> 126000 | E44: =E13*$H6 -> 168000 | F44: =F13*$H6 -> 420000 | G44: =G13*$H6 -> 504000 | H44: =H13*$H6 -> 588000 | I44: =I13*$H6 -> 672000 | J44: =J13*$H6 -> 756000 | ... N44: =N13*$H6 -> 1008000 | O44: =SUM(C44:N44) -> 7108500 | P44: =P13*$H6 -> 2310462 | Q44: =Q13*$H6 -> 2310462 | R44: =R13*$H6 -> 2310462 | S44: =S13*$H6 -> 2310462 | T44: =T13*$H6 -> 2310462 | U44: =U13*$H6 -> 2310462 | V44: =V13*$H6 -> 2310462 | W44: =W13*$H6 -> 2310462 | ... AA44: =AA13*$H6 -> 2310462 | AB44: =SUM(P44:AA44) -> 27725544 | AC44: =AC13*$H6 -> 2520504 | AD44: =AD13*$H6 -> 2520504 | AE44: =AE13*$H6 -> 2520504 | AF44: =AF13*$H6 -> 2520504 | AG44: =AG13*$H6 -> 2520504 | AH44: =AH13*$H6 -> 2520504 | AI44: =AI13*$H6 -> 2520504 | AJ44: =AJ13*$H6 -> 2520504 | ... AN44: =AN13*$H6 -> 2520504 | AO44: =SUM(AC44:AN44) -> 30246048
A45: прочие | C45: =C13*$H7 -> 47250 | D45: =D13*$H7 -> 63000 | E45: =E13*$H7 -> 84000 | F45: =F13*$H7 -> 210000 | G45: =G13*$H7 -> 252000 | H45: =H13*$H7 -> 294000 | I45: =I13*$H7 -> 336000 | J45: =J13*$H7 -> 378000 | ... N45: =N13*$H7 -> 504000 | O45: =SUM(C45:N45) -> 3554250 | P45: =P13*$H7 -> 1155231 | Q45: =Q13*$H7 -> 1155231 | R45: =R13*$H7 -> 1155231 | S45: =S13*$H7 -> 1155231 | T45: =T13*$H7 -> 1155231 | U45: =U13*$H7 -> 1155231 | V45: =V13*$H7 -> 1155231 | W45: =W13*$H7 -> 1155231 | ... AA45: =AA13*$H7 -> 1155231 | AB45: =SUM(P45:AA45) -> 13862772 | AC45: =AC13*$H7 -> 1260252 | AD45: =AD13*$H7 -> 1260252 | AE45: =AE13*$H7 -> 1260252 | AF45: =AF13*$H7 -> 1260252 | AG45: =AG13*$H7 -> 1260252 | AH45: =AH13*$H7 -> 1260252 | AI45: =AI13*$H7 -> 1260252 | AJ45: =AJ13*$H7 -> 1260252 | ... AN45: =AN13*$H7 -> 1260252 | AO45: =SUM(AC45:AN45) -> 15123024
A46: Финансовые расходы | C46: =SUM(C47:C49) -> 1134580 | D46: =SUM(D47:D49) -> 1927200 | E46: =SUM(E47:E49) -> 2662000 | F46: =SUM(F47:F49) -> 6829280 | G46: =SUM(G47:G49) -> 8298880 | H46: =SUM(H47:H49) -> 9768480 | I46: =SUM(I47:I49) -> 11238080 | J46: =SUM(J47:J49) -> 12707680 | ... N46: =SUM(N47:N49) -> 17116480 | O46: =SUM(C46:N46) -> 118623300 | P46: =SUM(P47:P49) -> 39586819 | Q46: =SUM(Q47:Q49) -> 39586819 | R46: =SUM(R47:R49) -> 39586819 | S46: =SUM(S47:S49) -> 39586819 | T46: =SUM(T47:T49) -> 39586819 | U46: =SUM(U47:U49) -> 39586819 | V46: =SUM(V47:V49) -> 39586819 | W46: =SUM(W47:W49) -> 39586819 | ... AA46: =SUM(AA47:AA49) -> 39586819 | AB46: =SUM(P46:AA46) -> 4.7504183e+08 | AC46: =SUM(AC47:AC49) -> 43197373 | AD46: =SUM(AD47:AD49) -> 43197373 | AE46: =SUM(AE47:AE49) -> 43197373 | AF46: =SUM(AF47:AF49) -> 43197373 | AG46: =SUM(AG47:AG49) -> 43197373 | AH46: =SUM(AH47:AH49) -> 43197373 | AI46: =SUM(AI47:AI49) -> 43197373 | AJ46: =SUM(AJ47:AJ49) -> 43197373 | ... AN46: =SUM(AN47:AN49) -> 43197373 | AO46: =SUM(AC46:AN46) -> 5.1836847e+08
A47: РКО | C47: =C13*$H5 -> 47250 | D47: =D13*$H5 -> 63000 | E47: =E13*$H5 -> 84000 | F47: =F13*$H5 -> 210000 | G47: =G13*$H5 -> 252000 | H47: =H13*$H5 -> 294000 | I47: =I13*$H5 -> 336000 | J47: =J13*$H5 -> 378000 | ... N47: =N13*$H5 -> 504000 | O47: =SUM(C47:N47) -> 3554250 | P47: =P13*$H5 -> 1155231 | Q47: =Q13*$H5 -> 1155231 | R47: =R13*$H5 -> 1155231 | S47: =S13*$H5 -> 1155231 | T47: =T13*$H5 -> 1155231 | U47: =U13*$H5 -> 1155231 | V47: =V13*$H5 -> 1155231 | W47: =W13*$H5 -> 1155231 | ... AA47: =AA13*$H5 -> 1155231 | AB47: =SUM(P47:AA47) -> 13862772 | AC47: =AC13*$H5 -> 1260252 | AD47: =AD13*$H5 -> 1260252 | AE47: =AE13*$H5 -> 1260252 | AF47: =AF13*$H5 -> 1260252 | AG47: =AG13*$H5 -> 1260252 | AH47: =AH13*$H5 -> 1260252 | AI47: =AI13*$H5 -> 1260252 | AJ47: =AJ13*$H5 -> 1260252 | ... AN47: =AN13*$H5 -> 1260252 | AO47: =SUM(AC47:AN47) -> 15123024
A48: зарплатные налоги | C48: =C21*$H1 -> 911600 | D48: =D21*$H1 -> 731000 | E48: =E21*$H1 -> 731000 | F48: =F21*$H1 -> 911600 | G48: =G21*$H1 -> 911600 | H48: =H21*$H1 -> 911600 | I48: =I21*$H1 -> 911600 | J48: =J21*$H1 -> 911600 | ... N48: =N21*$H1 -> 911600 | O48: =SUM(C48:N48) -> 10578000 | P48: =P21*$H1 -> 1201420 | Q48: =Q21*$H1 -> 1201420 | R48: =R21*$H1 -> 1201420 | S48: =S21*$H1 -> 1201420 | T48: =T21*$H1 -> 1201420 | U48: =U21*$H1 -> 1201420 | V48: =V21*$H1 -> 1201420 | W48: =W21*$H1 -> 1201420 | ... AA48: =AA21*$H1 -> 1201420 | AB48: =SUM(P48:AA48) -> 14417040 | AC48: =AC21*$H1 -> 1316144 | AD48: =AD21*$H1 -> 1316144 | AE48: =AE21*$H1 -> 1316144 | AF48: =AF21*$H1 -> 1316144 | AG48: =AG21*$H1 -> 1316144 | AH48: =AH21*$H1 -> 1316144 | AI48: =AI21*$H1 -> 1316144 | AJ48: =AJ21*$H1 -> 1316144 | ... AN48: =AN21*$H1 -> 1316144 | AO48: =SUM(AC48:AN48) -> 15793728
A49: налог на прибыль | C49: =IF((C13-C18-C47-C48)>0,(C13-C18-C47-C48)*$H2,0) -> 175730 | D49: =IF((D13-D18-D47-D48)>0,(D13-D18-D47-D48)*$H2,0) -> 1133200 | E49: =IF((E13-E18-E47-E48)>0,(E13-E18-E47-E48)*$H2,0) -> 1847000 | F49: =IF((F13-F18-F47-F48)>0,(F13-F18-F47-F48)*$H2,0) -> 5707680 | G49: =IF((G13-G18-G47-G48)>0,(G13-G18-G47-G48)*$H2,0) -> 7135280 | H49: =IF((H13-H18-H47-H48)>0,(H13-H18-H47-H48)*$H2,0) -> 8562880 | I49: =IF((I13-I18-I47-I48)>0,(I13-I18-I47-I48)*$H2,0) -> 9990480 | J49: =IF((J13-J18-J47-J48)>0,(J13-J18-J47-J48)*$H2,0) -> 11418080 | ... N49: =IF((N13-N18-N47-N48)>0,(N13-N18-N47-N48)*$H2,0) -> 15700880 | O49: =SUM(C49:N49) -> 104491050 | P49: =IF((P13-P18-P47-P48)>0,(P13-P18-P47-P48)*$H2,0) -> 37230168 | Q49: =IF((Q13-Q18-Q47-Q48)>0,(Q13-Q18-Q47-Q48)*$H2,0) -> 37230168 | R49: =IF((R13-R18-R47-R48)>0,(R13-R18-R47-R48)*$H2,0) -> 37230168 | S49: =IF((S13-S18-S47-S48)>0,(S13-S18-S47-S48)*$H2,0) -> 37230168 | T49: =IF((T13-T18-T47-T48)>0,(T13-T18-T47-T48)*$H2,0) -> 37230168 | U49: =IF((U13-U18-U47-U48)>0,(U13-U18-U47-U48)*$H2,0) -> 37230168 | V49: =IF((V13-V18-V47-V48)>0,(V13-V18-V47-V48)*$H2,0) -> 37230168 | W49: =IF((W13-W18-W47-W48)>0,(W13-W18-W47-W48)*$H2,0) -> 37230168 | ... AA49: =IF((AA13-AA18-AA47-AA48)>0,(AA13-AA18-AA47-AA48)*$H2,0) -> 37230168 | AB49: =SUM(P49:AA49) -> 4.4676201e+08 | AC49: =IF((AC13-AC18-AC47-AC48)>0,(AC13-AC18-AC47-AC48)*$H2,0) -> 40620977 | AD49: =IF((AD13-AD18-AD47-AD48)>0,(AD13-AD18-AD47-AD48)*$H2,0) -> 40620977 | AE49: =IF((AE13-AE18-AE47-AE48)>0,(AE13-AE18-AE47-AE48)*$H2,0) -> 40620977 | AF49: =IF((AF13-AF18-AF47-AF48)>0,(AF13-AF18-AF47-AF48)*$H2,0) -> 40620977 | AG49: =IF((AG13-AG18-AG47-AG48)>0,(AG13-AG18-AG47-AG48)*$H2,0) -> 40620977 | AH49: =IF((AH13-AH18-AH47-AH48)>0,(AH13-AH18-AH47-AH48)*$H2,0) -> 40620977 | AI49: =IF((AI13-AI18-AI47-AI48)>0,(AI13-AI18-AI47-AI48)*$H2,0) -> 40620977 | AJ49: =IF((AJ13-AJ18-AJ47-AJ48)>0,(AJ13-AJ18-AJ47-AJ48)*$H2,0) -> 40620977 | ... AN49: =IF((AN13-AN18-AN47-AN48)>0,(AN13-AN18-AN47-AN48)*$H2,0) -> 40620977 | AO49: =SUM(AC49:AN49) -> 4.8745172e+08
A50: Инвестиции | C50: =SUM(C51:C53) -> 53746667 | D50: =SUM(D51:D53) -> 51666667 | E50: =SUM(E51:E53) -> 51666667 | F50: =SUM(F51:F53) -> 25000000 | G50: =SUM(G51:G53) -> 25000000 | H50: =SUM(H51:H53) -> 25000000 | I50: =SUM(I51:I53) -> 25000000 | J50: =SUM(J51:J53) -> 25000000 | ... N50: =SUM(N51:N53) -> 25000000 | O50: =SUM(C50:N50) -> 382080000 | P50: =SUM(P51:P53) -> 0 | Q50: =SUM(Q51:Q53) -> 0 | R50: =SUM(R51:R53) -> 0 | S50: =SUM(S51:S53) -> 0 | T50: =SUM(T51:T53) -> 0 | U50: =SUM(U51:U53) -> 0 | V50: =SUM(V51:V53) -> 0 | W50: =SUM(W51:W53) -> 0 | ... AA50: =SUM(AA51:AA53) -> 0 | AB50: =SUM(P50:AA50) -> 0 | AC50: =SUM(AC51:AC53) -> 0 | AD50: =SUM(AD51:AD53) -> 0 | AE50: =SUM(AE51:AE53) -> 0 | AF50: =SUM(AF51:AF53) -> 0 | AG50: =SUM(AG51:AG53) -> 0 | AH50: =SUM(AH51:AH53) -> 0 | AI50: =SUM(AI51:AI53) -> 0 | AJ50: =SUM(AJ51:AJ53) -> 0 | ... AN50: =SUM(AN51:AN53) -> 0 | AO50: =SUM(AC50:AN50) -> 0
A51: Сильвер | B51: 80000000 | C51: =IF(C11<=$H8,$B51/$H8,0) -> 26666667 | D51: =IF(D11<=$H8,$B51/$H8,0) -> 26666667 | E51: =IF(E11<=$H8,$B51/$H8,0) -> 26666667 | F51: =IF(F11<=$H8,$B51/$H8,0) -> 0 | G51: =IF(G11<=$H8,$B51/$H8,0) -> 0 | H51: =IF(H11<=$H8,$B51/$H8,0) -> 0 | I51: =IF(I11<=$H8,$B51/$H8,0) -> 0 | J51: =IF(J11<=$H8,$B51/$H8,0) -> 0 | ... N51: =IF(N11<=$H8,$B51/$H8,0) -> 0 | O51: =SUM(C51:N51) -> 80000000 | P51: =IF(P11<=$H8,$B51/$H8,0) -> 0 | Q51: =IF(Q11<=$H8,$B51/$H8,0) -> 0 | R51: =IF(R11<=$H8,$B51/$H8,0) -> 0 | S51: =IF(S11<=$H8,$B51/$H8,0) -> 0 | T51: =IF(T11<=$H8,$B51/$H8,0) -> 0 | U51: =IF(U11<=$H8,$B51/$H8,0) -> 0 | V51: =IF(V11<=$H8,$B51/$H8,0) -> 0 | W51: =IF(W11<=$H8,$B51/$H8,0) -> 0 | ... AA51: =IF(AA11<=$H8,$B51/$H8,0) -> 0 | AB51: =SUM(P51:AA51) -> 0 | AC51: =IF(AC11<=$H8,$B51/$H8,0) -> 0 | AD51: =IF(AD11<=$H8,$B51/$H8,0) -> 0 | AE51: =IF(AE11<=$H8,$B51/$H8,0) -> 0 | AF51: =IF(AF11<=$H8,$B51/$H8,0) -> 0 | AG51: =IF(AG11<=$H8,$B51/$H8,0) -> 0 | AH51: =IF(AH11<=$H8,$B51/$H8,0) -> 0 | AI51: =IF(AI11<=$H8,$B51/$H8,0) -> 0 | AJ51: =IF(AJ11<=$H8,$B51/$H8,0) -> 0 | ... AN51: =IF(AN11<=$H8,$B51/$H8,0) -> 0 | AO51: =SUM(AC51:AN51) -> 0
A52: Фонтант 1 | B52: 300000000 | C52: =IF(C11<=$H9,$B52/$H9,0) -> 25000000 | D52: =IF(D11<=$H9,$B52/$H9,0) -> 25000000 | E52: =IF(E11<=$H9,$B52/$H9,0) -> 25000000 | F52: =IF(F11<=$H9,$B52/$H9,0) -> 25000000 | G52: =IF(G11<=$H9,$B52/$H9,0) -> 25000000 | H52: =IF(H11<=$H9,$B52/$H9,0) -> 25000000 | I52: =IF(I11<=$H9,$B52/$H9,0) -> 25000000 | J52: =IF(J11<=$H9,$B52/$H9,0) -> 25000000 | ... N52: =IF(N11<=$H9,$B52/$H9,0) -> 25000000 | O52: =SUM(C52:N52) -> 300000000 | P52: =IF(P11<=$H9,$B52/$H9,0) -> 0 | Q52: =IF(Q11<=$H9,$B52/$H9,0) -> 0 | R52: =IF(R11<=$H9,$B52/$H9,0) -> 0 | S52: =IF(S11<=$H9,$B52/$H9,0) -> 0 | T52: =IF(T11<=$H9,$B52/$H9,0) -> 0 | U52: =IF(U11<=$H9,$B52/$H9,0) -> 0 | V52: =IF(V11<=$H9,$B52/$H9,0) -> 0 | W52: =IF(W11<=$H9,$B52/$H9,0) -> 0 | ... AA52: =IF(AA11<=$H9,$B52/$H9,0) -> 0 | AB52: =SUM(P52:AA52) -> 0 | AC52: =IF(AC11<=$H9,$B52/$H9,0) -> 0 | AD52: =IF(AD11<=$H9,$B52/$H9,0) -> 0 | AE52: =IF(AE11<=$H9,$B52/$H9,0) -> 0 | AF52: =IF(AF11<=$H9,$B52/$H9,0) -> 0 | AG52: =IF(AG11<=$H9,$B52/$H9,0) -> 0 | AH52: =IF(AH11<=$H9,$B52/$H9,0) -> 0 | AI52: =IF(AI11<=$H9,$B52/$H9,0) -> 0 | AJ52: =IF(AJ11<=$H9,$B52/$H9,0) -> 0 | ... AN52: =IF(AN11<=$H9,$B52/$H9,0) -> 0 | AO52: =SUM(AC52:AN52) -> 0
A53: Разовые | C53: ='Разовые расходы'!B20 -> 2080000 | D53: 0 | E53: 0 | F53: 0 | G53: 0 | H53: 0 | I53: 0 | J53: 0 | K53: 0 | L53: 0 | M53: 0 | N53: 0 | O53: =SUM(C53:N53) -> 2080000 | P53: 0 | Q53: 0 | R53: 0 | S53: 0 | T53: 0 | U53: 0 | V53: 0 | W53: 0 | X53: 0 | Y53: 0 | Z53: 0 | AA53: 0 | AB53: =SUM(P53:AA53) -> 0 | AC53: 0 | AD53: 0 | AE53: 0 | AF53: 0 | AG53: 0 | AH53: 0 | AI53: 0 | AJ53: 0 | AK53: 0 | AL53: 0 | AM53: 0 | AN53: 0 | AO53: =SUM(AC53:AN53) -> 0
A54: Cash Flow | C54: =C13-C18-C46-C50 -> -53043747 | D54: =D13-D18-D46-D50 -> -47133867 | E54: =E13-E18-E46-E50 -> -44278667 | F54: =F13-F18-F46-F50 -> -2169280 | G54: =G13-G18-G46-G50 -> 3541120 | H54: =H13-H18-H46-H50 -> 9251520 | I54: =I13-I18-I46-I50 -> 14961920 | J54: =J13-J18-J46-J50 -> 20672320 | ... N54: =N13-N18-N46-N50 -> 37803520 | O54: =SUM(C54:N54) -> 35884200 | P54: =P13-P18-P46-P50 -> 1.4892067e+08 | Q54: =Q13-Q18-Q46-Q50 -> 1.4892067e+08 | R54: =R13-R18-R46-R50 -> 1.4892067e+08 | S54: =S13-S18-S46-S50 -> 1.4892067e+08 | T54: =T13-T18-T46-T50 -> 1.4892067e+08 | U54: =U13-U18-U46-U50 -> 1.4892067e+08 | V54: =V13-V18-V46-V50 -> 1.4892067e+08 | W54: =W13-W18-W46-W50 -> 1.4892067e+08 | ... AA54: =AA13-AA18-AA46-AA50 -> 1.4892067e+08 | AB54: =SUM(P54:AA54) -> 1.7870481e+09 | AC54: =AC13-AC18-AC46-AC50 -> 1.6248391e+08 | AD54: =AD13-AD18-AD46-AD50 -> 1.6248391e+08 | AE54: =AE13-AE18-AE46-AE50 -> 1.6248391e+08 | AF54: =AF13-AF18-AF46-AF50 -> 1.6248391e+08 | AG54: =AG13-AG18-AG46-AG50 -> 1.6248391e+08 | AH54: =AH13-AH18-AH46-AH50 -> 1.6248391e+08 | AI54: =AI13-AI18-AI46-AI50 -> 1.6248391e+08 | AJ54: =AJ13-AJ18-AJ46-AJ50 -> 1.6248391e+08 | ... AN54: =AN13-AN18-AN46-AN50 -> 1.6248391e+08 | AO54: =SUM(AC54:AN54) -> 1.9498069e+09
C55: =C54/(1+$M1/12)^(C11-1) -> -53043747 | D55: =D54/(1+$M1/12)^(D11-1) -> -46361180 | E55: =E54/(1+$M1/12)^(E11-1) -> -42838807 | F55: =F54/(1+$M1/12)^(F11-1) -> -2064333.5 | G55: =G54/(1+$M1/12)^(G11-1) -> 3314563.2 | H55: =H54/(1+$M1/12)^(H11-1) -> 8517657.4 | I55: =I54/(1+$M1/12)^(I11-1) -> 13549268 | J55: =J54/(1+$M1/12)^(J11-1) -> 18413618 | ... N55: =N54/(1+$M1/12)^(N11-1) -> 31518665 | P55: =P54/(1+$M1/12)^(P11-1) -> 1.2212708e+08 | Q55: =Q54/(1+$M1/12)^(Q11-1) -> 1.20125e+08 | R55: =R54/(1+$M1/12)^(R11-1) -> 1.1815573e+08 | S55: =S54/(1+$M1/12)^(S11-1) -> 1.1621875e+08 | T55: =T54/(1+$M1/12)^(T11-1) -> 1.1431353e+08 | U55: =U54/(1+$M1/12)^(U11-1) -> 1.1243954e+08 | V55: =V54/(1+$M1/12)^(V11-1) -> 1.1059627e+08 | W55: =W54/(1+$M1/12)^(W11-1) -> 1.0878321e+08 | ... AA55: =AA54/(1+$M1/12)^(AA11-1) -> 1.0182339e+08 | AC55: =AC54/(1+$M1/12)^(AC11-1) -> 1.0927588e+08 | AD55: =AD54/(1+$M1/12)^(AD11-1) -> 1.0748447e+08 | AE55: =AE54/(1+$M1/12)^(AE11-1) -> 1.0572243e+08 | AF55: =AF54/(1+$M1/12)^(AF11-1) -> 1.0398928e+08 | AG55: =AG54/(1+$M1/12)^(AG11-1) -> 1.0228454e+08 | AH55: =AH54/(1+$M1/12)^(AH11-1) -> 1.0060774e+08 | AI55: =AI54/(1+$M1/12)^(AI11-1) -> 98958434 | AJ55: =AJ54/(1+$M1/12)^(AJ11-1) -> 97336165 | ... AN55: =AN54/(1+$M1/12)^(AN11-1) -> 91108709

Sheet Графики

Sheet Разовые расходы
A1: Наименование | B1: Сумма
A2: Кол-Центр | B2: 100000
A3: Софт | B3: 100000
A4: Обеспечительный платёж | B4: 300000
A5: Гарантийный платёж | B5: 300000
A6: Арендный платёж | B6: 300000
A7: Парковочные места 2шт | B7: 60000
A8: Мебель | B8: =SUM(B9:B19) -> 920000
A9: Кабинет руководителя б/у | B9: 200000
A10: Кабинет бухгалтера б/у | B10: 100000
A11: Кабинет руководителя Отдела продаж б/у | B11: 100000
A12: рабочие места сотрудников б/у | B12: 100000
A13: Принтеры.МФУ б/у | B13: 50000
A14: Сейфы б/у | B14: 50000
A15: Концелярия б/у | B15: 50000
A16: ПК, мониторы б/у | B16: 100000
A17: Маркерные доски б/у | B17: 20000
A18: Мягкая мебель | B18: 100000
A19: Прочее,растения в офис | B19: 50000
A20: ИТОГО | B20: =SUM(B2:B8) -> 2080000
B21: =B20/70 -> 29714.286
